Workbook
Name TABLE: '7.1'!#REF!
Name TABLE: '9'!#REF!
Name TABLE_2: '7.1'!#REF!
Name TABLE_2: '9'!#REF!

Sheet 7.1
X1: Приложение № 7.1
T2: к приказу Минэнерго России от 24 марта 2010 г. № 114
A3: Отчет об исполнении инвестиционной программы АО "БЭС", млн. руб с НДС за II квартал 2026 года
X5: Утверждаю
X6: генеральный директор АО "БЭС"
X8: В.С. Тебиев
X10: "____"______________202 года
X11: М.П.
P13: без НДС | R13: без НДС
A14: Номер группы инвести-ционных проектов | B14: Наименование инвестиционного проекта (группы инвестиционных проектов) | D14: Остаток стоимости на начало года (с НДС) | E14: Обьем финансирования 2026 года, млн. рублей (с НДС) | O14: Освоено (закрыто актами выполненных работ) млн. рублей | Q14: Введено (оформлено актами ввода в эксплуатацию) млн. рублей | S14: Осталось профинансировать по результатам отчетного периода | T14: Отклонение | X14: Причины отклонений
E15: Всего | G15: I квартал | I15: II квартал | K15: III квартал | M15: IV квартал | T15: млн. рублей (с НДС) | U15: % | V15: в том числе за счет
E16: План | F16: Факт | G16: План | H16: Факт | I16: План | J16: Факт | K16: План | L16: Факт | M16: План | N16: Факт | O16: Всего | P16: За отчетный квартал | Q16: Всего | R16: За отчетный квартал | V16: уточнения стоимости по результатам утвержденной ПСД | W16: уточнения стоимости по результатам закупочных процедур
A17: 1 | B17: 2 | D17: 6 | E17: 7 | F17: 8 | G17: 9 | H17: 10 | I17: 11 | J17: 12 | K17: 13 | L17: 14 | M17: 15 | N17: 16 | O17: 17 | P17: 18 | Q17: 19 | R17: 20 | S17: 21 | T17: 22 | U17: 23 | V17: 24 | W17: 25 | X17: 26
A18: 0 | B18: ИТОГО по инвестиционной программе | D18: =SUM(D19:D24) -> 174.22016 | E18: =SUM(E19:E24) -> 174.22016 | F18: =SUM(F19:F24) -> 47.978656 | G18: =SUM(G19:G24) -> 0 | H18: =SUM(H19:H24) -> 0 | I18: =SUM(I19:I24) -> 47.192121 | J18: =SUM(J19:J24) -> 47.978656 | K18: =SUM(K19:K24) -> 100.17616 | ... W18: =SUM(W19:W24) -> 0 | X18: нд
A19: 0.1 | B19: Технологическое присоединение, всего | D19: =D26 -> 0 | E19: =E26 -> 0 | F19: =F26 -> 0 | G19: =G26 -> 0 | H19: =H26 -> 0 | I19: =I26 -> 0 | J19: =J26 -> 0 | K19: =K26 -> 0 | ... W19: =W26 -> 0 | X19: нд
A20: 0.2 | B20: Реконструкция, модернизация, техническое перевооружение, всего | D20: =D46 -> 174.22016 | E20: =E46 -> 174.22016 | F20: =F46 -> 47.978656 | G20: =G46 -> 0 | H20: =H46 -> 0 | I20: =I46 -> 47.192121 | J20: =J46 -> 47.978656 | K20: =K46 -> 100.17616 | ... W20: =W46 -> 0 | X20: нд
A21: 0.3 | B21: Инвестиционные проекты, реализация которых обуславливается схемами и программами перспективного развития электроэнергетики, всего | D21: =D131 -> 0 | E21: =E131 -> 0 | F21: =F131 -> 0 | G21: =G131 -> 0 | H21: =H131 -> 0 | I21: =I131 -> 0 | J21: =J131 -> 0 | K21: =K131 -> 0 | ... W21: =W131 -> 0 | X21: нд
A22: 0.4 | B22: Прочее новое строительство объектов электросетевого хозяйства, всего | D22: =D134 -> 0 | E22: =E134 -> 0 | F22: =F134 -> 0 | G22: =G134 -> 0 | H22: =H134 -> 0 | I22: =I134 -> 0 | J22: =J134 -> 0 | K22: =K134 -> 0 | ... W22: =W134 -> 0 | X22: нд
A23: 0.5 | B23: Покупка земельных участков для целей реализации инвестиционных проектов, всего | D23: =D135 -> 0 | E23: =E135 -> 0 | F23: =F135 -> 0 | G23: =G135 -> 0 | H23: =H135 -> 0 | I23: =I135 -> 0 | J23: =J135 -> 0 | K23: =K135 -> 0 | ... W23: =W135 -> 0 | X23: нд
A24: 0.6 | B24: Прочие инвестиционные проекты, всего | D24: =D136 -> 0 | E24: =E136 -> 0 | F24: =F136 -> 0 | G24: =G136 -> 0 | H24: =H136 -> 0 | I24: =I136 -> 0 | J24: =J136 -> 0 | K24: =K136 -> 0 | ... W24: =W136 -> 0 | X24: нд
A25: 1 | B25: Московская обл., Богородский г.о., г.о.Электросталь | D25: =D26+D46+D131+D134+D135+D136 -> 174.22016 | E25: =E26+E46+E131+E134+E135+E136 -> 174.22016 | F25: =F26+F46+F131+F134+F135+F136 -> 47.978656 | G25: =G26+G46+G131+G134+G135+G136 -> 0 | H25: =H26+H46+H131+H134+H135+H136 -> 0 | I25: =I26+I46+I131+I134+I135+I136 -> 47.192121 | J25: =J26+J46+J131+J134+J135+J136 -> 47.978656 | K25: =K26+K46+K131+K134+K135+K136 -> 100.17616 | ... W25: =W26+W46+W131+W134+W135+W136 -> 0 | X25: нд
A26: 1.1. | B26: Технологическое присоединение, всего, в том числе: | D26: =D27+D31+D34+D43 -> 0 | E26: =E27+E31+E34+E43 -> 0 | F26: =F27+F31+F34+F43 -> 0 | G26: =G27+G31+G34+G43 -> 0 | H26: =H27+H31+H34+H43 -> 0 | I26: =I27+I31+I34+I43 -> 0 | J26: =J27+J31+J34+J43 -> 0 | K26: =K27+K31+K34+K43 -> 0 | ... W26: =W27+W31+W34+W43 -> 0 | X26: нд
A27: 1.1.1. | B27: Технологическое присоединение энергопринимающих устройств потребителей, всего, в том числе: | D27: =SUM(D28:D30) -> 0 | E27: =SUM(E28:E30) -> 0 | F27: =SUM(F28:F30) -> 0 | G27: =SUM(G28:G30) -> 0 | H27: =SUM(H28:H30) -> 0 | I27: =SUM(I28:I30) -> 0 | J27: =SUM(J28:J30) -> 0 | K27: =SUM(K28:K30) -> 0 | ... W27: =SUM(W28:W30) -> 0 | X27: нд
A28: 1.1.1.1 | B28: Технологическое присоединение энергопринимающих устройств потребителей максимальной мощностью до 15 кВт включительно, всего | D28: 0 | E28: 0 | F28: 0 | G28: 0 | H28: 0 | I28: 0 | J28: 0 | K28: 0 | L28: 0 | M28: 0 | N28: 0 | O28: 0 | P28: 0 | Q28: 0 | R28: 0 | S28: 0 | T28: 0 | U28: 0 | V28: 0 | W28: 0 | X28: нд
A29: 1.1.1.2 | B29: Технологическое присоединение энергопринимающих устройств потребителей максимальной мощностью до 150 кВт включительно, всего | D29: 0 | E29: 0 | F29: 0 | G29: 0 | H29: 0 | I29: 0 | J29: 0 | K29: 0 | L29: 0 | M29: 0 | N29: 0 | O29: 0 | P29: 0 | Q29: 0 | R29: 0 | S29: 0 | T29: 0 | U29: 0 | V29: 0 | W29: 0 | X29: нд
A30: 1.1.1.3 | B30: Технологическое присоединение энергопринимающих устройств потребителей свыше 150 кВт, всего, в том числе: | D30: =SUM(D31:D32) -> 0 | E30: =SUM(E31:E32) -> 0 | F30: =SUM(F31:F32) -> 0 | G30: =SUM(G31:G32) -> 0 | H30: =SUM(H31:H32) -> 0 | I30: =SUM(I31:I32) -> 0 | J30: =SUM(J31:J32) -> 0 | K30: =SUM(K31:K32) -> 0 | ... W30: =SUM(W31:W32) -> 0 | X30: нд
A31: 1.1.2. | B31: Технологическое присоединение объектов электросетевого хозяйства, всего, в том числе: | D31: =SUM(D32:D33) -> 0 | E31: =SUM(E32:E33) -> 0 | F31: =SUM(F32:F33) -> 0 | G31: =SUM(G32:G33) -> 0 | H31: =SUM(H32:H33) -> 0 | I31: =SUM(I32:I33) -> 0 | J31: =SUM(J32:J33) -> 0 | K31: =SUM(K32:K33) -> 0 | ... W31: =SUM(W32:W33) -> 0 | X31: нд
A32: 1.1.2.1 | B32: Технологическое присоединение объектов электросетевого хозяйства, принадлежащих иным сетевым организациям и иным лицам, всего, в том числе: | D32: 0 | E32: 0 | F32: 0 | G32: 0 | H32: 0 | I32: 0 | J32: 0 | K32: 0 | L32: 0 | M32: 0 | N32: 0 | O32: 0 | P32: 0 | Q32: 0 | R32: 0 | S32: 0 | T32: 0 | U32: 0 | V32: 0 | W32: 0 | X32: нд
A33: 1.1.2.2 | B33: Технологическое присоединение к электрическим сетям иных сетевых организаций, всего, в том числе: | D33: 0 | E33: 0 | F33: 0 | G33: 0 | H33: 0 | I33: 0 | J33: 0 | K33: 0 | L33: 0 | M33: 0 | N33: 0 | O33: 0 | P33: 0 | Q33: 0 | R33: 0 | S33: 0 | T33: 0 | U33: 0 | V33: 0 | W33: 0 | X33: нд
A34: 1.1.3. | B34: Технологическое присоединение объектов по производству электрической энергии, всего, в том числе: | D34: =SUM(D35:D42) -> 0 | E34: =SUM(E35:E42) -> 0 | F34: =SUM(F35:F42) -> 0 | G34: =SUM(G35:G42) -> 0 | H34: =SUM(H35:H42) -> 0 | I34: =SUM(I35:I42) -> 0 | J34: =SUM(J35:J42) -> 0 | K34: =SUM(K35:K42) -> 0 | ... W34: =SUM(W35:W42) -> 0 | X34: нд
A35: 1.1.3.1 | B35: Наименование объекта по производству электрической энергии, всего, в том числе: | D35: 0 | E35: 0 | F35: 0 | G35: 0 | H35: 0 | I35: 0 | J35: 0 | K35: 0 | L35: 0 | M35: 0 | N35: 0 | O35: 0 | P35: 0 | Q35: 0 | R35: 0 | S35: 0 | T35: 0 | U35: 0 | V35: 0 | W35: 0 | X35: нд
A36: 1.1.3.1 | B36: Строительство новых объектов электросетевого хозяйства (за исключением усиления существующей электрической сети) в целях осуществления технологического присоединения объекта по производству электрической энергии, всего, в том числе: | D36: 0 | E36: 0 | F36: 0 | G36: 0 | H36: 0 | I36: 0 | J36: 0 | K36: 0 | L36: 0 | M36: 0 | N36: 0 | O36: 0 | P36: 0 | Q36: 0 | R36: 0 | S36: 0 | T36: 0 | U36: 0 | V36: 0 | W36: 0 | X36: нд
A37: 1.1.3.1 | B37: Строительство новых объектов электросетевого хозяйства для усиления электрической сети в целях осуществления технологического присоединения объекта по производству электрической энергии, всего, в том числе: | D37: 0 | E37: 0 | F37: 0 | G37: 0 | H37: 0 | I37: 0 | J37: 0 | K37: 0 | L37: 0 | M37: 0 | N37: 0 | O37: 0 | P37: 0 | Q37: 0 | R37: 0 | S37: 0 | T37: 0 | U37: 0 | V37: 0 | W37: 0 | X37: нд
A38: 1.1.3.1 | B38: Реконструкция существующих объектов электросетевого хозяйства для усиления электрической сети в целях осуществления технологического присоединения объекта по производству электрической энергии всего, в том числе: | D38: 0 | E38: 0 | F38: 0 | G38: 0 | H38: 0 | I38: 0 | J38: 0 | K38: 0 | L38: 0 | M38: 0 | N38: 0 | O38: 0 | P38: 0 | Q38: 0 | R38: 0 | S38: 0 | T38: 0 | U38: 0 | V38: 0 | W38: 0 | X38: нд
A39: 1.1.3.2 | B39: Наименование объекта по производству электрической энергии, всего, в том числе: | D39: 0 | E39: 0 | F39: 0 | G39: 0 | H39: 0 | I39: 0 | J39: 0 | K39: 0 | L39: 0 | M39: 0 | N39: 0 | O39: 0 | P39: 0 | Q39: 0 | R39: 0 | S39: 0 | T39: 0 | U39: 0 | V39: 0 | W39: 0 | X39: нд
A40: 1.1.3.2 | B40: Строительство новых объектов электросетевого хозяйства (за исключением усиления существующей электрической сети) в целях осуществления технологического присоединения объекта по производству электрической энергии, всего, в том числе: | D40: 0 | E40: 0 | F40: 0 | G40: 0 | H40: 0 | I40: 0 | J40: 0 | K40: 0 | L40: 0 | M40: 0 | N40: 0 | O40: 0 | P40: 0 | Q40: 0 | R40: 0 | S40: 0 | T40: 0 | U40: 0 | V40: 0 | W40: 0 | X40: нд
A41: 1.1.3.2 | B41: Строительство новых объектов электросетевого хозяйства для усиления электрической сети в целях осуществления технологического присоединения объекта по производству электрической энергии, всего, в том числе: | D41: 0 | E41: 0 | F41: 0 | G41: 0 | H41: 0 | I41: 0 | J41: 0 | K41: 0 | L41: 0 | M41: 0 | N41: 0 | O41: 0 | P41: 0 | Q41: 0 | R41: 0 | S41: 0 | T41: 0 | U41: 0 | V41: 0 | W41: 0 | X41: нд
A42: 1.1.3.2 | B42: Реконструкция существующих объектов электросетевого хозяйства для усиления электрической сети в целях осуществления технологического присоединения объекта по производству электрической энергии, всего, в том числе: | D42: 0 | E42: 0 | F42: 0 | G42: 0 | H42: 0 | I42: 0 | J42: 0 | K42: 0 | L42: 0 | M42: 0 | N42: 0 | O42: 0 | P42: 0 | Q42: 0 | R42: 0 | S42: 0 | T42: 0 | U42: 0 | V42: 0 | W42: 0 | X42: нд
A43: 1.1.4. | B43: Усиление электрической сети в целях осуществления технологического присоединения энергопринимающих устройств потребителей и (или) объектов электросетевого хозяйства, всего, в том числе: | D43: =SUM(D44:D45) -> 0 | E43: =SUM(E44:E45) -> 0 | F43: =SUM(F44:F45) -> 0 | G43: =SUM(G44:G45) -> 0 | H43: =SUM(H44:H45) -> 0 | I43: =SUM(I44:I45) -> 0 | J43: =SUM(J44:J45) -> 0 | K43: =SUM(K44:K45) -> 0 | ... W43: =SUM(W44:W45) -> 0 | X43: нд
A44: 1.1.4.1 | B44: Строительство новых объектов электросетевого хозяйства для усиления электрической сети в целях осуществления технологического присоединения, всего, в том числе: | D44: 0 | E44: 0 | F44: 0 | G44: 0 | H44: 0 | I44: 0 | J44: 0 | K44: 0 | L44: 0 | M44: 0 | N44: 0 | O44: 0 | P44: 0 | Q44: 0 | R44: 0 | S44: 0 | T44: 0 | U44: 0 | V44: 0 | W44: 0 | X44: нд
A45: 1.1.4.2 | B45: Реконструкция существующих объектов электросетевого хозяйства для усиления электрической сети в целях осуществления технологического присоединения, всего, в том числе: | D45: 0 | E45: 0 | F45: 0 | G45: 0 | H45: 0 | I45: 0 | J45: 0 | K45: 0 | L45: 0 | M45: 0 | N45: 0 | O45: 0 | P45: 0 | Q45: 0 | R45: 0 | S45: 0 | T45: 0 | U45: 0 | V45: 0 | W45: 0 | X45: нд
A46: 1.2. | B46: Реконструкция, модернизация, техническое перевооружение, всего, в том числе: | D46: =D47+D87+D119+D128 -> 174.22016 | E46: =E47+E87+E119+E128 -> 174.22016 | F46: =F47+F87+F119+F128 -> 47.978656 | G46: =G47+G87+G119+G128 -> 0 | H46: =H47+H87+H119+H128 -> 0 | I46: =I47+I87+I119+I128 -> 47.192121 | J46: =J47+J87+J119+J128 -> 47.978656 | K46: =K47+K87+K119+K128 -> 100.17616 | ... W46: =W47+W87+W119+W128 -> 0 | X46: нд
A47: 1.2.1. | B47: Реконструкция, модернизация, техническое перевооружение трансформаторных и иных подстанций, распределительных пунктов, всего, в том числе: | D47: =D48+D86 -> 107.42473 | E47: =E48+E86 -> 107.42473 | F47: =F48+F86 -> 47.978656 | G47: =G48+G86 -> 0 | H47: =H48+H86 -> 0 | I47: =I48+I86 -> 47.192121 | J47: =J48+J86 -> 47.978656 | K47: =K48+K86 -> 33.380737 | ... W47: =W48+W86 -> 0 | X47: нд
A48: 1.2.1.1 | B48: Реконструкция трансформаторных и иных подстанций, всего, в том числе: | D48: =SUM(D49:D85) -> 107.42473 | E48: =SUM(E49:E85) -> 107.42473 | F48: =SUM(F49:F85) -> 47.978656 | G48: =SUM(G49:G85) -> 0 | H48: =SUM(H49:H85) -> 0 | I48: =SUM(I49:I85) -> 47.192121 | J48: =SUM(J49:J85) -> 47.978656 | K48: =SUM(K49:K85) -> 33.380737 | ... T48: =SUM(T49:T85) -> 0.78653534 | U48: =J48/I48-100% -> 0.016666667 | V48: =SUM(V49:V85) -> 0 | W48: =SUM(W49:W85) -> 0 | X48: нд
A49: 1.2.1.1 | B49: Реконструкция распределительной подстанции РП-1215, с заменой (13 шт.) и увеличением кол-ва ячеек на 3шт. (до 16 шт.), Богородский г.о., г.Ногинск, ул.Трудовая | C49: O_16_РП-1215 | D49: 0 | E49: =G49+I49+K49+M49 -> 0 | F49: =H49+J49+L49+N49 -> 0 | G49: 0 | H49: 0 | I49: 0 | J49: 0 | K49: 0 | L49: 0 | M49: 0 | N49: 0 | O49: 0 | P49: 0 | Q49: 0 | R49: 0 | S49: =D49-F49 -> 0 | T49: 0 | U49: 0 | V49: 0 | W49: 0 | X49: нд
A50: 1.2.1.1 | B50: Реконструкция распределительной подстанции РП-918, с заменой (8 шт.) и увеличением кол-ва ячеек на 2 шт. (до 10 шт.), Богородский г.о., г.Старая Купавна, ул.Дорожная | C50: O_17_РП-918 | D50: 0 | E50: =G50+I50+K50+M50 -> 0 | F50: =H50+J50+L50+N50 -> 0 | G50: 0 | H50: 0 | I50: 0 | J50: 0 | K50: 0 | L50: 0 | M50: 0 | N50: 0 | O50: 0 | P50: 0 | Q50: 0 | R50: 0 | S50: =D50-F50 -> 0 | T50: 0 | U50: 0 | V50: 0 | W50: 0 | X50: нд
A51: 1.2.1.1 | B51: Реконструкция распределительной подстанции РП-131, с заменой (15 шт.) и увеличением кол-ва ячеек на 1 шт. (до 16 шт.), Богородский г.о., пос.Обухово, ул.Комбинат | C51: O_18_РП-131 | D51: 31.387322 | E51: =G51+I51+K51+M51 -> 31.387322 | F51: =H51+J51+L51+N51 -> 31.910444 | G51: 0 | H51: 0 | I51: =D51 -> 31.387322 | J51: 31.910444 | K51: 0 | L51: 0 | M51: 0 | N51: 0 | O51: 26.156102 | P51: 26.156102 | Q51: 26.156102 | R51: 26.156102 | S51: 0 | T51: =J51-I51 -> 0.52312203 | U51: =F51/E51-100% -> 0.016666667 | V51: 0 | W51: 0 | X51: Увеличение общей стоимости проекта связано с повышением ставки НДС с 20% до 22% с 1 января 2026 года (№ 425-ФЗ от 28.11.2025)
A52: 1.2.1.1 | B52: Реконструкция распределительной подстанции РП-106, с заменой (6 шт.) и увеличением кол-ва ячеек на 2 шт. (до 8 шт.), Богородский г.о., г.Ногинск, ул.2-й Речной пр-зд | C52: O_19_РП-106 | D52: 17.633973 | E52: =G52+I52+K52+M52 -> 17.633973 | F52: =H52+J52+L52+N52 -> 0 | G52: 0 | H52: 0 | I52: 0 | J52: 0 | K52: =D52 -> 17.633973 | L52: 0 | M52: 0 | N52: 0 | O52: 0 | P52: 0 | Q52: 0 | R52: 0 | S52: =D52-F52 -> 17.633973 | T52: 0 | U52: 0 | V52: 0 | W52: 0 | X52: нд
A53: 1.2.1.1 | B53: Реконструкция распределительной подстанции РП-9, с заменой (12 шт.) и увеличением кол-ва ячеек на 4 шт. (до 16 шт.), Богородский г.о., г.Ногинск, ул.Рабочая | C53: O_20_РП-9 | D53: 0 | E53: =G53+I53+K53+M53 -> 0 | F53: =H53+J53+L53+N53 -> 0 | G53: 0 | H53: 0 | I53: 0 | J53: 0 | K53: 0 | L53: 0 | M53: 0 | N53: 0 | O53: 0 | P53: 0 | Q53: 0 | R53: 0 | S53: =D53-F53 -> 0 | T53: 0 | U53: 0 | V53: 0 | W53: 0 | X53: нд
A54: 1.2.1.1 | B54: Реконструкция распределительной подстанции РП-92, с заменой (15 шт.) и увеличением кол-ва ячеек на 3 шт. (до 18 шт.), Богородский г.о., г.Ногинск, ул.Совнархозная | C54: O_21_РП-92 | D54: 0 | E54: =G54+I54+K54+M54 -> 0 | F54: =H54+J54+L54+N54 -> 0 | G54: 0 | H54: 0 | I54: 0 | J54: 0 | K54: 0 | L54: 0 | M54: 0 | N54: 0 | O54: 0 | P54: 0 | Q54: 0 | R54: 0 | S54: =D54-F54 -> 0 | T54: 0 | U54: 0 | V54: 0 | W54: 0 | X54: нд
A55: 1.2.1.1 | B55: Реконструкция распределительной подстанции РП-405, с заменой (11 шт.) и увеличением кол-ва ячеек на 5 шт. (до 16 шт.), Богоросдкий г.о., пос.им.Воровского | C55: O_22_РП-405 | D55: 0 | E55: =G55+I55+K55+M55 -> 0 | F55: =H55+J55+L55+N55 -> 0 | G55: 0 | H55: 0 | I55: 0 | J55: 0 | K55: 0 | L55: 0 | M55: 0 | N55: 0 | O55: 0 | P55: 0 | Q55: 0 | R55: 0 | S55: =D55-F55 -> 0 | T55: 0 | U55: 0 | V55: 0 | W55: 0 | X55: нд
A56: 1.2.1.1 | B56: Реконструкция оборудования РУ 6кВ РТП-86, с заменой (5 шт.) и увеличением кол-ва ячеек на 3 шт. (до 8 шт.), Богоросдкий г.о., г.Ногинск, ул.Жарова | C56: O_23_РУ РТП-86 | D56: 0 | E56: =G56+I56+K56+M56 -> 0 | F56: =H56+J56+L56+N56 -> 0 | G56: 0 | H56: 0 | I56: 0 | J56: 0 | K56: 0 | L56: 0 | M56: 0 | N56: 0 | O56: 0 | P56: 0 | Q56: 0 | R56: 0 | S56: =D56-F56 -> 0 | T56: 0 | U56: 0 | V56: 0 | W56: 0 | X56: нд
A57: 1.2.1.1 | B57: Реконструкция распределительной подстанции РП-50, с заменой (10 шт.) и увеличением кол-ва ячеек на 6 шт. (до 16 шт.), Богоросдкий г.о., г.Ногинск, ул.Климова | C57: O_24_РП-50 | D57: 0 | E57: =G57+I57+K57+M57 -> 0 | F57: =H57+J57+L57+N57 -> 0 | G57: 0 | H57: 0 | I57: 0 | J57: 0 | K57: 0 | L57: 0 | M57: 0 | N57: 0 | O57: 0 | P57: 0 | Q57: 0 | R57: 0 | S57: =D57-F57 -> 0 | T57: 0 | U57: 0 | V57: 0 | W57: 0 | X57: нд
A58: 1.2.1.1 | B58: Реконструкция трансформаторной подстанции ТП-932, с увеличением трансформаторной мощности с 2х630 до 2х1000 кВА, Богородский г.о., г.Старая Купавна ул.Дорожная | C58: O_25_ТП-932 | D58: 0 | E58: =G58+I58+K58+M58 -> 0 | F58: =H58+J58+L58+N58 -> 0 | G58: 0 | H58: 0 | I58: 0 | J58: 0 | K58: 0 | L58: 0 | M58: 0 | N58: 0 | O58: 0 | P58: 0 | Q58: 0 | R58: 0 | S58: =D58-F58 -> 0 | T58: 0 | U58: 0 | V58: 0 | W58: 0 | X58: нд
A59: 1.2.1.1 | B59: Реконструкция трансформаторной подстанции ТП-84 с увеличением трансформаторной мощности с 2х400 на 2х630 кВА, Богородский г.о., г.Ногинск, Электростальское ш. | C59: O_26_ТП-84 | D59: 0 | E59: =G59+I59+K59+M59 -> 0 | F59: =H59+J59+L59+N59 -> 0 | G59: 0 | H59: 0 | I59: 0 | J59: 0 | K59: 0 | L59: 0 | M59: 0 | N59: 0 | O59: 0 | P59: 0 | Q59: 0 | R59: 0 | S59: =D59-F59 -> 0 | T59: 0 | U59: 0 | V59: 0 | W59: 0 | X59: нд
A60: 1.2.1.1 | B60: Реконструкция трансформаторной подстанции ТП-195 с увеличением трансформаторной мощности с 2х250 на 2х630 кВА, Богородский г.о., г.Ногинск, ул.III Интернационала | C60: O_27_ТП-195 | D60: 15.804799 | E60: =G60+I60+K60+M60 -> 15.804799 | F60: =H60+J60+L60+N60 -> 16.068212 | G60: 0 | H60: 0 | I60: =D60 -> 15.804799 | J60: 16.068212 | K60: 0 | L60: 0 | M60: 0 | N60: 0 | O60: 13.170666 | P60: 13.170666 | Q60: 13.170666 | R60: 13.170666 | S60: 0 | T60: =J60-I60 -> 0.26341331 | U60: =F60/E60-100% -> 0.016666667 | V60: 0 | W60: 0 | X60: Увеличение общей стоимости проекта связано с повышением ставки НДС с 20% до 22% с 1 января 2026 года (№ 425-ФЗ от 28.11.2025)
A61: 1.2.1.1 | B61: Реконструкция трансформаторной подстанции ТП-728 с увеличением трансформаторной мощности с 2х400 на 2х630 кВА, Богородский г.о., г.Ногинск, ул.Ильича | C61: O_28_ТП-728 | D61: 15.858625 | E61: =G61+I61+K61+M61 -> 15.858625 | F61: =H61+J61+L61+N61 -> 0 | G61: 0 | H61: 0 | I61: 0 | J61: 0 | K61: 0 | L61: 0 | M61: =D61 -> 15.858625 | N61: 0 | O61: 0 | P61: 0 | Q61: 0 | R61: 0 | S61: =D61-F61 -> 15.858625 | T61: 0 | U61: 0 | V61: 0 | W61: 0 | X61: нд
A62: 1.2.1.1 | B62: Реконструкция трансформаторной подстанции ТП-240 с увеличением трансформаторной мощности с 2х400 на 2х630 кВА, Богородский г.о., п.Обухово | C62: O_29_ТП-240 | D62: 0 | E62: =G62+I62+K62+M62 -> 0 | F62: =H62+J62+L62+N62 -> 0 | G62: 0 | H62: 0 | I62: 0 | J62: 0 | K62: 0 | L62: 0 | M62: 0 | N62: 0 | O62: 0 | P62: 0 | Q62: 0 | R62: 0 | S62: =D62-F62 -> 0 | T62: 0 | U62: 0 | V62: 0 | W62: 0 | X62: нд
A63: 1.2.1.1 | B63: Реконструкция трансформаторной подстанции ТП-181 с увеличением трансформаторной мощности с 2х400 на 2х630 кВА, Богородский г.о., г.Электроугли, ул.Полевая | C63: O_30_ТП-181 | D63: 0 | E63: =G63+I63+K63+M63 -> 0 | F63: =H63+J63+L63+N63 -> 0 | G63: 0 | H63: 0 | I63: 0 | J63: 0 | K63: 0 | L63: 0 | M63: 0 | N63: 0 | O63: 0 | P63: 0 | Q63: 0 | R63: 0 | S63: =D63-F63 -> 0 | T63: 0 | U63: 0 | V63: 0 | W63: 0 | X63: нд
A64: 1.2.1.1 | B64: Реконструкция трансформаторной подстанции ТП-187 с увеличением трансформаторной мощности с 2х250 на 2х630 кВА, Богородский г.о., г.Электроугли, ул.Парковая | C64: O_31_ТП-187 | D64: 0 | E64: =G64+I64+K64+M64 -> 0 | F64: =H64+J64+L64+N64 -> 0 | G64: 0 | H64: 0 | I64: 0 | J64: 0 | K64: 0 | L64: 0 | M64: 0 | N64: 0 | O64: 0 | P64: 0 | Q64: 0 | R64: 0 | S64: =D64-F64 -> 0 | T64: 0 | U64: 0 | V64: 0 | W64: 0 | X64: нд
A65: 1.2.1.1 | B65: Реконструкция трансформаторной подстанции ТП-87 с увеличением трансформаторной мощности с 2х250 на 2х630 кВА, Богородский г.о., г.Ногинск, ул.Ново-Владимирская | C65: O_32_ТП-87 | D65: 0 | E65: =G65+I65+K65+M65 -> 0 | F65: =H65+J65+L65+N65 -> 0 | G65: 0 | H65: 0 | I65: 0 | J65: 0 | K65: 0 | L65: 0 | M65: 0 | N65: 0 | O65: 0 | P65: 0 | Q65: 0 | R65: 0 | S65: =D65-F65 -> 0 | T65: 0 | U65: 0 | V65: 0 | W65: 0 | X65: нд
A66: 1.2.1.1 | B66: Реконструкция трансформаторной подстанции ТП-518 с увеличением трансформаторной мощности с 2х400 на 2х630 кВА, Богородский г.о., г.Ногинск, Электростальское ш. | C66: O_33_ТП-518 | D66: 0 | E66: =G66+I66+K66+M66 -> 0 | F66: =H66+J66+L66+N66 -> 0 | G66: 0 | H66: 0 | I66: 0 | J66: 0 | K66: 0 | L66: 0 | M66: 0 | N66: 0 | O66: 0 | P66: 0 | Q66: 0 | R66: 0 | S66: =D66-F66 -> 0 | T66: 0 | U66: 0 | V66: 0 | W66: 0 | X66: нд
A67: 1.2.1.1 | B67: Реконструкция трансформаторной подстанции ТП-15 с увеличением трансформаторной мощности с 2х180 на 2х630 кВА, Богородский г.о., г.Ногинск, ул.Трудовая | C67: O_34_ТП-15 | D67: 0 | E67: =G67+I67+K67+M67 -> 0 | F67: =H67+J67+L67+N67 -> 0 | G67: 0 | H67: 0 | I67: 0 | J67: 0 | K67: 0 | L67: 0 | M67: 0 | N67: 0 | O67: 0 | P67: 0 | Q67: 0 | R67: 0 | S67: =D67-F67 -> 0 | T67: 0 | U67: 0 | V67: 0 | W67: 0 | X67: нд
A68: 1.2.1.1 | B68: Реконструкция трансформаторной подстанции ТП-528 с увеличением трансформаторной мощности с 250 на 630 кВА, Богородский г.о., г.Ногинск, ул.Затишье | C68: O_35_КТП-528 | D68: 0 | E68: =G68+I68+K68+M68 -> 0 | F68: =H68+J68+L68+N68 -> 0 | G68: 0 | H68: 0 | I68: 0 | J68: 0 | K68: 0 | L68: 0 | M68: 0 | N68: 0 | O68: 0 | P68: 0 | Q68: 0 | R68: 0 | S68: =D68-F68 -> 0 | T68: 0 | U68: 0 | V68: 0 | W68: 0 | X68: нд
A69: 1.2.1.1 | B69: Реконструкция трансформаторной подстанции ТП-803 с увеличением трансформаторной мощности с 250 на 630 кВА, г.о.Электросталь, пос.Новые Дома | C69: O_36_КТП-803 | D69: 0 | E69: =G69+I69+K69+M69 -> 0 | F69: =H69+J69+L69+N69 -> 0 | G69: 0 | H69: 0 | I69: 0 | J69: 0 | K69: 0 | L69: 0 | M69: 0 | N69: 0 | O69: 0 | P69: 0 | Q69: 0 | R69: 0 | S69: =D69-F69 -> 0 | T69: 0 | U69: 0 | V69: 0 | W69: 0 | X69: нд
A70: 1.2.1.1 | B70: Реконструкция трансформаторной подстанции ТП-804 с увеличением трансформаторной мощности с 400 на 630 кВА, г.о.Электросталь, пос.Новые Дома | C70: O_37_КТП-804 | D70: 0 | E70: =G70+I70+K70+M70 -> 0 | F70: =H70+J70+L70+N70 -> 0 | G70: 0 | H70: 0 | I70: 0 | J70: 0 | K70: 0 | L70: 0 | M70: 0 | N70: 0 | O70: 0 | P70: 0 | Q70: 0 | R70: 0 | S70: =D70-F70 -> 0 | T70: 0 | U70: 0 | V70: 0 | W70: 0 | X70: нд
A71: 1.2.1.1 | B71: Реконструкция трансформаторной подстанции ТП-142 с увеличением трансформаторной мощности с 180 на 630 кВА, Богородский г.о., г.Электроугли, ул.Вокзальная | C71: O_38_КТП-142 | D71: 0 | E71: =G71+I71+K71+M71 -> 0 | F71: =H71+J71+L71+N71 -> 0 | G71: 0 | H71: 0 | I71: 0 | J71: 0 | K71: 0 | L71: 0 | M71: 0 | N71: 0 | O71: 0 | P71: 0 | Q71: 0 | R71: 0 | S71: =D71-F71 -> 0 | T71: 0 | U71: 0 | V71: 0 | W71: 0 | X71: нд
A72: 1.2.1.1 | B72: Реконструкция трансформаторной подстанции ТП-540 с увеличением трансформаторной мощности с 400 на 630 кВА, Богородский г.о., д.Пешково, ул.Гречишкина | C72: O_39_КТП-540 | D72: 5.4966256 | E72: =G72+I72+K72+M72 -> 5.4966256 | F72: =H72+J72+L72+N72 -> 0 | G72: 0 | H72: 0 | I72: 0 | J72: 0 | K72: 0 | L72: 0 | M72: =D72 -> 5.4966256 | N72: 0 | O72: 0 | P72: 0 | Q72: 0 | R72: 0 | S72: =D72-F72 -> 5.4966256 | T72: 0 | U72: 0 | V72: 0 | W72: 0 | X72: нд
A73: 1.2.1.1 | B73: Реконструкция трансформаторной подстанции ТП-88 с увеличением трансформаторной мощности с 320 на 630 кВА, Богородский г.о., г.Электроугли, ул.Малое Васильево | C73: O_40_КТП-88 | D73: 0 | E73: =G73+I73+K73+M73 -> 0 | F73: =H73+J73+L73+N73 -> 0 | G73: 0 | H73: 0 | I73: 0 | J73: 0 | K73: 0 | L73: 0 | M73: 0 | N73: 0 | O73: 0 | P73: 0 | Q73: 0 | R73: 0 | S73: =D73-F73 -> 0 | T73: 0 | U73: 0 | V73: 0 | W73: 0 | X73: нд
A74: 1.2.1.1 | B74: Реконструкция трансформаторной подстанции ТП-116 с увеличением трансформаторной мощности с 180 на 630 кВА, Богородский г.о., г.Электроугли, ул.Большое Васильево | C74: O_41_КТП-116 | D74: 0 | E74: =G74+I74+K74+M74 -> 0 | F74: =H74+J74+L74+N74 -> 0 | G74: 0 | H74: 0 | I74: 0 | J74: 0 | K74: 0 | L74: 0 | M74: 0 | N74: 0 | O74: 0 | P74: 0 | Q74: 0 | R74: 0 | S74: =D74-F74 -> 0 | T74: 0 | U74: 0 | V74: 0 | W74: 0 | X74: нд
A75: 1.2.1.1 | B75: Реконструкция трансформаторной подстанции ТП-559 с увеличением трансформаторной мощности с 400 на 630 кВА, Богородский г.о., г.Электроугли, ул.Дубнинская | C75: O_42_КТП-559 | D75: 0 | E75: =G75+I75+K75+M75 -> 0 | F75: =H75+J75+L75+N75 -> 0 | G75: 0 | H75: 0 | I75: 0 | J75: 0 | K75: 0 | L75: 0 | M75: 0 | N75: 0 | O75: 0 | P75: 0 | Q75: 0 | R75: 0 | S75: =D75-F75 -> 0 | T75: 0 | U75: 0 | V75: 0 | W75: 0 | X75: нд
A76: 1.2.1.1 | B76: Реконструкция трансформаторной подстанции ТП-148 с увеличением трансформаторной мощности с 400 на 630 кВА, Богородский г.о., д.Вишняково | C76: O_43_КТП-148 | D76: 5.4966256 | E76: =G76+I76+K76+M76 -> 5.4966256 | F76: =H76+J76+L76+N76 -> 0 | G76: 0 | H76: 0 | I76: 0 | J76: 0 | K76: 0 | L76: 0 | M76: =D76 -> 5.4966256 | N76: 0 | O76: 0 | P76: 0 | Q76: 0 | R76: 0 | S76: =D76-F76 -> 5.4966256 | T76: 0 | U76: 0 | V76: 0 | W76: 0 | X76: нд
A77: 1.2.1.1 | B77: Реконструкция трансформаторной подстанции ТП-462 с увеличением трансформаторной мощности с 250 на 630 кВА, Богородский г.о., д.Булгаково | C77: O_44_КТП-462 | D77: 0 | E77: =G77+I77+K77+M77 -> 0 | F77: =H77+J77+L77+N77 -> 0 | G77: 0 | H77: 0 | I77: 0 | J77: 0 | K77: 0 | L77: 0 | M77: 0 | N77: 0 | O77: 0 | P77: 0 | Q77: 0 | R77: 0 | S77: =D77-F77 -> 0 | T77: 0 | U77: 0 | V77: 0 | W77: 0 | X77: нд
A78: 1.2.1.1 | B78: Реконструкция трансформаторной подстанции ТП-412 с увеличением трансформаторной мощности с 160 на 630 кВА, Богородский г.о., пос.им.Воровского | C78: O_45_КТП-412 | D78: 0 | E78: =G78+I78+K78+M78 -> 0 | F78: =H78+J78+L78+N78 -> 0 | G78: 0 | H78: 0 | I78: 0 | J78: 0 | K78: 0 | L78: 0 | M78: 0 | N78: 0 | O78: 0 | P78: 0 | Q78: 0 | R78: 0 | S78: =D78-F78 -> 0 | T78: 0 | U78: 0 | V78: 0 | W78: 0 | X78: нд
A79: 1.2.1.1 | B79: Реконструкция трансформаторной подстанции ТП-973 с увеличением трансформаторной мощности с 160 на 630 кВА, Богородский г.о., д.Шульгино | C79: O_46_КТП-973 | D79: 0 | E79: =G79+I79+K79+M79 -> 0 | F79: =H79+J79+L79+N79 -> 0 | G79: 0 | H79: 0 | I79: 0 | J79: 0 | K79: 0 | L79: 0 | M79: 0 | N79: 0 | O79: 0 | P79: 0 | Q79: 0 | R79: 0 | S79: =D79-F79 -> 0 | T79: 0 | U79: 0 | V79: 0 | W79: 0 | X79: нд
A80: 1.2.1.1 | B80: Реконструкция трансформаторной подстанции ТП-654 с увеличением трансформаторной мощности с 180 на 630 кВА, Богородский г.о., г.Ногинск | C80: O_47_КТП-654 | D80: 0 | E80: =G80+I80+K80+M80 -> 0 | F80: =H80+J80+L80+N80 -> 0 | G80: 0 | H80: 0 | I80: 0 | J80: 0 | K80: 0 | L80: 0 | M80: 0 | N80: 0 | O80: 0 | P80: 0 | Q80: 0 | R80: 0 | S80: =D80-F80 -> 0 | T80: 0 | U80: 0 | V80: 0 | W80: 0 | X80: нд
A81: 1.2.1.1 | B81: Реконструкция трансформаторной подстанции ТП-720 с увеличением трансформаторной мощности с 400 на 630 кВА, Богородский г.о., г.Ногинск | C81: O_48_КТП-720 | D81: 0 | E81: =G81+I81+K81+M81 -> 0 | F81: =H81+J81+L81+N81 -> 0 | G81: 0 | H81: 0 | I81: 0 | J81: 0 | K81: 0 | L81: 0 | M81: 0 | N81: 0 | O81: 0 | P81: 0 | Q81: 0 | R81: 0 | S81: =D81-F81 -> 0 | T81: 0 | U81: 0 | V81: 0 | W81: 0 | X81: нд
A82: 1.2.1.1 | B82: Реконструкция трансформаторной подстанции ТП-743 с увеличением трансформаторной мощности с 160 на 630 кВА, Богородский г.о., г.Ногинск | C82: O_49_КТП-743 | D82: 0 | E82: =G82+I82+K82+M82 -> 0 | F82: =H82+J82+L82+N82 -> 0 | G82: 0 | H82: 0 | I82: 0 | J82: 0 | K82: 0 | L82: 0 | M82: 0 | N82: 0 | O82: 0 | P82: 0 | Q82: 0 | R82: 0 | S82: =D82-F82 -> 0 | T82: 0 | U82: 0 | V82: 0 | W82: 0 | X82: нд
A83: 1.2.1.1 | B83: Реконструкция КРУН-Прогресс с заменой (3 шт.) и увеличением кол-ва ячеек на 1 шт. (до 4 шт.), Богородский г.о., г.Старая Купавна, ул.Советская | C83: O_50_КРУНПрогресс | D83: 0 | E83: =G83+I83+K83+M83 -> 0 | F83: =H83+J83+L83+N83 -> 0 | G83: 0 | H83: 0 | I83: 0 | J83: 0 | K83: 0 | L83: 0 | M83: 0 | N83: 0 | O83: 0 | P83: 0 | Q83: 0 | R83: 0 | S83: =D83-F83 -> 0 | T83: 0 | U83: 0 | V83: 0 | W83: 0 | X83: нд
A84: 1.2.1.1 | B84: Реконструкция КРУН-378 с заменой (1 шт.) и увеличением кол-ва ячеек на 1 шт. (до 2 шт.), Богородский г.о., пос.им.Воровского СНТ "Первомаец" | C84: O_51_КРУН378 | D84: 7.873382 | E84: =G84+I84+K84+M84 -> 7.873382 | F84: =H84+J84+L84+N84 -> 0 | G84: 0 | H84: 0 | I84: 0 | J84: 0 | K84: =D84 -> 7.873382 | L84: 0 | M84: 0 | N84: 0 | O84: 0 | P84: 0 | Q84: 0 | R84: 0 | S84: =D84-F84 -> 7.873382 | T84: 0 | U84: 0 | V84: 0 | W84: 0 | X84: нд
A85: 1.2.1.1 | B85: Реконструкция КРУН-341 с заменой (1 шт.) и увеличением кол-ва ячеек на 1шт. (до 2 шт.), Богородский г.о., пос.им.Воровского, ул.Нижняя | C85: O_52_КРУН341 | D85: 7.873382 | E85: =G85+I85+K85+M85 -> 7.873382 | F85: =H85+J85+L85+N85 -> 0 | G85: 0 | H85: 0 | I85: 0 | J85: 0 | K85: =D85 -> 7.873382 | L85: 0 | M85: 0 | N85: 0 | O85: 0 | P85: 0 | Q85: 0 | R85: 0 | S85: =D85-F85 -> 7.873382 | T85: 0 | U85: 0 | V85: 0 | W85: 0 | X85: нд
A86: 1.2.1.2 | B86: Модернизация, техническое перевооружение трансформаторных и иных подстанций, распределительных пунктов, всего, в том числе: | D86: 0 | E86: 0 | F86: 0 | G86: 0 | H86: 0 | I86: 0 | J86: 0 | K86: 0 | L86: 0 | M86: 0 | N86: 0 | O86: 0 | P86: 0 | Q86: 0 | R86: 0 | S86: =D86-F86 -> 0 | T86: 0 | U86: 0 | V86: 0 | W86: 0 | X86: нд
A87: 1.2.2. | B87: Реконструкция, модернизация, техническое перевооружение линий электропередачи, всего, в том числе: | D87: =D88+D118 -> 66.795422 | E87: =E88+E118 -> 66.795422 | F87: =F88+F118 -> 0 | G87: =G88+G118 -> 0 | H87: =H88+H118 -> 0 | I87: =I88+I118 -> 0 | J87: =J88+J118 -> 0 | K87: =K88+K118 -> 66.795422 | ... W87: =W88+W118 -> 0 | X87: нд
A88: 1.2.2.1 | B88: Реконструкция линий электропередачи, всего, в том числе: | D88: =SUM(D89:D117) -> 66.795422 | E88: =SUM(E89:E117) -> 66.795422 | F88: =SUM(F89:F117) -> 0 | G88: =SUM(G89:G117) -> 0 | H88: =SUM(H89:H117) -> 0 | I88: =SUM(I89:I117) -> 0 | J88: =SUM(J89:J117) -> 0 | K88: =SUM(K89:K117) -> 66.795422 | ... W88: =SUM(W89:W117) -> 0 | X88: нд
A89: 1.2.2.1 | B89: Реконструкция кабельной линии КЛ 6кВ ТП-925 - ТП-966, Богородский г.о., г.Старая Купавна (2 км) | C89: O_53_КЛ-6 ТП925-ТП966 | D89: 16.294839 | E89: =G89+I89+K89+M89 -> 16.294839 | F89: =H89+J89+L89+N89 -> 0 | G89: 0 | H89: 0 | I89: 0 | J89: 0 | K89: =D89 -> 16.294839 | L89: 0 | M89: 0 | N89: 0 | O89: 0 | P89: 0 | Q89: 0 | R89: 0 | S89: =D89-F89 -> 16.294839 | T89: 0 | U89: 0 | V89: 0 | W89: 0 | X89: нд
A90: 1.2.2.1 | B90: Реконструкция кабельной линии КЛ 6кВ ТП-927 - ТП-966, Богородский г.о., г.Старая Купавна (1,7 км) | C90: O_54_КЛ-6 ТП927-ТП966 | D90: 13.821241 | E90: =G90+I90+K90+M90 -> 13.821241 | F90: =H90+J90+L90+N90 -> 0 | G90: 0 | H90: 0 | I90: 0 | J90: 0 | K90: =D90 -> 13.821241 | L90: 0 | M90: 0 | N90: 0 | O90: 0 | P90: 0 | Q90: 0 | R90: 0 | S90: =D90-F90 -> 13.821241 | T90: 0 | U90: 0 | V90: 0 | W90: 0 | X90: нд
A91: 1.2.2.1 | B91: Реконструкция кабельной линии КЛ 6кВ ЦРП-А - ТП-917, Богородский г.о., г.Старая Купавна (1,2 км) | C91: O_55_КЛ-6 ЦРП-А-ТП917 | D91: 12.961726 | E91: =G91+I91+K91+M91 -> 12.961726 | F91: =H91+J91+L91+N91 -> 0 | G91: 0 | H91: 0 | I91: 0 | J91: 0 | K91: =D91 -> 12.961726 | L91: 0 | M91: 0 | N91: 0 | O91: 0 | P91: 0 | Q91: 0 | R91: 0 | S91: =D91-F91 -> 12.961726 | T91: 0 | U91: 0 | V91: 0 | W91: 0 | X91: нд
A92: 1.2.2.1 | B92: Реконструкция кабельной линии КЛ 6кВ ТП-803 - ТП-804, г.о.Электросталь, пос.Новые Дома (0,4 км) | C92: O_56_КЛ-6 ТП803-ТП804 | D92: 0 | E92: =G92+I92+K92+M92 -> 0 | F92: =H92+J92+L92+N92 -> 0 | G92: 0 | H92: 0 | I92: 0 | J92: 0 | K92: 0 | L92: 0 | M92: 0 | N92: 0 | O92: 0 | P92: 0 | Q92: 0 | R92: 0 | S92: =D92-F92 -> 0 | T92: 0 | U92: 0 | V92: 0 | W92: 0 | X92: нд
A93: 1.2.2.1 | B93: Реконструкция кабельной линии КЛ 6кВ ТП-910 - ТП-917, Богородский г.о.,г.Старая Купавна (0,9 км) | C93: O_57_КЛ-6 ТП910-ТП917 | D93: 0 | E93: =G93+I93+K93+M93 -> 0 | F93: =H93+J93+L93+N93 -> 0 | G93: 0 | H93: 0 | I93: 0 | J93: 0 | K93: 0 | L93: 0 | M93: 0 | N93: 0 | O93: 0 | P93: 0 | Q93: 0 | R93: 0 | S93: =D93-F93 -> 0 | T93: 0 | U93: 0 | V93: 0 | W93: 0 | X93: нд
A94: 1.2.2.1 | B94: Реконструкция кабельной линии КЛ 6кВ ТП-966 - ТП-967, Богородский г.о.,г.Старая Купавна (0,35 км) | C94: O_58_КЛ-6 ТП966-ТП967 | D94: 0 | E94: =G94+I94+K94+M94 -> 0 | F94: =H94+J94+L94+N94 -> 0 | G94: 0 | H94: 0 | I94: 0 | J94: 0 | K94: 0 | L94: 0 | M94: 0 | N94: 0 | O94: 0 | P94: 0 | Q94: 0 | R94: 0 | S94: =D94-F94 -> 0 | T94: 0 | U94: 0 | V94: 0 | W94: 0 | X94: нд
A95: 1.2.2.1 | B95: Реконструкция кабельной линии КЛ 6кВ ТП-540 - ТП-646, Богородский г.о., г.Ногинск, д.Пешково (1,35 км) | C95: O_59_КЛ-6 ТП540-ТП646 | D95: 8.8227219 | E95: =G95+I95+K95+M95 -> 8.8227219 | F95: =H95+J95+L95+N95 -> 0 | G95: 0 | H95: 0 | I95: 0 | J95: 0 | K95: =D95 -> 8.8227219 | L95: 0 | M95: 0 | N95: 0 | O95: 0 | P95: 0 | Q95: 0 | R95: 0 | S95: =D95-F95 -> 8.8227219 | T95: 0 | U95: 0 | V95: 0 | W95: 0 | X95: нд
A96: 1.2.2.1 | B96: Реконструкция кабельной линии КЛ 6кВ ТП-518 - ТП-654, Богородский г.о., г.Ногинск (0,79 км) | C96: O_60_КЛ-6 ТП518-ТП654 | D96: 0 | E96: =G96+I96+K96+M96 -> 0 | F96: =H96+J96+L96+N96 -> 0 | G96: 0 | H96: 0 | I96: 0 | J96: 0 | K96: 0 | L96: 0 | M96: 0 | N96: 0 | O96: 0 | P96: 0 | Q96: 0 | R96: 0 | S96: =D96-F96 -> 0 | T96: 0 | U96: 0 | V96: 0 | W96: 0 | X96: нд
A97: 1.2.2.1 | B97: Реконструкция кабельной линии КЛ 6кВ ТП-720 - ТП-743, Богородский г.о., г.Ногинск (0,85 км) | C97: O_61_КЛ-6 ТП720-ТП743 | D97: 0 | E97: =G97+I97+K97+M97 -> 0 | F97: =H97+J97+L97+N97 -> 0 | G97: 0 | H97: 0 | I97: 0 | J97: 0 | K97: 0 | L97: 0 | M97: 0 | N97: 0 | O97: 0 | P97: 0 | Q97: 0 | R97: 0 | S97: =D97-F97 -> 0 | T97: 0 | U97: 0 | V97: 0 | W97: 0 | X97: нд
A98: 1.2.2.1 | B98: Реконструкция кабельной линии КЛ 6кВ ТП-928 - ТП-929, Богородский г.о., г.Старая Купавна (1,31 км) | C98: O_62_КЛ-6 ТП928-ТП929 | D98: 0 | E98: =G98+I98+K98+M98 -> 0 | F98: =H98+J98+L98+N98 -> 0 | G98: 0 | H98: 0 | I98: 0 | J98: 0 | K98: 0 | L98: 0 | M98: 0 | N98: 0 | O98: 0 | P98: 0 | Q98: 0 | R98: 0 | S98: =D98-F98 -> 0 | T98: 0 | U98: 0 | V98: 0 | W98: 0 | X98: нд
A99: 1.2.2.1 | B99: Реконструкция кабельной линии КЛ 6кВ ТП-46 - ТП-514, Богородский г.о., г.Ногинск (0,69 км) | C99: O_63_КЛ-6 ТП46-ТП514 | D99: 0 | E99: =G99+I99+K99+M99 -> 0 | F99: =H99+J99+L99+N99 -> 0 | G99: 0 | H99: 0 | I99: 0 | J99: 0 | K99: 0 | L99: 0 | M99: 0 | N99: 0 | O99: 0 | P99: 0 | Q99: 0 | R99: 0 | S99: =D99-F99 -> 0 | T99: 0 | U99: 0 | V99: 0 | W99: 0 | X99: нд
A100: 1.2.2.1 | B100: Реконструкция кабельной линии КЛ 6кВ РП-561 - ТП-889, Богородский г.о., г.Ногинск (п.Красный Электрик - п.Бензоколонка) (5,2 км) | C100: O_64_КЛ-6 РП561-ТП889 | D100: 0 | E100: =G100+I100+K100+M100 -> 0 | F100: =H100+J100+L100+N100 -> 0 | G100: 0 | H100: 0 | I100: 0 | J100: 0 | K100: 0 | L100: 0 | M100: 0 | N100: 0 | O100: 0 | P100: 0 | Q100: 0 | R100: 0 | S100: =D100-F100 -> 0 | T100: 0 | U100: 0 | V100: 0 | W100: 0 | X100: нд
A101: 1.2.2.1 | B101: Реконструкция кабельной линии КЛ 6кВ КРУН-21 - РП-267 с установкой КРУН (РП), Богородский г.о., п.Обухово (5,5 км) | C101: O_65_КЛ-6 КРУН21-РП267 | D101: 0 | E101: =G101+I101+K101+M101 -> 0 | F101: =H101+J101+L101+N101 -> 0 | G101: 0 | H101: 0 | I101: 0 | J101: 0 | K101: 0 | L101: 0 | M101: 0 | N101: 0 | O101: 0 | P101: 0 | Q101: 0 | R101: 0 | S101: =D101-F101 -> 0 | T101: 0 | U101: 0 | V101: 0 | W101: 0 | X101: нд
A102: 1.2.2.1 | B102: Реконструкция кабельной линии КЛ 6кВ ТП-183 - ТП-737 с установкой КРУН в направлении к ТП-731, Богородский г.о., г.Ногинск (1,6 км) | C102: O_66_КЛ-6 ТП183-ТП737 | D102: 0 | E102: =G102+I102+K102+M102 -> 0 | F102: =H102+J102+L102+N102 -> 0 | G102: 0 | H102: 0 | I102: 0 | J102: 0 | K102: 0 | L102: 0 | M102: 0 | N102: 0 | O102: 0 | P102: 0 | Q102: 0 | R102: 0 | S102: =D102-F102 -> 0 | T102: 0 | U102: 0 | V102: 0 | W102: 0 | X102: нд
A103: 1.2.2.1 | B103: Реконструкция кабельной линии КЛ 6кВ РП-286 - опора ВЛ в направлении КРУН-263 с установкой КРУН, Богородский г.о., г.Электроугли (1,01 км) | C103: O_67_КЛ-6 РП286-КРУН263-опора | D103: 0 | E103: =G103+I103+K103+M103 -> 0 | F103: =H103+J103+L103+N103 -> 0 | G103: 0 | H103: 0 | I103: 0 | J103: 0 | K103: 0 | L103: 0 | M103: 0 | N103: 0 | O103: 0 | P103: 0 | Q103: 0 | R103: 0 | S103: =D103-F103 -> 0 | T103: 0 | U103: 0 | V103: 0 | W103: 0 | X103: нд
A104: 1.2.2.1 | B104: Реконструкция кабельной линии КЛ 10кВ ТП-314 - ТП-1410, Богородский г.о., пос.им.Воровского (1,9 км) | C104: O_68_КЛ-10 ТП314-ТП1410 | D104: 0 | E104: =G104+I104+K104+M104 -> 0 | F104: =H104+J104+L104+N104 -> 0 | G104: 0 | H104: 0 | I104: 0 | J104: 0 | K104: 0 | L104: 0 | M104: 0 | N104: 0 | O104: 0 | P104: 0 | Q104: 0 | R104: 0 | S104: =D104-F104 -> 0 | T104: 0 | U104: 0 | V104: 0 | W104: 0 | X104: нд
...

Sheet 7.2
AJ1: Приложение № 7.2
AF2: к приказу Минэнерго России от 24 марта 2010 г. № 114
A4: Отчет об исполнении основных этапов работ по реализации инвестиционной программы АО "БЭС" в 2 квартале 2026 года
AJ5: Утверждаю
AJ6: генеральный директор АО "БЭС"
AJ8: В.С. Тебиев
AJ10: "____"______________202 года
AJ11: М.П.
A13: №№ | B13: Наименование объекта | D13: Плановый объем финансирования, млн. руб. | I13: Фактически профинансировано, млн. руб. | N13: Отклонение фактической стоимости работ от плановой стоимости, млн. руб. | S13: Фактически освоено (закрыто актами выполненных работ), млн. руб. | X13: Технические характеристики созданных объектов
X14: Генерирующие объекты | AB14: Подстанции | AF14: Линии электропередачи | AK14: Иные объекты, шт.
D15: Всего, в том числе: | E15: проектно-изыскательские работы | F15: строительные работы, реконструкция, монтаж оборудования | G15: оборудование и материалы | H15: прочие затраты | I15: Всего, в том числе: | J15: проектно-изыскательские работы | K15: строительные работы, реконструкция, монтаж оборудования | L15: оборудование и материалы | M15: прочие затраты | N15: Всего, в том числе: | O15: проектно-изыскательские работы | P15: строительные работы, реконструкция, монтаж оборудования | Q15: оборудование и материалы | R15: прочие затраты | S15: Всего, в том числе: | T15: проектно-изыскательские работы | U15: строительные работы, реконструкция, монтаж оборудования | V15: оборудование и материалы | W15: прочие затраты | X15: Год ввода в эксплуатацию | Y15: Нормативный срок службы | Z15: Мощность, МВт | AA15: Тепловая энергия Гкал/час | AB15: Год ввода в эксплуатацию | AC15: Нормативный срок службы | AD15: Мощность, МВт | AE15: Тепловая энергия Гкал/час | AF15: Год ввода в эксплуатацию | AG15: Нормативный срок службы | AH15: Тип опор | AI15: Марка кабеля | AJ15: Протяженность, км
A16: 0 | B16: ИТОГО по инвестиционной программе | D16: =SUM(D17:D22) -> 174.22016 | E16: =SUM(E17:E22) -> 0 | F16: =SUM(F17:F22) -> 56.237104 | G16: =SUM(G17:G22) -> 111.13101 | H16: =SUM(H17:H22) -> 6.852044 | I16: =SUM(I17:I22) -> 47.978656 | J16: =SUM(J17:J22) -> 0 | K16: =SUM(K17:K22) -> 4.1527175 | ... W16: =SUM(W17:W22) -> 2.877938 | X16: нд | Y16: нд | Z16: нд | AA16: нд | AB16: нд | AC16: нд | AD16: =SUM(AD17:AD22) -> 1.26 | AE16: нд | AF16: нд | AG16: нд | AH16: нд | AI16: нд | AJ16: нд | AK16: =SUM(AK17:AK22) -> 1
A17: 0.1 | B17: Технологическое присоединение, всего | D17: =D24 -> 0 | E17: =E24 -> 0 | F17: =F24 -> 0 | G17: =G24 -> 0 | H17: =H24 -> 0 | I17: =I24 -> 0 | J17: =J24 -> 0 | K17: =K24 -> 0 | ... W17: =W24 -> 0 | X17: нд | Y17: нд | Z17: нд | AA17: нд | AB17: нд | AC17: нд | AD17: нд | AE17: нд | AF17: нд | AG17: нд | AH17: нд | AI17: нд | AJ17: нд | AK17: нд
A18: 0.2 | B18: Реконструкция, модернизация, техническое перевооружение, всего | D18: =D44 -> 174.22016 | E18: =E44 -> 0 | F18: =F44 -> 56.237104 | G18: =G44 -> 111.13101 | H18: =H44 -> 6.852044 | I18: =I44 -> 47.978656 | J18: =J44 -> 0 | K18: =K44 -> 4.1527175 | ... W18: =W44 -> 2.877938 | X18: нд | Y18: нд | Z18: нд | AA18: нд | AB18: нд | AC18: нд | AD18: =AD44 -> 1.26 | AE18: нд | AF18: нд | AG18: нд | AH18: нд | AI18: нд | AJ18: нд | AK18: =AK44 -> 1
A19: 0.3 | B19: Инвестиционные проекты, реализация которых обуславливается схемами и программами перспективного развития электроэнергетики, всего | D19: =D129 -> 0 | E19: =E129 -> 0 | F19: =F129 -> 0 | G19: =G129 -> 0 | H19: =H129 -> 0 | I19: =I129 -> 0 | J19: =J129 -> 0 | K19: =K129 -> 0 | ... W19: =W129 -> 0 | X19: нд | Y19: нд | Z19: нд | AA19: нд | AB19: нд | AC19: нд | AD19: нд | AE19: нд | AF19: нд | AG19: нд | AH19: нд | AI19: нд | AJ19: нд | AK19: нд
A20: 0.4 | B20: Прочее новое строительство объектов электросетевого хозяйства, всего | D20: =D132 -> 0 | E20: =E132 -> 0 | F20: =F132 -> 0 | G20: =G132 -> 0 | H20: =H132 -> 0 | I20: =I132 -> 0 | J20: =J132 -> 0 | K20: =K132 -> 0 | ... W20: =W132 -> 0 | X20: нд | Y20: нд | Z20: нд | AA20: нд | AB20: нд | AC20: нд | AD20: нд | AE20: нд | AF20: нд | AG20: нд | AH20: нд | AI20: нд | AJ20: нд | AK20: нд
A21: 0.5 | B21: Покупка земельных участков для целей реализации инвестиционных проектов, всего | D21: =D133 -> 0 | E21: =E133 -> 0 | F21: =F133 -> 0 | G21: =G133 -> 0 | H21: =H133 -> 0 | I21: =I133 -> 0 | J21: =J133 -> 0 | K21: =K133 -> 0 | ... W21: =W133 -> 0 | X21: нд | Y21: нд | Z21: нд | AA21: нд | AB21: нд | AC21: нд | AD21: нд | AE21: нд | AF21: нд | AG21: нд | AH21: нд | AI21: нд | AJ21: нд | AK21: нд
A22: 0.6 | B22: Прочие инвестиционные проекты, всего | D22: =D134 -> 0 | E22: =E134 -> 0 | F22: =F134 -> 0 | G22: =G134 -> 0 | H22: =H134 -> 0 | I22: =I134 -> 0 | J22: =J134 -> 0 | K22: =K134 -> 0 | ... W22: =W134 -> 0 | X22: нд | Y22: нд | Z22: нд | AA22: нд | AB22: нд | AC22: нд | AD22: нд | AE22: нд | AF22: нд | AG22: нд | AH22: нд | AI22: нд | AJ22: нд | AK22: нд
A23: 1 | B23: ='7.1'!B25 -> Московская обл., Богородский г.о., г.о.Электросталь | D23: =D24+D44+D129+D132+D133+D134 -> 174.22016 | E23: =E24+E44+E129+E132+E133+E134 -> 0 | F23: =F24+F44+F129+F132+F133+F134 -> 56.237104 | G23: =G24+G44+G129+G132+G133+G134 -> 111.13101 | H23: =H24+H44+H129+H132+H133+H134 -> 6.852044 | I23: =I24+I44+I129+I132+I133+I134 -> 47.978656 | J23: =J24+J44+J129+J132+J133+J134 -> 0 | K23: =K24+K44+K129+K132+K133+K134 -> 4.1527175 | ... W23: =W24+W44+W129+W132+W133+W134 -> 2.877938 | X23: нд | Y23: нд | Z23: нд | AA23: нд | AB23: нд | AC23: нд | AD23: =AD44 -> 1.26 | AE23: нд | AF23: нд | AG23: нд | AH23: нд | AI23: нд | AJ23: нд | AK23: =AK44 -> 1
A24: 1.1. | B24: Технологическое присоединение, всего, в том числе: | D24: =D25+D29+D32+D41 -> 0 | E24: =E25+E29+E32+E41 -> 0 | F24: =F25+F29+F32+F41 -> 0 | G24: =G25+G29+G32+G41 -> 0 | H24: =H25+H29+H32+H41 -> 0 | I24: =I25+I29+I32+I41 -> 0 | J24: =J25+J29+J32+J41 -> 0 | K24: =K25+K29+K32+K41 -> 0 | ... W24: =W25+W29+W32+W41 -> 0 | X24: нд | Y24: нд | Z24: нд | AA24: нд | AB24: нд | AC24: нд | AD24: нд | AE24: нд | AF24: нд | AG24: нд | AH24: нд | AI24: нд | AJ24: нд | AK24: нд
A25: 1.1.1. | B25: Технологическое присоединение энергопринимающих устройств потребителей, всего, в том числе: | D25: =SUM(D26:D28) -> 0 | E25: =SUM(E26:E28) -> 0 | F25: =SUM(F26:F28) -> 0 | G25: =SUM(G26:G28) -> 0 | H25: =SUM(H26:H28) -> 0 | I25: =SUM(I26:I28) -> 0 | J25: =SUM(J26:J28) -> 0 | K25: =SUM(K26:K28) -> 0 | ... W25: =SUM(W26:W28) -> 0 | X25: нд | Y25: нд | Z25: нд | AA25: нд | AB25: нд | AC25: нд | AD25: нд | AE25: нд | AF25: нд | AG25: нд | AH25: нд | AI25: нд | AJ25: нд | AK25: нд
A26: 1.1.1.1 | B26: Технологическое присоединение энергопринимающих устройств потребителей максимальной мощностью до 15 кВт включительно, всего | D26: 0 | E26: 0 | F26: 0 | G26: 0 | H26: 0 | I26: 0 | J26: 0 | K26: 0 | L26: 0 | M26: 0 | N26: 0 | O26: 0 | P26: 0 | Q26: 0 | R26: 0 | S26: 0 | T26: 0 | U26: 0 | V26: 0 | W26: 0 | X26: нд | Y26: нд | Z26: нд | AA26: нд | AB26: нд | AC26: нд | AD26: нд | AE26: нд | AF26: нд | AG26: нд | AH26: нд | AI26: нд | AJ26: нд | AK26: нд
A27: 1.1.1.2 | B27: Технологическое присоединение энергопринимающих устройств потребителей максимальной мощностью до 150 кВт включительно, всего | D27: 0 | E27: 0 | F27: 0 | G27: 0 | H27: 0 | I27: 0 | J27: 0 | K27: 0 | L27: 0 | M27: 0 | N27: 0 | O27: 0 | P27: 0 | Q27: 0 | R27: 0 | S27: 0 | T27: 0 | U27: 0 | V27: 0 | W27: 0 | X27: нд | Y27: нд | Z27: нд | AA27: нд | AB27: нд | AC27: нд | AD27: нд | AE27: нд | AF27: нд | AG27: нд | AH27: нд | AI27: нд | AJ27: нд | AK27: нд
A28: 1.1.1.3 | B28: Технологическое присоединение энергопринимающих устройств потребителей свыше 150 кВт, всего, в том числе: | D28: =SUM(D29:D30) -> 0 | E28: =SUM(E29:E30) -> 0 | F28: =SUM(F29:F30) -> 0 | G28: =SUM(G29:G30) -> 0 | H28: =SUM(H29:H30) -> 0 | I28: =SUM(I29:I30) -> 0 | J28: =SUM(J29:J30) -> 0 | K28: =SUM(K29:K30) -> 0 | ... W28: =SUM(W29:W30) -> 0 | X28: нд | Y28: нд | Z28: нд | AA28: нд | AB28: нд | AC28: нд | AD28: нд | AE28: нд | AF28: нд | AG28: нд | AH28: нд | AI28: нд | AJ28: нд | AK28: нд
A29: 1.1.2. | B29: Технологическое присоединение объектов электросетевого хозяйства, всего, в том числе: | D29: =SUM(D30:D31) -> 0 | E29: =SUM(E30:E31) -> 0 | F29: =SUM(F30:F31) -> 0 | G29: =SUM(G30:G31) -> 0 | H29: =SUM(H30:H31) -> 0 | I29: =SUM(I30:I31) -> 0 | J29: =SUM(J30:J31) -> 0 | K29: =SUM(K30:K31) -> 0 | ... W29: =SUM(W30:W31) -> 0 | X29: нд | Y29: нд | Z29: нд | AA29: нд | AB29: нд | AC29: нд | AD29: нд | AE29: нд | AF29: нд | AG29: нд | AH29: нд | AI29: нд | AJ29: нд | AK29: нд
A30: 1.1.2.1 | B30: Технологическое присоединение объектов электросетевого хозяйства, принадлежащих иным сетевым организациям и иным лицам, всего, в том числе: | D30: 0 | E30: 0 | F30: 0 | G30: 0 | H30: 0 | I30: 0 | J30: 0 | K30: 0 | L30: 0 | M30: 0 | N30: 0 | O30: 0 | P30: 0 | Q30: 0 | R30: 0 | S30: 0 | T30: 0 | U30: 0 | V30: 0 | W30: 0 | X30: нд | Y30: нд | Z30: нд | AA30: нд | AB30: нд | AC30: нд | AD30: нд | AE30: нд | AF30: нд | AG30: нд | AH30: нд | AI30: нд | AJ30: нд | AK30: нд
A31: 1.1.2.2 | B31: Технологическое присоединение к электрическим сетям иных сетевых организаций, всего, в том числе: | D31: 0 | E31: 0 | F31: 0 | G31: 0 | H31: 0 | I31: 0 | J31: 0 | K31: 0 | L31: 0 | M31: 0 | N31: 0 | O31: 0 | P31: 0 | Q31: 0 | R31: 0 | S31: 0 | T31: 0 | U31: 0 | V31: 0 | W31: 0 | X31: нд | Y31: нд | Z31: нд | AA31: нд | AB31: нд | AC31: нд | AD31: нд | AE31: нд | AF31: нд | AG31: нд | AH31: нд | AI31: нд | AJ31: нд | AK31: нд
A32: 1.1.3. | B32: Технологическое присоединение объектов по производству электрической энергии, всего, в том числе: | D32: =SUM(D33:D40) -> 0 | E32: =SUM(E33:E40) -> 0 | F32: =SUM(F33:F40) -> 0 | G32: =SUM(G33:G40) -> 0 | H32: =SUM(H33:H40) -> 0 | I32: =SUM(I33:I40) -> 0 | J32: =SUM(J33:J40) -> 0 | K32: =SUM(K33:K40) -> 0 | ... W32: =SUM(W33:W40) -> 0 | X32: нд | Y32: нд | Z32: нд | AA32: нд | AB32: нд | AC32: нд | AD32: нд | AE32: нд | AF32: нд | AG32: нд | AH32: нд | AI32: нд | AJ32: нд | AK32: нд
A33: 1.1.3.1 | B33: Наименование объекта по производству электрической энергии, всего, в том числе: | D33: 0 | E33: 0 | F33: 0 | G33: 0 | H33: 0 | I33: 0 | J33: 0 | K33: 0 | L33: 0 | M33: 0 | N33: 0 | O33: 0 | P33: 0 | Q33: 0 | R33: 0 | S33: 0 | T33: 0 | U33: 0 | V33: 0 | W33: 0 | X33: нд | Y33: нд | Z33: нд | AA33: нд | AB33: нд | AC33: нд | AD33: нд | AE33: нд | AF33: нд | AG33: нд | AH33: нд | AI33: нд | AJ33: нд | AK33: нд
A34: 1.1.3.1 | B34: Строительство новых объектов электросетевого хозяйства (за исключением усиления существующей электрической сети) в целях осуществления технологического присоединения объекта по производству электрической энергии, всего, в том числе: | D34: 0 | E34: 0 | F34: 0 | G34: 0 | H34: 0 | I34: 0 | J34: 0 | K34: 0 | L34: 0 | M34: 0 | N34: 0 | O34: 0 | P34: 0 | Q34: 0 | R34: 0 | S34: 0 | T34: 0 | U34: 0 | V34: 0 | W34: 0 | X34: нд | Y34: нд | Z34: нд | AA34: нд | AB34: нд | AC34: нд | AD34: нд | AE34: нд | AF34: нд | AG34: нд | AH34: нд | AI34: нд | AJ34: нд | AK34: нд
A35: 1.1.3.1 | B35: Строительство новых объектов электросетевого хозяйства для усиления электрической сети в целях осуществления технологического присоединения объекта по производству электрической энергии, всего, в том числе: | D35: 0 | E35: 0 | F35: 0 | G35: 0 | H35: 0 | I35: 0 | J35: 0 | K35: 0 | L35: 0 | M35: 0 | N35: 0 | O35: 0 | P35: 0 | Q35: 0 | R35: 0 | S35: 0 | T35: 0 | U35: 0 | V35: 0 | W35: 0 | X35: нд | Y35: нд | Z35: нд | AA35: нд | AB35: нд | AC35: нд | AD35: нд | AE35: нд | AF35: нд | AG35: нд | AH35: нд | AI35: нд | AJ35: нд | AK35: нд
A36: 1.1.3.1 | B36: Реконструкция существующих объектов электросетевого хозяйства для усиления электрической сети в целях осуществления технологического присоединения объекта по производству электрической энергии всего, в том числе: | D36: 0 | E36: 0 | F36: 0 | G36: 0 | H36: 0 | I36: 0 | J36: 0 | K36: 0 | L36: 0 | M36: 0 | N36: 0 | O36: 0 | P36: 0 | Q36: 0 | R36: 0 | S36: 0 | T36: 0 | U36: 0 | V36: 0 | W36: 0 | X36: нд | Y36: нд | Z36: нд | AA36: нд | AB36: нд | AC36: нд | AD36: нд | AE36: нд | AF36: нд | AG36: нд | AH36: нд | AI36: нд | AJ36: нд | AK36: нд
A37: 1.1.3.2 | B37: Наименование объекта по производству электрической энергии, всего, в том числе: | D37: 0 | E37: 0 | F37: 0 | G37: 0 | H37: 0 | I37: 0 | J37: 0 | K37: 0 | L37: 0 | M37: 0 | N37: 0 | O37: 0 | P37: 0 | Q37: 0 | R37: 0 | S37: 0 | T37: 0 | U37: 0 | V37: 0 | W37: 0 | X37: нд | Y37: нд | Z37: нд | AA37: нд | AB37: нд | AC37: нд | AD37: нд | AE37: нд | AF37: нд | AG37: нд | AH37: нд | AI37: нд | AJ37: нд | AK37: нд
A38: 1.1.3.2 | B38: Строительство новых объектов электросетевого хозяйства (за исключением усиления существующей электрической сети) в целях осуществления технологического присоединения объекта по производству электрической энергии, всего, в том числе: | D38: 0 | E38: 0 | F38: 0 | G38: 0 | H38: 0 | I38: 0 | J38: 0 | K38: 0 | L38: 0 | M38: 0 | N38: 0 | O38: 0 | P38: 0 | Q38: 0 | R38: 0 | S38: 0 | T38: 0 | U38: 0 | V38: 0 | W38: 0 | X38: нд | Y38: нд | Z38: нд | AA38: нд | AB38: нд | AC38: нд | AD38: нд | AE38: нд | AF38: нд | AG38: нд | AH38: нд | AI38: нд | AJ38: нд | AK38: нд
A39: 1.1.3.2 | B39: Строительство новых объектов электросетевого хозяйства для усиления электрической сети в целях осуществления технологического присоединения объекта по производству электрической энергии, всего, в том числе: | D39: 0 | E39: 0 | F39: 0 | G39: 0 | H39: 0 | I39: 0 | J39: 0 | K39: 0 | L39: 0 | M39: 0 | N39: 0 | O39: 0 | P39: 0 | Q39: 0 | R39: 0 | S39: 0 | T39: 0 | U39: 0 | V39: 0 | W39: 0 | X39: нд | Y39: нд | Z39: нд | AA39: нд | AB39: нд | AC39: нд | AD39: нд | AE39: нд | AF39: нд | AG39: нд | AH39: нд | AI39: нд | AJ39: нд | AK39: нд
A40: 1.1.3.2 | B40: Реконструкция существующих объектов электросетевого хозяйства для усиления электрической сети в целях осуществления технологического присоединения объекта по производству электрической энергии, всего, в том числе: | D40: 0 | E40: 0 | F40: 0 | G40: 0 | H40: 0 | I40: 0 | J40: 0 | K40: 0 | L40: 0 | M40: 0 | N40: 0 | O40: 0 | P40: 0 | Q40: 0 | R40: 0 | S40: 0 | T40: 0 | U40: 0 | V40: 0 | W40: 0 | X40: нд | Y40: нд | Z40: нд | AA40: нд | AB40: нд | AC40: нд | AD40: нд | AE40: нд | AF40: нд | AG40: нд | AH40: нд | AI40: нд | AJ40: нд | AK40: нд
A41: 1.1.4. | B41: Усиление электрической сети в целях осуществления технологического присоединения энергопринимающих устройств потребителей и (или) объектов электросетевого хозяйства, всего, в том числе: | D41: =SUM(D42:D43) -> 0 | E41: =SUM(E42:E43) -> 0 | F41: =SUM(F42:F43) -> 0 | G41: =SUM(G42:G43) -> 0 | H41: =SUM(H42:H43) -> 0 | I41: =SUM(I42:I43) -> 0 | J41: =SUM(J42:J43) -> 0 | K41: =SUM(K42:K43) -> 0 | ... W41: =SUM(W42:W43) -> 0 | X41: нд | Y41: нд | Z41: нд | AA41: нд | AB41: нд | AC41: нд | AD41: нд | AE41: нд | AF41: нд | AG41: нд | AH41: нд | AI41: нд | AJ41: нд | AK41: нд
A42: 1.1.4.1 | B42: Строительство новых объектов электросетевого хозяйства для усиления электрической сети в целях осуществления технологического присоединения, всего, в том числе: | D42: 0 | E42: 0 | F42: 0 | G42: 0 | H42: 0 | I42: 0 | J42: 0 | K42: 0 | L42: 0 | M42: 0 | N42: 0 | O42: 0 | P42: 0 | Q42: 0 | R42: 0 | S42: 0 | T42: 0 | U42: 0 | V42: 0 | W42: 0 | X42: нд | Y42: нд | Z42: нд | AA42: нд | AB42: нд | AC42: нд | AD42: нд | AE42: нд | AF42: нд | AG42: нд | AH42: нд | AI42: нд | AJ42: нд | AK42: нд
A43: 1.1.4.2 | B43: Реконструкция существующих объектов электросетевого хозяйства для усиления электрической сети в целях осуществления технологического присоединения, всего, в том числе: | D43: 0 | E43: 0 | F43: 0 | G43: 0 | H43: 0 | I43: 0 | J43: 0 | K43: 0 | L43: 0 | M43: 0 | N43: 0 | O43: 0 | P43: 0 | Q43: 0 | R43: 0 | S43: 0 | T43: 0 | U43: 0 | V43: 0 | W43: 0 | X43: нд | Y43: нд | Z43: нд | AA43: нд | AB43: нд | AC43: нд | AD43: нд | AE43: нд | AF43: нд | AG43: нд | AH43: нд | AI43: нд | AJ43: нд | AK43: нд
A44: 1.2. | B44: Реконструкция, модернизация, техническое перевооружение, всего, в том числе: | D44: =D45+D85 -> 174.22016 | E44: =E45+E85 -> 0 | F44: =F45+F85 -> 56.237104 | G44: =G45+G85 -> 111.13101 | H44: =H45+H85 -> 6.852044 | I44: =I45+I85 -> 47.978656 | J44: =J45+J85 -> 0 | K44: =K45+K85 -> 4.1527175 | ... W44: =W45+W85 -> 2.877938 | X44: нд | Y44: нд | Z44: нд | AA44: нд | AB44: нд | AC44: нд | AD44: =AD45 -> 1.26 | AE44: нд | AF44: нд | AG44: нд | AH44: нд | AI44: нд | AJ44: нд | AK44: =AK45 -> 1
A45: 1.2.1. | B45: Реконструкция, модернизация, техническое перевооружение трансформаторных и иных подстанций, распределительных пунктов, всего, в том числе: | D45: =D46+D84 -> 107.42473 | E45: =E46+E84 -> 0 | F45: =F46+F84 -> 9.6869179 | G45: =G46+G84 -> 91.07476 | H45: =H46+H84 -> 6.6630559 | I45: =I46+I84 -> 47.978656 | J45: =J46+J84 -> 0 | K45: =K46+K84 -> 4.1527175 | ... W45: =W46+W84 -> 2.877938 | X45: нд | Y45: нд | Z45: нд | AA45: нд | AB45: нд | AC45: нд | AD45: =AD46 -> 1.26 | AE45: нд | AF45: нд | AG45: нд | AH45: нд | AI45: нд | AJ45: нд | AK45: =AK46 -> 1
A46: 1.2.1.1 | B46: Реконструкция трансформаторных и иных подстанций, всего, в том числе: | D46: =SUM(D47:D83) -> 107.42473 | E46: =SUM(E47:E83) -> 0 | F46: =SUM(F47:F83) -> 9.6869179 | G46: =SUM(G47:G83) -> 91.07476 | H46: =SUM(H47:H83) -> 6.6630559 | I46: =SUM(I47:I83) -> 47.978656 | J46: =SUM(J47:J83) -> 0 | K46: =SUM(K47:K83) -> 4.1527175 | ... W46: =SUM(W47:W83) -> 2.877938 | X46: нд | Y46: нд | Z46: нд | AA46: нд | AB46: нд | AC46: нд | AD46: =SUM(AD47:AD83) -> 1.26 | AE46: нд | AF46: нд | AG46: нд | AH46: нд | AI46: нд | AJ46: нд | AK46: =SUM(AK47:AK83) -> 1
A47: 1.2.1.1 | B47: Реконструкция распределительной подстанции РП-1215, с заменой (13 шт.) и увеличением кол-ва ячеек на 3шт. (до 16 шт.), Богородский г.о., г.Ногинск, ул.Трудовая | C47: O_16_РП-1215 | D47: =SUM(E47:H47) -> 0 | E47: 0 | F47: 0 | G47: 0 | H47: 0 | I47: =SUM(J47:M47) -> 0 | J47: 0 | K47: 0 | L47: 0 | M47: 0 | N47: 0 | O47: 0 | P47: 0 | Q47: 0 | R47: 0 | S47: =SUM(T47:W47) -> 0 | T47: 0 | U47: 0 | V47: 0 | W47: 0 | X47: нд | Y47: нд | Z47: нд | AA47: нд | AB47: нд | AC47: нд | AD47: нд | AE47: нд | AF47: нд | AG47: нд | AH47: нд | AI47: нд | AJ47: нд | AK47: нд
A48: 1.2.1.1 | B48: Реконструкция распределительной подстанции РП-918, с заменой (8 шт.) и увеличением кол-ва ячеек на 2 шт. (до 10 шт.), Богородский г.о., г.Старая Купавна, ул.Дорожная | C48: O_17_РП-918 | D48: =SUM(E48:H48) -> 0 | E48: 0 | F48: 0 | G48: 0 | H48: 0 | I48: =SUM(J48:M48) -> 0 | J48: 0 | K48: 0 | L48: 0 | M48: 0 | N48: 0 | O48: 0 | P48: 0 | Q48: 0 | R48: 0 | S48: =SUM(T48:W48) -> 0 | T48: 0 | U48: 0 | V48: 0 | W48: 0 | X48: нд | Y48: нд | Z48: нд | AA48: нд | AB48: нд | AC48: нд | AD48: нд | AE48: нд | AF48: нд | AG48: нд | AH48: нд | AI48: нд | AJ48: нд | AK48: нд
A49: 1.2.1.1 | B49: Реконструкция распределительной подстанции РП-131, с заменой (15 шт.) и увеличением кол-ва ячеек на 1 шт. (до 16 шт.), Богородский г.о., пос.Обухово, ул.Комбинат | C49: O_18_РП-131 | D49: =SUM(E49:H49) -> 31.387322 | E49: 0 | F49: =1.5282778*1.2 -> 1.8339334 | G49: =22.25200232*1.2 -> 26.702403 | H49: =2.37582158*1.2 -> 2.8509859 | I49: =SUM(J49:M49) -> 31.910444 | J49: 0 | K49: =1.5282778*1.22 -> 1.8644989 | L49: =22.25200232*1.22 -> 27.147443 | M49: =2.37582158*1.22 -> 2.8985023 | N49: =I49-D49 -> 0.52312203 | O49: =J49-E49 -> 0 | P49: =K49-F49 -> 0.030565556 | Q49: =L49-G49 -> 0.44504005 | R49: =M49-H49 -> 0.047516432 | S49: =SUM(T49:W49) -> 26.156102 | T49: 0 | U49: 1.5282778 | V49: 22.252002 | W49: 2.3758216 | X49: нд | Y49: нд | Z49: нд | AA49: нд | AB49: нд | AC49: нд | AD49: нд | AE49: нд | AF49: нд | AG49: нд | AH49: нд | AI49: нд | AJ49: нд | AK49: 1
A50: 1.2.1.1 | B50: Реконструкция распределительной подстанции РП-106, с заменой (6 шт.) и увеличением кол-ва ячеек на 2 шт. (до 8 шт.), Богородский г.о., г.Ногинск, ул.2-й Речной пр-зд | C50: O_19_РП-106 | D50: =SUM(E50:H50) -> 17.633973 | E50: 0 | F50: =0.71006933*1.2 -> 0.8520832 | G50: =12.78767994*1.2 -> 15.345216 | H50: =1.19722817*1.2 -> 1.4366738 | I50: =SUM(J50:M50) -> 0 | J50: 0 | K50: 0 | L50: 0 | M50: 0 | N50: 0 | O50: 0 | P50: 0 | Q50: 0 | R50: 0 | S50: =SUM(T50:W50) -> 0 | T50: 0 | U50: 0 | V50: 0 | W50: 0 | X50: нд | Y50: нд | Z50: нд | AA50: нд | AB50: нд | AC50: нд | AD50: нд | AE50: нд | AF50: нд | AG50: нд | AH50: нд | AI50: нд | AJ50: нд | AK50: нд
A51: 1.2.1.1 | B51: Реконструкция распределительной подстанции РП-9, с заменой (12 шт.) и увеличением кол-ва ячеек на 4 шт. (до 16 шт.), Богородский г.о., г.Ногинск, ул.Рабочая | C51: O_20_РП-9 | D51: =SUM(E51:H51) -> 0 | E51: 0 | F51: 0 | G51: 0 | H51: 0 | I51: =SUM(J51:M51) -> 0 | J51: 0 | K51: 0 | L51: 0 | M51: 0 | N51: 0 | O51: 0 | P51: 0 | Q51: 0 | R51: 0 | S51: =SUM(T51:W51) -> 0 | T51: 0 | U51: 0 | V51: 0 | W51: 0 | X51: нд | Y51: нд | Z51: нд | AA51: нд | AB51: нд | AC51: нд | AD51: нд | AE51: нд | AF51: нд | AG51: нд | AH51: нд | AI51: нд | AJ51: нд | AK51: нд
A52: 1.2.1.1 | B52: Реконструкция распределительной подстанции РП-92, с заменой (15 шт.) и увеличением кол-ва ячеек на 3 шт. (до 18 шт.), Богородский г.о., г.Ногинск, ул.Совнархозная | C52: O_21_РП-92 | D52: =SUM(E52:H52) -> 0 | E52: 0 | F52: 0 | G52: 0 | H52: 0 | I52: =SUM(J52:M52) -> 0 | J52: 0 | K52: 0 | L52: 0 | M52: 0 | N52: 0 | O52: 0 | P52: 0 | Q52: 0 | R52: 0 | S52: =SUM(T52:W52) -> 0 | T52: 0 | U52: 0 | V52: 0 | W52: 0 | X52: нд | Y52: нд | Z52: нд | AA52: нд | AB52: нд | AC52: нд | AD52: нд | AE52: нд | AF52: нд | AG52: нд | AH52: нд | AI52: нд | AJ52: нд | AK52: нд
A53: 1.2.1.1 | B53: Реконструкция распределительной подстанции РП-405, с заменой (11 шт.) и увеличением кол-ва ячеек на 5 шт. (до 16 шт.), Богоросдкий г.о., пос.им.Воровского | C53: O_22_РП-405 | D53: =SUM(E53:H53) -> 0 | E53: 0 | F53: 0 | G53: 0 | H53: 0 | I53: =SUM(J53:M53) -> 0 | J53: 0 | K53: 0 | L53: 0 | M53: 0 | N53: 0 | O53: 0 | P53: 0 | Q53: 0 | R53: 0 | S53: =SUM(T53:W53) -> 0 | T53: 0 | U53: 0 | V53: 0 | W53: 0 | X53: нд | Y53: нд | Z53: нд | AA53: нд | AB53: нд | AC53: нд | AD53: нд | AE53: нд | AF53: нд | AG53: нд | AH53: нд | AI53: нд | AJ53: нд | AK53: нд
A54: 1.2.1.1 | B54: Реконструкция оборудования РУ 6кВ РТП-86, с заменой (5 шт.) и увеличением кол-ва ячеек на 3 шт. (до 8 шт.), Богоросдкий г.о., г.Ногинск, ул.Жарова | C54: O_23_РУ РТП-86 | D54: =SUM(E54:H54) -> 0 | E54: 0 | F54: 0 | G54: 0 | H54: 0 | I54: =SUM(J54:M54) -> 0 | J54: 0 | K54: 0 | L54: 0 | M54: 0 | N54: 0 | O54: 0 | P54: 0 | Q54: 0 | R54: 0 | S54: =SUM(T54:W54) -> 0 | T54: 0 | U54: 0 | V54: 0 | W54: 0 | X54: нд | Y54: нд | Z54: нд | AA54: нд | AB54: нд | AC54: нд | AD54: нд | AE54: нд | AF54: нд | AG54: нд | AH54: нд | AI54: нд | AJ54: нд | AK54: нд
A55: 1.2.1.1 | B55: Реконструкция распределительной подстанции РП-50, с заменой (10 шт.) и увеличением кол-ва ячеек на 6 шт. (до 16 шт.), Богоросдкий г.о., г.Ногинск, ул.Климова | C55: O_24_РП-50 | D55: =SUM(E55:H55) -> 0 | E55: 0 | F55: 0 | G55: 0 | H55: 0 | I55: =SUM(J55:M55) -> 0 | J55: 0 | K55: 0 | L55: 0 | M55: 0 | N55: 0 | O55: 0 | P55: 0 | Q55: 0 | R55: 0 | S55: =SUM(T55:W55) -> 0 | T55: 0 | U55: 0 | V55: 0 | W55: 0 | X55: нд | Y55: нд | Z55: нд | AA55: нд | AB55: нд | AC55: нд | AD55: нд | AE55: нд | AF55: нд | AG55: нд | AH55: нд | AI55: нд | AJ55: нд | AK55: нд
A56: 1.2.1.1 | B56: Реконструкция трансформаторной подстанции ТП-932, с увеличением трансформаторной мощности с 2х630 до 2х1000 кВА, Богородский г.о., г.Старая Купавна ул.Дорожная | C56: O_25_ТП-932 | D56: =SUM(E56:H56) -> 0 | E56: 0 | F56: 0 | G56: 0 | H56: 0 | I56: =SUM(J56:M56) -> 0 | J56: 0 | K56: 0 | L56: 0 | M56: 0 | N56: =I56-D56 -> 0 | O56: =J56-E56 -> 0 | P56: =K56-F56 -> 0 | Q56: =L56-G56 -> 0 | R56: =M56-H56 -> 0 | S56: =SUM(T56:W56) -> 0 | T56: 0 | U56: 0 | V56: 0 | W56: 0 | X56: нд | Y56: нд | Z56: нд | AA56: нд | AB56: нд | AC56: нд | AD56: нд | AE56: нд | AF56: нд | AG56: нд | AH56: нд | AI56: нд | AJ56: нд | AK56: нд
A57: 1.2.1.1 | B57: Реконструкция трансформаторной подстанции ТП-84 с увеличением трансформаторной мощности с 2х400 на 2х630 кВА, Богородский г.о., г.Ногинск, Электростальское ш. | C57: O_26_ТП-84 | D57: =SUM(E57:H57) -> 0 | E57: 0 | F57: 0 | G57: 0 | H57: 0 | I57: =SUM(J57:M57) -> 0 | J57: 0 | K57: 0 | L57: 0 | M57: 0 | N57: 0 | O57: 0 | P57: 0 | Q57: 0 | R57: 0 | S57: =SUM(T57:W57) -> 0 | T57: 0 | U57: 0 | V57: 0 | W57: 0 | X57: нд | Y57: нд | Z57: нд | AA57: нд | AB57: нд | AC57: нд | AD57: нд | AE57: нд | AF57: нд | AG57: нд | AH57: нд | AI57: нд | AJ57: нд | AK57: нд
A58: 1.2.1.1 | B58: Реконструкция трансформаторной подстанции ТП-195 с увеличением трансформаторной мощности с 2х250 на 2х630 кВА, Богородский г.о., г.Ногинск, ул.III Интернационала | C58: O_27_ТП-195 | D58: =SUM(E58:H58) -> 15.804799 | E58: 0 | F58: =1.87558903*1.2 -> 2.2507068 | G58: =10.79296013*1.2 -> 12.951552 | H58: =0.50211644*1.2 -> 0.60253973 | I58: =SUM(J58:M58) -> 16.068212 | J58: 0 | K58: =1.87558903*1.22 -> 2.2882186 | L58: =10.79296013*1.22 -> 13.167411 | M58: =0.50211644*1.22 -> 0.61258206 | N58: =I58-D58 -> 0.26341331 | O58: =J58-E58 -> 0 | P58: =K58-F58 -> 0.037511781 | Q58: =L58-G58 -> 0.2158592 | R58: =M58-H58 -> 0.010042329 | S58: =SUM(T58:W58) -> 13.170666 | T58: 0 | U58: 1.875589 | V58: 10.79296 | W58: 0.50211644 | X58: нд | Y58: нд | Z58: нд | AA58: нд | AB58: 2026 | AC58: 25 лет | AD58: 1.26 | AE58: нд | AF58: нд | AG58: нд | AH58: нд | AI58: нд | AJ58: нд | AK58: нд
A59: 1.2.1.1 | B59: Реконструкция трансформаторной подстанции ТП-728 с увеличением трансформаторной мощности с 2х400 на 2х630 кВА, Богородский г.о., г.Ногинск, ул.Ильича | C59: O_28_ТП-728 | D59: =SUM(E59:H59) -> 15.858625 | E59: 0 | F59: =1.92044404*1.2 -> 2.3045328 | G59: =10.79296013*1.2 -> 12.951552 | H59: =0.50211644*1.2 -> 0.60253973 | I59: =SUM(J59:M59) -> 0 | J59: 0 | K59: 0 | L59: 0 | M59: 0 | N59: 0 | O59: 0 | P59: 0 | Q59: 0 | R59: 0 | S59: 0 | T59: 0 | U59: 0 | V59: 0 | W59: 0 | X59: нд | Y59: нд | Z59: нд | AA59: нд | AB59: нд | AC59: нд | AD59: нд | AE59: нд | AF59: нд | AG59: нд | AH59: нд | AI59: нд | AJ59: нд | AK59: нд
A60: 1.2.1.1 | B60: Реконструкция трансформаторной подстанции ТП-240 с увеличением трансформаторной мощности с 2х400 на 2х630 кВА, Богородский г.о., п.Обухово | C60: O_29_ТП-240 | D60: =SUM(E60:H60) -> 0 | E60: 0 | F60: 0 | G60: 0 | H60: 0 | I60: =SUM(J60:M60) -> 0 | J60: 0 | K60: 0 | L60: 0 | M60: 0 | N60: 0 | O60: 0 | P60: 0 | Q60: 0 | R60: 0 | S60: 0 | T60: 0 | U60: 0 | V60: 0 | W60: 0 | X60: нд | Y60: нд | Z60: нд | AA60: нд | AB60: нд | AC60: нд | AD60: нд | AE60: нд | AF60: нд | AG60: нд | AH60: нд | AI60: нд | AJ60: нд | AK60: нд
A61: 1.2.1.1 | B61: Реконструкция трансформаторной подстанции ТП-181 с увеличением трансформаторной мощности с 2х400 на 2х630 кВА, Богородский г.о., г.Электроугли, ул.Полевая | C61: O_30_ТП-181 | D61: =SUM(E61:H61) -> 0 | E61: 0 | F61: 0 | G61: 0 | H61: 0 | I61: =SUM(J61:M61) -> 0 | J61: 0 | K61: 0 | L61: 0 | M61: 0 | N61: 0 | O61: 0 | P61: 0 | Q61: 0 | R61: 0 | S61: 0 | T61: 0 | U61: 0 | V61: 0 | W61: 0 | X61: нд | Y61: нд | Z61: нд | AA61: нд | AB61: нд | AC61: нд | AD61: нд | AE61: нд | AF61: нд | AG61: нд | AH61: нд | AI61: нд | AJ61: нд | AK61: нд
A62: 1.2.1.1 | B62: Реконструкция трансформаторной подстанции ТП-187 с увеличением трансформаторной мощности с 2х250 на 2х630 кВА, Богородский г.о., г.Электроугли, ул.Парковая | C62: O_31_ТП-187 | D62: =SUM(E62:H62) -> 0 | E62: 0 | F62: 0 | G62: 0 | H62: 0 | I62: =SUM(J62:M62) -> 0 | J62: 0 | K62: 0 | L62: 0 | M62: 0 | N62: 0 | O62: 0 | P62: 0 | Q62: 0 | R62: 0 | S62: 0 | T62: 0 | U62: 0 | V62: 0 | W62: 0 | X62: нд | Y62: нд | Z62: нд | AA62: нд | AB62: нд | AC62: нд | AD62: нд | AE62: нд | AF62: нд | AG62: нд | AH62: нд | AI62: нд | AJ62: нд | AK62: нд
A63: 1.2.1.1 | B63: Реконструкция трансформаторной подстанции ТП-87 с увеличением трансформаторной мощности с 2х250 на 2х630 кВА, Богородский г.о., г.Ногинск, ул.Ново-Владимирская | C63: O_32_ТП-87 | D63: =SUM(E63:H63) -> 0 | E63: 0 | F63: 0 | G63: 0 | H63: 0 | I63: =SUM(J63:M63) -> 0 | J63: 0 | K63: 0 | L63: 0 | M63: 0 | N63: 0 | O63: 0 | P63: 0 | Q63: 0 | R63: 0 | S63: 0 | T63: 0 | U63: 0 | V63: 0 | W63: 0 | X63: нд | Y63: нд | Z63: нд | AA63: нд | AB63: нд | AC63: нд | AD63: нд | AE63: нд | AF63: нд | AG63: нд | AH63: нд | AI63: нд | AJ63: нд | AK63: нд
A64: 1.2.1.1 | B64: Реконструкция трансформаторной подстанции ТП-518 с увеличением трансформаторной мощности с 2х400 на 2х630 кВА, Богородский г.о., г.Ногинск, Электростальское ш. | C64: O_33_ТП-518 | D64: =SUM(E64:H64) -> 0 | E64: 0 | F64: 0 | G64: 0 | H64: 0 | I64: =SUM(J64:M64) -> 0 | J64: 0 | K64: 0 | L64: 0 | M64: 0 | N64: 0 | O64: 0 | P64: 0 | Q64: 0 | R64: 0 | S64: 0 | T64: 0 | U64: 0 | V64: 0 | W64: 0 | X64: нд | Y64: нд | Z64: нд | AA64: нд | AB64: нд | AC64: нд | AD64: нд | AE64: нд | AF64: нд | AG64: нд | AH64: нд | AI64: нд | AJ64: нд | AK64: нд
A65: 1.2.1.1 | B65: Реконструкция трансформаторной подстанции ТП-15 с увеличением трансформаторной мощности с 2х180 на 2х630 кВА, Богородский г.о., г.Ногинск, ул.Трудовая | C65: O_34_ТП-15 | D65: =SUM(E65:H65) -> 0 | E65: 0 | F65: 0 | G65: 0 | H65: 0 | I65: =SUM(J65:M65) -> 0 | J65: 0 | K65: 0 | L65: 0 | M65: 0 | N65: 0 | O65: 0 | P65: 0 | Q65: 0 | R65: 0 | S65: 0 | T65: 0 | U65: 0 | V65: 0 | W65: 0 | X65: нд | Y65: нд | Z65: нд | AA65: нд | AB65: нд | AC65: нд | AD65: нд | AE65: нд | AF65: нд | AG65: нд | AH65: нд | AI65: нд | AJ65: нд | AK65: нд
A66: 1.2.1.1 | B66: Реконструкция трансформаторной подстанции ТП-528 с увеличением трансформаторной мощности с 250 на 630 кВА, Богородский г.о., г.Ногинск, ул.Затишье | C66: O_35_КТП-528 | D66: =SUM(E66:H66) -> 0 | E66: 0 | F66: 0 | G66: 0 | H66: 0 | I66: =SUM(J66:M66) -> 0 | J66: 0 | K66: 0 | L66: 0 | M66: 0 | N66: 0 | O66: 0 | P66: 0 | Q66: 0 | R66: 0 | S66: =SUM(T66:W66) -> 0 | T66: 0 | U66: 0 | V66: 0 | W66: 0 | X66: нд | Y66: нд | Z66: нд | AA66: нд | AB66: нд | AC66: нд | AD66: нд | AE66: нд | AF66: нд | AG66: нд | AH66: нд | AI66: нд | AJ66: нд | AK66: нд
A67: 1.2.1.1 | B67: Реконструкция трансформаторной подстанции ТП-803 с увеличением трансформаторной мощности с 250 на 630 кВА, г.о.Электросталь, пос.Новые Дома | C67: O_36_КТП-803 | D67: =SUM(E67:H67) -> 0 | E67: 0 | F67: 0 | G67: 0 | H67: 0 | I67: =SUM(J67:M67) -> 0 | J67: 0 | K67: 0 | L67: 0 | M67: 0 | N67: 0 | O67: 0 | P67: 0 | Q67: 0 | R67: 0 | S67: =SUM(T67:W67) -> 0 | T67: 0 | U67: 0 | V67: 0 | W67: 0 | X67: нд | Y67: нд | Z67: нд | AA67: нд | AB67: нд | AC67: нд | AD67: нд | AE67: нд | AF67: нд | AG67: нд | AH67: нд | AI67: нд | AJ67: нд | AK67: нд
A68: 1.2.1.1 | B68: Реконструкция трансформаторной подстанции ТП-804 с увеличением трансформаторной мощности с 400 на 630 кВА, г.о.Электросталь, пос.Новые Дома | C68: O_37_КТП-804 | D68: =SUM(E68:H68) -> 0 | E68: 0 | F68: 0 | G68: 0 | H68: 0 | I68: =SUM(J68:M68) -> 0 | J68: 0 | K68: 0 | L68: 0 | M68: 0 | N68: 0 | O68: 0 | P68: 0 | Q68: 0 | R68: 0 | S68: =SUM(T68:W68) -> 0 | T68: 0 | U68: 0 | V68: 0 | W68: 0 | X68: нд | Y68: нд | Z68: нд | AA68: нд | AB68: нд | AC68: нд | AD68: нд | AE68: нд | AF68: нд | AG68: нд | AH68: нд | AI68: нд | AJ68: нд | AK68: нд
A69: 1.2.1.1 | B69: Реконструкция трансформаторной подстанции ТП-142 с увеличением трансформаторной мощности с 180 на 630 кВА, Богородский г.о., г.Электроугли, ул.Вокзальная | C69: O_38_КТП-142 | D69: =SUM(E69:H69) -> 0 | E69: 0 | F69: 0 | G69: 0 | H69: 0 | I69: =SUM(J69:M69) -> 0 | J69: 0 | K69: 0 | L69: 0 | M69: 0 | N69: 0 | O69: 0 | P69: 0 | Q69: 0 | R69: 0 | S69: =SUM(T69:W69) -> 0 | T69: 0 | U69: 0 | V69: 0 | W69: 0 | X69: нд | Y69: нд | Z69: нд | AA69: нд | AB69: нд | AC69: нд | AD69: нд | AE69: нд | AF69: нд | AG69: нд | AH69: нд | AI69: нд | AJ69: нд | AK69: нд
A70: 1.2.1.1 | B70: Реконструкция трансформаторной подстанции ТП-540 с увеличением трансформаторной мощности с 400 на 630 кВА, Богородский г.о., д.Пешково, ул.Гречишкина | C70: O_39_КТП-540 | D70: =SUM(E70:H70) -> 5.4966256 | E70: 0 | F70: =0.73569514*1.2 -> 0.88283417 | G70: =3.62765586*1.2 -> 4.353187 | H70: =0.21717037*1.2 -> 0.26060444 | I70: =SUM(J70:M70) -> 0 | J70: 0 | K70: 0 | L70: 0 | M70: 0 | N70: 0 | O70: 0 | P70: 0 | Q70: 0 | R70: 0 | S70: =SUM(T70:W70) -> 0 | T70: 0 | U70: 0 | V70: 0 | W70: 0 | X70: нд | Y70: нд | Z70: нд | AA70: нд | AB70: нд | AC70: нд | AD70: нд | AE70: нд | AF70: нд | AG70: нд | AH70: нд | AI70: нд | AJ70: нд | AK70: нд
A71: 1.2.1.1 | B71: Реконструкция трансформаторной подстанции ТП-88 с увеличением трансформаторной мощности с 320 на 630 кВА, Богородский г.о., г.Электроугли, ул.Малое Васильево | C71: O_40_КТП-88 | D71: =SUM(E71:H71) -> 0 | E71: 0 | F71: 0 | G71: 0 | H71: 0 | I71: =SUM(J71:M71) -> 0 | J71: 0 | K71: 0 | L71: 0 | M71: 0 | N71: 0 | O71: 0 | P71: 0 | Q71: 0 | R71: 0 | S71: =SUM(T71:W71) -> 0 | T71: 0 | U71: 0 | V71: 0 | W71: 0 | X71: нд | Y71: нд | Z71: нд | AA71: нд | AB71: нд | AC71: нд | AD71: нд | AE71: нд | AF71: нд | AG71: нд | AH71: нд | AI71: нд | AJ71: нд | AK71: нд
A72: 1.2.1.1 | B72: Реконструкция трансформаторной подстанции ТП-116 с увеличением трансформаторной мощности с 180 на 630 кВА, Богородский г.о., г.Электроугли, ул.Большое Васильево | C72: O_41_КТП-116 | D72: =SUM(E72:H72) -> 0 | E72: 0 | F72: 0 | G72: 0 | H72: 0 | I72: =SUM(J72:M72) -> 0 | J72: 0 | K72: 0 | L72: 0 | M72: 0 | N72: 0 | O72: 0 | P72: 0 | Q72: 0 | R72: 0 | S72: =SUM(T72:W72) -> 0 | T72: 0 | U72: 0 | V72: 0 | W72: 0 | X72: нд | Y72: нд | Z72: нд | AA72: нд | AB72: нд | AC72: нд | AD72: нд | AE72: нд | AF72: нд | AG72: нд | AH72: нд | AI72: нд | AJ72: нд | AK72: нд
A73: 1.2.1.1 | B73: Реконструкция трансформаторной подстанции ТП-559 с увеличением трансформаторной мощности с 400 на 630 кВА, Богородский г.о., г.Электроугли, ул.Дубнинская | C73: O_42_КТП-559 | D73: =SUM(E73:H73) -> 0 | E73: 0 | F73: 0 | G73: 0 | H73: 0 | I73: =SUM(J73:M73) -> 0 | J73: 0 | K73: 0 | L73: 0 | M73: 0 | N73: 0 | O73: 0 | P73: 0 | Q73: 0 | R73: 0 | S73: =SUM(T73:W73) -> 0 | T73: 0 | U73: 0 | V73: 0 | W73: 0 | X73: нд | Y73: нд | Z73: нд | AA73: нд | AB73: нд | AC73: нд | AD73: нд | AE73: нд | AF73: нд | AG73: нд | AH73: нд | AI73: нд | AJ73: нд | AK73: нд
A74: 1.2.1.1 | B74: Реконструкция трансформаторной подстанции ТП-148 с увеличением трансформаторной мощности с 400 на 630 кВА, Богородский г.о., д.Вишняково | C74: O_43_КТП-148 | D74: =SUM(E74:H74) -> 5.4966256 | E74: 0 | F74: =0.73569514*1.2 -> 0.88283417 | G74: =3.62765586*1.2 -> 4.353187 | H74: =0.21717037*1.2 -> 0.26060444 | I74: =SUM(J74:M74) -> 0 | J74: 0 | K74: 0 | L74: 0 | M74: 0 | N74: 0 | O74: 0 | P74: 0 | Q74: 0 | R74: 0 | S74: =SUM(T74:W74) -> 0 | T74: 0 | U74: 0 | V74: 0 | W74: 0 | X74: нд | Y74: нд | Z74: нд | AA74: нд | AB74: нд | AC74: нд | AD74: нд | AE74: нд | AF74: нд | AG74: нд | AH74: нд | AI74: нд | AJ74: нд | AK74: нд
A75: 1.2.1.1 | B75: Реконструкция трансформаторной подстанции ТП-462 с увеличением трансформаторной мощности с 250 на 630 кВА, Богородский г.о., д.Булгаково | C75: O_44_КТП-462 | D75: =SUM(E75:H75) -> 0 | E75: 0 | F75: 0 | G75: 0 | H75: 0 | I75: =SUM(J75:M75) -> 0 | J75: 0 | K75: 0 | L75: 0 | M75: 0 | N75: 0 | O75: 0 | P75: 0 | Q75: 0 | R75: 0 | S75: =SUM(T75:W75) -> 0 | T75: 0 | U75: 0 | V75: 0 | W75: 0 | X75: нд | Y75: нд | Z75: нд | AA75: нд | AB75: нд | AC75: нд | AD75: нд | AE75: нд | AF75: нд | AG75: нд | AH75: нд | AI75: нд | AJ75: нд | AK75: нд
A76: 1.2.1.1 | B76: Реконструкция трансформаторной подстанции ТП-412 с увеличением трансформаторной мощности с 160 на 630 кВА, Богородский г.о., пос.им.Воровского | C76: O_45_КТП-412 | D76: =SUM(E76:H76) -> 0 | E76: 0 | F76: 0 | G76: 0 | H76: 0 | I76: =SUM(J76:M76) -> 0 | J76: 0 | K76: 0 | L76: 0 | M76: 0 | N76: 0 | O76: 0 | P76: 0 | Q76: 0 | R76: 0 | S76: =SUM(T76:W76) -> 0 | T76: 0 | U76: 0 | V76: 0 | W76: 0 | X76: нд | Y76: нд | Z76: нд | AA76: нд | AB76: нд | AC76: нд | AD76: нд | AE76: нд | AF76: нд | AG76: нд | AH76: нд | AI76: нд | AJ76: нд | AK76: нд
A77: 1.2.1.1 | B77: Реконструкция трансформаторной подстанции ТП-973 с увеличением трансформаторной мощности с 160 на 630 кВА, Богородский г.о., д.Шульгино | C77: O_46_КТП-973 | D77: =SUM(E77:H77) -> 0 | E77: 0 | F77: 0 | G77: 0 | H77: 0 | I77: =SUM(J77:M77) -> 0 | J77: 0 | K77: 0 | L77: 0 | M77: 0 | N77: 0 | O77: 0 | P77: 0 | Q77: 0 | R77: 0 | S77: =SUM(T77:W77) -> 0 | T77: 0 | U77: 0 | V77: 0 | W77: 0 | X77: нд | Y77: нд | Z77: нд | AA77: нд | AB77: нд | AC77: нд | AD77: нд | AE77: нд | AF77: нд | AG77: нд | AH77: нд | AI77: нд | AJ77: нд | AK77: нд
A78: 1.2.1.1 | B78: Реконструкция трансформаторной подстанции ТП-654 с увеличением трансформаторной мощности с 180 на 630 кВА, Богородский г.о., г.Ногинск | C78: O_47_КТП-654 | D78: =SUM(E78:H78) -> 0 | E78: 0 | F78: 0 | G78: 0 | H78: 0 | I78: =SUM(J78:M78) -> 0 | J78: 0 | K78: 0 | L78: 0 | M78: 0 | N78: 0 | O78: 0 | P78: 0 | Q78: 0 | R78: 0 | S78: =SUM(T78:W78) -> 0 | T78: 0 | U78: 0 | V78: 0 | W78: 0 | X78: нд | Y78: нд | Z78: нд | AA78: нд | AB78: нд | AC78: нд | AD78: нд | AE78: нд | AF78: нд | AG78: нд | AH78: нд | AI78: нд | AJ78: нд | AK78: нд
A79: 1.2.1.1 | B79: Реконструкция трансформаторной подстанции ТП-720 с увеличением трансформаторной мощности с 400 на 630 кВА, Богородский г.о., г.Ногинск | C79: O_48_КТП-720 | D79: =SUM(E79:H79) -> 0 | E79: 0 | F79: 0 | G79: 0 | H79: 0 | I79: =SUM(J79:M79) -> 0 | J79: 0 | K79: 0 | L79: 0 | M79: 0 | N79: 0 | O79: 0 | P79: 0 | Q79: 0 | R79: 0 | S79: =SUM(T79:W79) -> 0 | T79: 0 | U79: 0 | V79: 0 | W79: 0 | X79: нд | Y79: нд | Z79: нд | AA79: нд | AB79: нд | AC79: нд | AD79: нд | AE79: нд | AF79: нд | AG79: нд | AH79: нд | AI79: нд | AJ79: нд | AK79: нд
A80: 1.2.1.1 | B80: Реконструкция трансформаторной подстанции ТП-743 с увеличением трансформаторной мощности с 160 на 630 кВА, Богородский г.о., г.Ногинск | C80: O_49_КТП-743 | D80: =SUM(E80:H80) -> 0 | E80: 0 | F80: 0 | G80: 0 | H80: 0 | I80: =SUM(J80:M80) -> 0 | J80: 0 | K80: 0 | L80: 0 | M80: 0 | N80: 0 | O80: 0 | P80: 0 | Q80: 0 | R80: 0 | S80: =SUM(T80:W80) -> 0 | T80: 0 | U80: 0 | V80: 0 | W80: 0 | X80: нд | Y80: нд | Z80: нд | AA80: нд | AB80: нд | AC80: нд | AD80: нд | AE80: нд | AF80: нд | AG80: нд | AH80: нд | AI80: нд | AJ80: нд | AK80: нд
A81: 1.2.1.1 | B81: Реконструкция КРУН-Прогресс с заменой (3 шт.) и увеличением кол-ва ячеек на 1 шт. (до 4 шт.), Богородский г.о., г.Старая Купавна, ул.Советская | C81: O_50_КРУНПрогресс | D81: =SUM(E81:H81) -> 0 | E81: 0 | F81: 0 | G81: 0 | H81: 0 | I81: =SUM(J81:M81) -> 0 | J81: 0 | K81: 0 | L81: 0 | M81: 0 | N81: =I81-D81 -> 0 | O81: =J81-E81 -> 0 | P81: =K81-F81 -> 0 | Q81: =L81-G81 -> 0 | R81: =M81-H81 -> 0 | S81: =SUM(T81:W81) -> 0 | T81: 0 | U81: 0 | V81: 0 | W81: 0 | X81: нд | Y81: нд | Z81: нд | AA81: нд | AB81: нд | AC81: нд | AD81: нд | AE81: нд | AF81: нд | AG81: нд | AH81: нд | AI81: нд | AJ81: нд | AK81: нд
A82: 1.2.1.1 | B82: Реконструкция КРУН-378 с заменой (1 шт.) и увеличением кол-ва ячеек на 1 шт. (до 2 шт.), Богородский г.о., пос.им.Воровского СНТ "Первомаец" | C82: O_51_КРУН378 | D82: =SUM(E82:H82) -> 7.873382 | E82: 0 | F82: =0.28333054*1.2 -> 0.33999665 | G82: =6.00735952*1.2 -> 7.2088314 | H82: =0.27046159*1.2 -> 0.32455391 | I82: =SUM(J82:M82) -> 0 | J82: 0 | K82: 0 | L82: 0 | M82: 0 | N82: 0 | O82: 0 | P82: 0 | Q82: 0 | R82: 0 | S82: =SUM(T82:W82) -> 0 | T82: 0 | U82: 0 | V82: 0 | W82: 0 | X82: нд | Y82: нд | Z82: нд | AA82: нд | AB82: нд | AC82: нд | AD82: нд | AE82: нд | AF82: нд | AG82: нд | AH82: нд | AI82: нд | AJ82: нд | AK82: нд
A83: 1.2.1.1 | B83: Реконструкция КРУН-341 с заменой (1 шт.) и увеличением кол-ва ячеек на 1шт. (до 2 шт.), Богородский г.о., пос.им.Воровского, ул.Нижняя | C83: O_52_КРУН341 | D83: =SUM(E83:H83) -> 7.873382 | E83: 0 | F83: =0.28333054*1.2 -> 0.33999665 | G83: =6.00735952*1.2 -> 7.2088314 | H83: =0.27046159*1.2 -> 0.32455391 | I83: =SUM(J83:M83) -> 0 | J83: 0 | K83: 0 | L83: 0 | M83: 0 | N83: 0 | O83: 0 | P83: 0 | Q83: 0 | R83: 0 | S83: =SUM(T83:W83) -> 0 | T83: 0 | U83: 0 | V83: 0 | W83: 0 | X83: нд | Y83: нд | Z83: нд | AA83: нд | AB83: нд | AC83: нд | AD83: нд | AE83: нд | AF83: нд | AG83: нд | AH83: нд | AI83: нд | AJ83: нд | AK83: нд
A84: 1.2.1.2 | B84: Модернизация, техническое перевооружение трансформаторных и иных подстанций, распределительных пунктов, всего, в том числе: | D84: 0 | E84: 0 | F84: 0 | G84: 0 | H84: 0 | I84: 0 | J84: 0 | K84: 0 | L84: 0 | M84: 0 | N84: 0 | O84: 0 | P84: 0 | Q84: 0 | R84: 0 | S84: 0 | T84: 0 | U84: 0 | V84: 0 | W84: 0 | X84: нд | Y84: нд | Z84: нд | AA84: нд | AB84: нд | AC84: нд | AD84: нд | AE84: нд | AF84: нд | AG84: нд | AH84: нд | AI84: нд | AJ84: нд | AK84: нд
A85: 1.2.2. | B85: Реконструкция, модернизация, техническое перевооружение линий электропередачи, всего, в том числе: | D85: =D86+D116 -> 66.795422 | E85: =E86+E116 -> 0 | F85: =F86+F116 -> 46.550186 | G85: =G86+G116 -> 20.056248 | H85: =H86+H116 -> 0.18898816 | I85: =I86+I116 -> 0 | J85: =J86+J116 -> 0 | K85: =K86+K116 -> 0 | ... W85: =W86+W116 -> 0 | X85: нд | Y85: нд | Z85: нд | AA85: нд | AB85: нд | AC85: нд | AD85: нд | AE85: нд | AF85: нд | AG85: нд | AH85: нд | AI85: нд | AJ85: нд | AK85: нд
A86: 1.2.2.1 | B86: Реконструкция линий электропередачи, всего, в том числе: | D86: =SUM(D87:D115) -> 66.795422 | E86: =SUM(E87:E115) -> 0 | F86: =SUM(F87:F115) -> 46.550186 | G86: =SUM(G87:G115) -> 20.056248 | H86: =SUM(H87:H115) -> 0.18898816 | I86: =SUM(I87:I115) -> 0 | J86: =SUM(J87:J115) -> 0 | K86: =SUM(K87:K115) -> 0 | ... W86: =SUM(W87:W115) -> 0 | X86: нд | Y86: нд | Z86: нд | AA86: нд | AB86: нд | AC86: нд | AD86: нд | AE86: нд | AF86: нд | AG86: нд | AH86: нд | AI86: нд | AJ86: нд | AK86: нд
A87: 1.2.2.1 | B87: Реконструкция кабельной линии КЛ 6кВ ТП-925 - ТП-966, Богородский г.о., г.Старая Купавна (2 км) | C87: O_53_КЛ-6 ТП925-ТП966 | D87: =SUM(E87:H87) -> 16.294839 | E87: 0 | F87: =9.1560707*1.2 -> 10.987285 | G87: =4.38983659*1.2 -> 5.2678039 | H87: =0.03312552*1.2 -> 0.039750624 | I87: =SUM(J87:M87) -> 0 | J87: 0 | K87: 0 | L87: 0 | M87: 0 | N87: 0 | O87: 0 | P87: 0 | Q87: 0 | R87: 0 | S87: =SUM(T87:W87) -> 0 | T87: 0 | U87: 0 | V87: 0 | W87: 0 | X87: нд | Y87: нд | Z87: нд | AA87: нд | AB87: нд | AC87: нд | AD87: нд | AE87: нд | AF87: нд | AG87: нд | AH87: нд | AI87: нд | AJ87: нд | AK87: нд
A88: 1.2.2.1 | B88: Реконструкция кабельной линии КЛ 6кВ ТП-927 - ТП-966, Богородский г.о., г.Старая Купавна (1,7 км) | C88: O_54_КЛ-6 ТП927-ТП966 | D88: =SUM(E88:H88) -> 13.821241 | E88: 0 | F88: =7.74974816*1.2 -> 9.2996978 | G88: =3.73482683*1.2 -> 4.4817922 | H88: =0.03312552*1.2 -> 0.039750624 | I88: =SUM(J88:M88) -> 0 | J88: 0 | K88: 0 | L88: 0 | M88: 0 | N88: 0 | O88: 0 | P88: 0 | Q88: 0 | R88: 0 | S88: =SUM(T88:W88) -> 0 | T88: 0 | U88: 0 | V88: 0 | W88: 0 | X88: нд | Y88: нд | Z88: нд | AA88: нд | AB88: нд | AC88: нд | AD88: нд | AE88: нд | AF88: нд | AG88: нд | AH88: нд | AI88: нд | AJ88: нд | AK88: нд
A89: 1.2.2.1 | B89: Реконструкция кабельной линии КЛ 6кВ ЦРП-А - ТП-917, Богородский г.о., г.Старая Купавна (1,2 км) | C89: O_55_КЛ-6 ЦРП-А-ТП917 | D89: =SUM(E89:H89) -> 12.961726 | E89: 0 | F89: =8.03052976*1.2 -> 9.6366357 | G89: =2.74049581*1.2 -> 3.288595 | H89: =0.03041303*1.2 -> 0.036495636 | I89: =SUM(J89:M89) -> 0 | J89: 0 | K89: 0 | L89: 0 | M89: 0 | N89: 0 | O89: 0 | P89: 0 | Q89: 0 | R89: 0 | S89: =SUM(T89:W89) -> 0 | T89: 0 | U89: 0 | V89: 0 | W89: 0 | X89: нд | Y89: нд | Z89: нд | AA89: нд | AB89: нд | AC89: нд | AD89: нд | AE89: нд | AF89: нд | AG89: нд | AH89: нд | AI89: нд | AJ89: нд | AK89: нд
A90: 1.2.2.1 | B90: Реконструкция кабельной линии КЛ 6кВ ТП-803 - ТП-804, г.о.Электросталь, пос.Новые Дома (0,4 км) | C90: O_56_КЛ-6 ТП803-ТП804 | D90: =SUM(E90:H90) -> 0 | E90: 0 | F90: 0 | G90: 0 | H90: 0 | I90: =SUM(J90:M90) -> 0 | J90: 0 | K90: 0 | L90: 0 | M90: 0 | N90: 0 | O90: 0 | P90: 0 | Q90: 0 | R90: 0 | S90: =SUM(T90:W90) -> 0 | T90: 0 | U90: 0 | V90: 0 | W90: 0 | X90: нд | Y90: нд | Z90: нд | AA90: нд | AB90: нд | AC90: нд | AD90: нд | AE90: нд | AF90: нд | AG90: нд | AH90: нд | AI90: нд | AJ90: нд | AK90: нд
A91: 1.2.2.1 | B91: Реконструкция кабельной линии КЛ 6кВ ТП-910 - ТП-917, Богородский г.о.,г.Старая Купавна (0,9 км) | C91: O_57_КЛ-6 ТП910-ТП917 | D91: =SUM(E91:H91) -> 0 | E91: 0 | F91: 0 | G91: 0 | H91: 0 | I91: =SUM(J91:M91) -> 0 | J91: 0 | K91: 0 | L91: 0 | M91: 0 | N91: 0 | O91: 0 | P91: 0 | Q91: 0 | R91: 0 | S91: =SUM(T91:W91) -> 0 | T91: 0 | U91: 0 | V91: 0 | W91: 0 | X91: нд | Y91: нд | Z91: нд | AA91: нд | AB91: нд | AC91: нд | AD91: нд | AE91: нд | AF91: нд | AG91: нд | AH91: нд | AI91: нд | AJ91: нд | AK91: нд
A92: 1.2.2.1 | B92: Реконструкция кабельной линии КЛ 6кВ ТП-966 - ТП-967, Богородский г.о.,г.Старая Купавна (0,35 км) | C92: O_58_КЛ-6 ТП966-ТП967 | D92: =SUM(E92:H92) -> 0 | E92: 0 | F92: 0 | G92: 0 | H92: 0 | I92: =SUM(J92:M92) -> 0 | J92: 0 | K92: 0 | L92: 0 | M92: 0 | N92: 0 | O92: 0 | P92: 0 | Q92: 0 | R92: 0 | S92: =SUM(T92:W92) -> 0 | T92: 0 | U92: 0 | V92: 0 | W92: 0 | X92: нд | Y92: нд | Z92: нд | AA92: нд | AB92: нд | AC92: нд | AD92: нд | AE92: нд | AF92: нд | AG92: нд | AH92: нд | AI92: нд | AJ92: нд | AK92: нд
A93: 1.2.2.1 | B93: Реконструкция кабельной линии КЛ 6кВ ТП-540 - ТП-646, Богородский г.о., г.Ногинск, д.Пешково (1,35 км) | C93: O_59_КЛ-6 ТП540-ТП646 | D93: =SUM(E93:H93) -> 8.8227219 | E93: 0 | F93: =4.97772878*1.2 -> 5.9732745 | G93: =2.34412641*1.2 -> 2.8129517 | H93: =0.03041303*1.2 -> 0.036495636 | I93: =SUM(J93:M93) -> 0 | J93: 0 | K93: 0 | L93: 0 | M93: 0 | N93: 0 | O93: 0 | P93: 0 | Q93: 0 | R93: 0 | S93: =SUM(T93:W93) -> 0 | T93: 0 | U93: 0 | V93: 0 | W93: 0 | X93: нд | Y93: нд | Z93: нд | AA93: нд | AB93: нд | AC93: нд | AD93: нд | AE93: нд | AF93: нд | AG93: нд | AH93: нд | AI93: нд | AJ93: нд | AK93: нд
A94: 1.2.2.1 | B94: Реконструкция кабельной линии КЛ 6кВ ТП-518 - ТП-654, Богородский г.о., г.Ногинск (0,79 км) | C94: O_60_КЛ-6 ТП518-ТП654 | D94: =SUM(E94:H94) -> 0 | E94: 0 | F94: 0 | G94: 0 | H94: 0 | I94: =SUM(J94:M94) -> 0 | J94: 0 | K94: 0 | L94: 0 | M94: 0 | N94: 0 | O94: 0 | P94: 0 | Q94: 0 | R94: 0 | S94: =SUM(T94:W94) -> 0 | T94: 0 | U94: 0 | V94: 0 | W94: 0 | X94: нд | Y94: нд | Z94: нд | AA94: нд | AB94: нд | AC94: нд | AD94: нд | AE94: нд | AF94: нд | AG94: нд | AH94: нд | AI94: нд | AJ94: нд | AK94: нд
A95: 1.2.2.1 | B95: Реконструкция кабельной линии КЛ 6кВ ТП-720 - ТП-743, Богородский г.о., г.Ногинск (0,85 км) | C95: O_61_КЛ-6 ТП720-ТП743 | D95: =SUM(E95:H95) -> 0 | E95: 0 | F95: 0 | G95: 0 | H95: 0 | I95: =SUM(J95:M95) -> 0 | J95: 0 | K95: 0 | L95: 0 | M95: 0 | N95: 0 | O95: 0 | P95: 0 | Q95: 0 | R95: 0 | S95: =SUM(T95:W95) -> 0 | T95: 0 | U95: 0 | V95: 0 | W95: 0 | X95: нд | Y95: нд | Z95: нд | AA95: нд | AB95: нд | AC95: нд | AD95: нд | AE95: нд | AF95: нд | AG95: нд | AH95: нд | AI95: нд | AJ95: нд | AK95: нд
A96: 1.2.2.1 | B96: Реконструкция кабельной линии КЛ 6кВ ТП-928 - ТП-929, Богородский г.о., г.Старая Купавна (1,31 км) | C96: O_62_КЛ-6 ТП928-ТП929 | D96: =SUM(E96:H96) -> 0 | E96: 0 | F96: 0 | G96: 0 | H96: 0 | I96: =SUM(J96:M96) -> 0 | J96: 0 | K96: 0 | L96: 0 | M96: 0 | N96: 0 | O96: 0 | P96: 0 | Q96: 0 | R96: 0 | S96: =SUM(T96:W96) -> 0 | T96: 0 | U96: 0 | V96: 0 | W96: 0 | X96: нд | Y96: нд | Z96: нд | AA96: нд | AB96: нд | AC96: нд | AD96: нд | AE96: нд | AF96: нд | AG96: нд | AH96: нд | AI96: нд | AJ96: нд | AK96: нд
A97: 1.2.2.1 | B97: Реконструкция кабельной линии КЛ 6кВ ТП-46 - ТП-514, Богородский г.о., г.Ногинск (0,69 км) | C97: O_63_КЛ-6 ТП46-ТП514 | D97: =SUM(E97:H97) -> 0 | E97: 0 | F97: 0 | G97: 0 | H97: 0 | I97: =SUM(J97:M97) -> 0 | J97: 0 | K97: 0 | L97: 0 | M97: 0 | N97: 0 | O97: 0 | P97: 0 | Q97: 0 | R97: 0 | S97: =SUM(T97:W97) -> 0 | T97: 0 | U97: 0 | V97: 0 | W97: 0 | X97: нд | Y97: нд | Z97: нд | AA97: нд | AB97: нд | AC97: нд | AD97: нд | AE97: нд | AF97: нд | AG97: нд | AH97: нд | AI97: нд | AJ97: нд | AK97: нд
A98: 1.2.2.1 | B98: Реконструкция кабельной линии КЛ 6кВ РП-561 - ТП-889, Богородский г.о., г.Ногинск (п.Красный Электрик - п.Бензоколонка) (5,2 км) | C98: O_64_КЛ-6 РП561-ТП889 | D98: =SUM(E98:H98) -> 0 | E98: 0 | F98: 0 | G98: 0 | H98: 0 | I98: =SUM(J98:M98) -> 0 | J98: 0 | K98: 0 | L98: 0 | M98: 0 | N98: 0 | O98: 0 | P98: 0 | Q98: 0 | R98: 0 | S98: =SUM(T98:W98) -> 0 | T98: 0 | U98: 0 | V98: 0 | W98: 0 | X98: нд | Y98: нд | Z98: нд | AA98: нд | AB98: нд | AC98: нд | AD98: нд | AE98: нд | AF98: нд | AG98: нд | AH98: нд | AI98: нд | AJ98: нд | AK98: нд
A99: 1.2.2.1 | B99: Реконструкция кабельной линии КЛ 6кВ КРУН-21 - РП-267 с установкой КРУН (РП), Богородский г.о., п.Обухово (5,5 км) | C99: O_65_КЛ-6 КРУН21-РП267 | D99: =SUM(E99:H99) -> 0 | E99: 0 | F99: 0 | G99: 0 | H99: 0 | I99: =SUM(J99:M99) -> 0 | J99: 0 | K99: 0 | L99: 0 | M99: 0 | N99: 0 | O99: 0 | P99: 0 | Q99: 0 | R99: 0 | S99: =SUM(T99:W99) -> 0 | T99: 0 | U99: 0 | V99: 0 | W99: 0 | X99: нд | Y99: нд | Z99: нд | AA99: нд | AB99: нд | AC99: нд | AD99: нд | AE99: нд | AF99: нд | AG99: нд | AH99: нд | AI99: нд | AJ99: нд | AK99: нд
A100: 1.2.2.1 | B100: Реконструкция кабельной линии КЛ 6кВ ТП-183 - ТП-737 с установкой КРУН в направлении к ТП-731, Богородский г.о., г.Ногинск (1,6 км) | C100: O_66_КЛ-6 ТП183-ТП737 | D100: =SUM(E100:H100) -> 0 | E100: 0 | F100: 0 | G100: 0 | H100: 0 | I100: =SUM(J100:M100) -> 0 | J100: 0 | K100: 0 | L100: 0 | M100: 0 | N100: 0 | O100: 0 | P100: 0 | Q100: 0 | R100: 0 | S100: =SUM(T100:W100) -> 0 | T100: 0 | U100: 0 | V100: 0 | W100: 0 | X100: нд | Y100: нд | Z100: нд | AA100: нд | AB100: нд | AC100: нд | AD100: нд | AE100: нд | AF100: нд | AG100: нд | AH100: нд | AI100: нд | AJ100: нд | AK100: нд
A101: 1.2.2.1 | B101: Реконструкция кабельной линии КЛ 6кВ РП-286 - опора ВЛ в направлении КРУН-263 с установкой КРУН, Богородский г.о., г.Электроугли (1,01 км) | C101: O_67_КЛ-6 РП286-КРУН263-опора | D101: =SUM(E101:H101) -> 0 | E101: 0 | F101: 0 | G101: 0 | H101: 0 | I101: =SUM(J101:M101) -> 0 | J101: 0 | K101: 0 | L101: 0 | M101: 0 | N101: 0 | O101: 0 | P101: 0 | Q101: 0 | R101: 0 | S101: =SUM(T101:W101) -> 0 | T101: 0 | U101: 0 | V101: 0 | W101: 0 | X101: нд | Y101: нд | Z101: нд | AA101: нд | AB101: нд | AC101: нд | AD101: нд | AE101: нд | AF101: нд | AG101: нд | AH101: нд | AI101: нд | AJ101: нд | AK101: нд
A102: 1.2.2.1 | B102: Реконструкция кабельной линии КЛ 10кВ ТП-314 - ТП-1410, Богородский г.о., пос.им.Воровского (1,9 км) | C102: O_68_КЛ-10 ТП314-ТП1410 | D102: =SUM(E102:H102) -> 0 | E102: 0 | F102: 0 | G102: 0 | H102: 0 | I102: =SUM(J102:M102) -> 0 | J102: 0 | K102: 0 | L102: 0 | M102: 0 | N102: 0 | O102: 0 | P102: 0 | Q102: 0 | R102: 0 | S102: =SUM(T102:W102) -> 0 | T102: 0 | U102: 0 | V102: 0 | W102: 0 | X102: нд | Y102: нд | Z102: нд | AA102: нд | AB102: нд | AC102: нд | AD102: нд | AE102: нд | AF102: нд | AG102: нд | AH102: нд | AI102: нд | AJ102: нд | AK102: нд
A103: 1.2.2.1 | B103: Реконструкция кабельной линии КЛ 10кВ ТП-427 - ТП-460 с установкой КРУН в направлении к ТП-435, Богородский г.о., пос.им.Воровского (3,6 км) | C103: O_69_КЛ-10 ТП427-ТП460 | D103: =SUM(E103:H103) -> 0 | E103: 0 | F103: 0 | G103: 0 | H103: 0 | I103: =SUM(J103:M103) -> 0 | J103: 0 | K103: 0 | L103: 0 | M103: 0 | N103: 0 | O103: 0 | P103: 0 | Q103: 0 | R103: 0 | S103: =SUM(T103:W103) -> 0 | T103: 0 | U103: 0 | V103: 0 | W103: 0 | X103: нд | Y103: нд | Z103: нд | AA103: нд | AB103: нд | AC103: нд | AD103: нд | AE103: нд | AF103: нд | AG103: нд | AH103: нд | AI103: нд | AJ103: нд | AK103: нд
A104: 1.2.2.1 | B104: Реконструкция воздушной линии ВЛ 6кВ фидер 18/ПС-414 с установкой КРУН, Богородский г.о., д.Белая-пос.им.Воровского (4,25 км) | C104: O_70_ВЛ-6 фидер18/ПС414 | D104: =SUM(E104:H104) -> 0 | E104: 0 | F104: 0 | G104: 0 | H104: 0 | I104: =SUM(J104:M104) -> 0 | J104: 0 | K104: 0 | L104: 0 | M104: 0 | N104: 0 | O104: 0 | P104: 0 | Q104: 0 | R104: 0 | S104: =SUM(T104:W104) -> 0 | T104: 0 | U104: 0 | V104: 0 | W104: 0 | X104: нд | Y104: нд | Z104: нд | AA104: нд | AB104: нд | AC104: нд | AD104: нд | AE104: нд | AF104: нд | AG104: нд | AH104: нд | AI104: нд | AJ104: нд | AK104: нд
...

Sheet 8
ED1: Приложение № 8
ED2: к приказу Минэнерго России
ED3: от 24 марта 2010 г. № 114
A5: Отчет об источниках финансирования | BP5: инвестиционных программ, млн. рублей
A6: (представляется | BP6: ежеквартально)
ED8: Утверждаю
ED9: Генеральный директор АО "БЭС"
DL11: В.С. Тебиев
DL12: « | DO12: » | DX12: 20 | DZ12: 26 | EB12: года
ED13: М. П.
A15: №№ | E15: Источник финансирования | AB15: Объем | BP15: финансирования | DD15: Причины отклонений
BP16: 2026 год
AB17: всего | AR17: 1 кв. | BH17: 2 кв. | BX17: 3 кв. | CN17: 4 кв.
AB18: план* | AJ18: факт** | AR18: план | AZ18: факт | BH18: план | BP18: факт | BX18: план | CF18: факт | CN18: план | CV18: факт
A19: 1 | E19: Собственные средства | AB19: =AR19+BH19+BX19+CN19 -> 174.22016 | AJ19: =AZ19+BP19+CF19+CV19 -> 47.978656 | AR19: =AR31+AR36 -> 0 | AZ19: =AZ31+AZ36 -> 0 | BH19: =BH31+BH36 -> 47.192121 | BP19: =BP31+BP36 -> 47.978656 | BX19: =BX31+BX36 -> 100.17616 | CF19: =CF31+CF36 -> 0 | CN19: =CN31+CN36 -> 26.851876 | CV19: =CV31+CV36 -> 0
A20: 1.1. | E20: Прибыль, направляемая на инвестиции:
A21: 1.1.1. | E21: в т. ч. инвестиционная составляющая
E22: в тарифе
A23: 1.1.2. | E23: в т. ч. прибыль со свободного сектора
A24: 1.1.3. | E24: в т. ч. от технологического присоедине-
E25: ния (для электросетевых компаний)
A26: 1.1.3.1. | E26: в т. ч. от технологического присоедине-
E27: ния генерации
A28: 1.1.3.2. | E28: в т. ч. от технологического присоедине-
E29: ния потребителей
A30: 1.1.4. | E30: Прочая прибыль
A31: 1.2. | E31: Амортизация | AB31: =AR31+BH31+BX31+CN31 -> 145.18346 | AJ31: =AZ31+BP31+CF31+CV31 -> 39.326767 | AR31: ='7.1'!G18/1.22 -> 0 | AZ31: ='7.1'!H18/1.22 -> 0 | BH31: ='7.1'!I18/1.2 -> 39.326767 | BP31: ='7.1'!J18/1.22 -> 39.326767 | BX31: ='7.1'!K18/1.2 -> 83.480133 | CF31: ='7.1'!L18/1.22 -> 0 | CN31: ='7.1'!M18/1.2 -> 22.376563 | CV31: ='7.1'!N18/1.22 -> 0
A32: 1.2.1. | E32: Амортизация, учтенная в тарифе
A33: 1.2.2. | E33: Прочая амортизация
A34: 1.2.3. | E34: Недоиспользованная амортизация
E35: прошлых лет
A36: 1.3. | E36: Возврат НДС | AB36: =AR36+BH36+BX36+CN36 -> 29.036693 | AJ36: =AZ36+BP36+CF36+CV36 -> 8.6518888 | AR36: =AR31*22% -> 0 | AZ36: =AZ31*22% -> 0 | BH36: =BH31*20% -> 7.8653535 | BP36: =BP31*22% -> 8.6518888 | BX36: =BX31*20% -> 16.696027 | CF36: =CF31*22% -> 0 | CN36: =CN31*20% -> 4.4753127 | CV36: =CV31*22% -> 0
A37: 1.4. | E37: Прочие собственные средства
A38: 1.4.1. | E38: в т.ч. средства допэмиссии
A39: 1.5. | E39: Остаток собственных средств
E40: на начало года
A41: 2. | E41: Привлеченные средства, в т. ч.: | AB41: 0 | AJ41: 0 | AR41: 0 | AZ41: 0 | BH41: 0 | BP41: 0 | BX41: 0 | CF41: 0 | CN41: 0 | CV41: 0
A42: 2.1. | E42: Кредиты
A43: 2.2. | E43: Облигационные займы
A44: 2.3. | E44: Займы организаций
A45: 2.4. | E45: Бюджетное финансирование
A46: 2.5. | E46: Средства внешних инвесторов
A47: 2.6. | E47: Использование лизинга
A48: 2.7. | E48: Прочие привлеченные средства
E49: ВСЕГО источников финансирования | AB49: =AB19+AB41 -> 174.22016 | AJ49: =AJ19+AJ41 -> 47.978656 | AR49: =AR19+AR41 -> 0 | AZ49: =AZ19+AZ41 -> 0 | BH49: =BH19+BH41 -> 47.192121 | BP49: =BP19+BP41 -> 47.978656 | BX49: =BX19+BX41 -> 100.17616 | CF49: =CF19+CF41 -> 0 | CN49: =CN19+CN41 -> 26.851876 | CV49: =CV19+CV41 -> 0
E50: для ОГК/ТГК, в том числе
E51: ДПМ
E52: вне ДПМ
A55: * План в соответствии с утвержденной инвестиционной программой.
A56: ** Накопленным итогом за год.

Sheet 9
W1: Приложение № 13
U2: к приказу Минэнерго России
W3: от 24 марта 2010 №114
A4: Отчет о вводах/выводах объектов инвестиционной программы АО "БЭС" за 2 квартал 2026 года
W6: Утверждаю
W7: Генеральный директор АО "БЭС"
W9: В.С. Тебиев
W11: "____"______________2026 года
W12: М.П.
A14: Номер группы инвести-ционных проектов | B14: Наименование инвестиционного проекта (группы инвестиционных проектов) | D14: Ввод мощностей | N14: Вывод мощностей
D15: план | I15: факт | N15: план | S15: факт
D16: МВт, Гкал/час, км, МВА, шт. | I16: МВт, Гкал/час, км, МВА, шт. | N16: МВт, Гкал/час, км, МВА, шт. | S16: МВт, Гкал/час, км, МВА, шт.
D17: 1 кв. | E17: 2 кв. | F17: 3 кв. | G17: 4 кв. | H17: 2026 | I17: 1 кв. | J17: 2 кв. | K17: 3 кв. | L17: 4 кв. | M17: 2026 | N17: 1 кв. | O17: 2 кв. | P17: 3 кв. | Q17: 4 кв. | R17: 2026 | S17: 1 кв. | T17: 2 кв. | U17: 3 кв. | V17: 4 кв. | W17: 2026
A18: 1 | B18: 2 | D18: 3 | E18: 4 | F18: 5 | G18: 6 | H18: 7 | I18: 8 | J18: 9 | K18: 10 | L18: 11 | M18: 12 | N18: 13 | O18: 14 | P18: 15 | Q18: 16 | R18: 17 | S18: 18 | T18: 19 | U18: 20 | V18: 21 | W18: 22
A19: 0 | B19: ИТОГО по инвестиционной программе | D19: нд | E19: нд | F19: нд | G19: нд | H19: нд | I19: нд | J19: нд | K19: нд | L19: нд | M19: нд | N19: нд | O19: нд | P19: нд | Q19: нд | R19: нд | S19: нд | T19: нд | U19: нд | V19: нд | W19: нд
A20: 0.1 | B20: Технологическое присоединение, всего | D20: нд | E20: нд | F20: нд | G20: нд | H20: нд | I20: нд | J20: нд | K20: нд | L20: нд | M20: нд | N20: нд | O20: нд | P20: нд | Q20: нд | R20: нд | S20: нд | T20: нд | U20: нд | V20: нд | W20: нд
A21: 0.2 | B21: Реконструкция, модернизация, техническое перевооружение, всего | D21: нд | E21: нд | F21: нд | G21: нд | H21: нд | I21: нд | J21: нд | K21: нд | L21: нд | M21: нд | N21: нд | O21: нд | P21: нд | Q21: нд | R21: нд | S21: нд | T21: нд | U21: нд | V21: нд | W21: нд
A22: 0.3 | B22: Инвестиционные проекты, реализация которых обуславливается схемами и программами перспективного развития электроэнергетики, всего | D22: нд | E22: нд | F22: нд | G22: нд | H22: нд | I22: нд | J22: нд | K22: нд | L22: нд | M22: нд | N22: нд | O22: нд | P22: нд | Q22: нд | R22: нд | S22: нд | T22: нд | U22: нд | V22: нд | W22: нд
A23: 0.4 | B23: Прочее новое строительство объектов электросетевого хозяйства, всего | D23: нд | E23: нд | F23: нд | G23: нд | H23: нд | I23: нд | J23: нд | K23: нд | L23: нд | M23: нд | N23: нд | O23: нд | P23: нд | Q23: нд | R23: нд | S23: нд | T23: нд | U23: нд | V23: нд | W23: нд
A24: 0.5 | B24: Покупка земельных участков для целей реализации инвестиционных проектов, всего | D24: нд | E24: нд | F24: нд | G24: нд | H24: нд | I24: нд | J24: нд | K24: нд | L24: нд | M24: нд | N24: нд | O24: нд | P24: нд | Q24: нд | R24: нд | S24: нд | T24: нд | U24: нд | V24: нд | W24: нд
A25: 0.6 | B25: Прочие инвестиционные проекты, всего | D25: нд | E25: нд | F25: нд | G25: нд | H25: нд | I25: нд | J25: нд | K25: нд | L25: нд | M25: нд | N25: нд | O25: нд | P25: нд | Q25: нд | R25: нд | S25: нд | T25: нд | U25: нд | V25: нд | W25: нд
A26: 1 | B26: Московская обл., Богородский г.о., г.о.Электросталь | D26: нд | E26: нд | F26: нд | G26: нд | H26: нд | I26: нд | J26: нд | K26: нд | L26: нд | M26: нд | N26: нд | O26: нд | P26: нд | Q26: нд | R26: нд | S26: нд | T26: нд | U26: нд | V26: нд | W26: нд
A27: 1.1. | B27: Технологическое присоединение, всего, в том числе: | D27: нд | E27: нд | F27: нд | G27: нд | H27: нд | I27: нд | J27: нд | K27: нд | L27: нд | M27: нд | N27: нд | O27: нд | P27: нд | Q27: нд | R27: нд | S27: нд | T27: нд | U27: нд | V27: нд | W27: нд
A28: 1.1.1. | B28: Технологическое присоединение энергопринимающих устройств потребителей, всего, в том числе: | D28: нд | E28: нд | F28: нд | G28: нд | H28: нд | I28: нд | J28: нд | K28: нд | L28: нд | M28: нд | N28: нд | O28: нд | P28: нд | Q28: нд | R28: нд | S28: нд | T28: нд | U28: нд | V28: нд | W28: нд
A29: 1.1.1.1 | B29: Технологическое присоединение энергопринимающих устройств потребителей максимальной мощностью до 15 кВт включительно, всего | D29: нд | E29: нд | F29: нд | G29: нд | H29: нд | I29: нд | J29: нд | K29: нд | L29: нд | M29: нд | N29: нд | O29: нд | P29: нд | Q29: нд | R29: нд | S29: нд | T29: нд | U29: нд | V29: нд | W29: нд
A30: 1.1.1.2 | B30: Технологическое присоединение энергопринимающих устройств потребителей максимальной мощностью до 150 кВт включительно, всего | D30: нд | E30: нд | F30: нд | G30: нд | H30: нд | I30: нд | J30: нд | K30: нд | L30: нд | M30: нд | N30: нд | O30: нд | P30: нд | Q30: нд | R30: нд | S30: нд | T30: нд | U30: нд | V30: нд | W30: нд
A31: 1.1.1.3 | B31: Технологическое присоединение энергопринимающих устройств потребителей свыше 150 кВт, всего, в том числе: | D31: нд | E31: нд | F31: нд | G31: нд | H31: нд | I31: нд | J31: нд | K31: нд | L31: нд | M31: нд | N31: нд | O31: нд | P31: нд | Q31: нд | R31: нд | S31: нд | T31: нд | U31: нд | V31: нд | W31: нд
A32: 1.1.2. | B32: Технологическое присоединение объектов электросетевого хозяйства, всего, в том числе: | D32: нд | E32: нд | F32: нд | G32: нд | H32: нд | I32: нд | J32: нд | K32: нд | L32: нд | M32: нд | N32: нд | O32: нд | P32: нд | Q32: нд | R32: нд | S32: нд | T32: нд | U32: нд | V32: нд | W32: нд
A33: 1.1.2.1 | B33: Технологическое присоединение объектов электросетевого хозяйства, принадлежащих иным сетевым организациям и иным лицам, всего, в том числе: | D33: нд | E33: нд | F33: нд | G33: нд | H33: нд | I33: нд | J33: нд | K33: нд | L33: нд | M33: нд | N33: нд | O33: нд | P33: нд | Q33: нд | R33: нд | S33: нд | T33: нд | U33: нд | V33: нд | W33: нд
A34: 1.1.2.2 | B34: Технологическое присоединение к электрическим сетям иных сетевых организаций, всего, в том числе: | D34: нд | E34: нд | F34: нд | G34: нд | H34: нд | I34: нд | J34: нд | K34: нд | L34: нд | M34: нд | N34: нд | O34: нд | P34: нд | Q34: нд | R34: нд | S34: нд | T34: нд | U34: нд | V34: нд | W34: нд
A35: 1.1.3. | B35: Технологическое присоединение объектов по производству электрической энергии, всего, в том числе: | D35: нд | E35: нд | F35: нд | G35: нд | H35: нд | I35: нд | J35: нд | K35: нд | L35: нд | M35: нд | N35: нд | O35: нд | P35: нд | Q35: нд | R35: нд | S35: нд | T35: нд | U35: нд | V35: нд | W35: нд
A36: 1.1.3.1 | B36: Наименование объекта по производству электрической энергии, всего, в том числе: | D36: нд | E36: нд | F36: нд | G36: нд | H36: нд | I36: нд | J36: нд | K36: нд | L36: нд | M36: нд | N36: нд | O36: нд | P36: нд | Q36: нд | R36: нд | S36: нд | T36: нд | U36: нд | V36: нд | W36: нд
A37: 1.1.3.1 | B37: Строительство новых объектов электросетевого хозяйства (за исключением усиления существующей электрической сети) в целях осуществления технологического присоединения объекта по производству электрической энергии, всего, в том числе: | D37: нд | E37: нд | F37: нд | G37: нд | H37: нд | I37: нд | J37: нд | K37: нд | L37: нд | M37: нд | N37: нд | O37: нд | P37: нд | Q37: нд | R37: нд | S37: нд | T37: нд | U37: нд | V37: нд | W37: нд
A38: 1.1.3.1 | B38: Строительство новых объектов электросетевого хозяйства для усиления электрической сети в целях осуществления технологического присоединения объекта по производству электрической энергии, всего, в том числе: | D38: нд | E38: нд | F38: нд | G38: нд | H38: нд | I38: нд | J38: нд | K38: нд | L38: нд | M38: нд | N38: нд | O38: нд | P38: нд | Q38: нд | R38: нд | S38: нд | T38: нд | U38: нд | V38: нд | W38: нд
... A49: 1.2.1.1 | B49: Реконструкция трансформаторных и иных подстанций, всего, в том числе: | D49: нд | E49: нд | F49: нд | G49: нд | H49: нд | I49: нд | J49: нд | K49: нд | L49: нд | M49: нд | N49: нд | O49: нд | P49: нд | Q49: нд | R49: нд | S49: нд | T49: нд | U49: нд | V49: нд | W49: нд
A50: 1.2.1.1 | B50: Реконструкция распределительной подстанции РП-1215, с заменой (13 шт.) и увеличением кол-ва ячеек на 3шт. (до 16 шт.), Богородский г.о., г.Ногинск, ул.Трудовая | C50: O_16_РП-1215 | D50: 0 | E50: 0 | F50: 0 | G50: 0 | H50: =D50+E50+F50+G50 -> 0 | I50: 0 | J50: 0 | K50: 0 | L50: 0 | M50: =I50+J50+K50+L50 -> 0 | N50: 0 | O50: 0 | P50: 0 | Q50: 0 | R50: =N50+O50+P50+Q50 -> 0 | S50: 0 | T50: 0 | U50: 0 | V50: 0 | W50: =S50+T50+U50+V50 -> 0
A51: 1.2.1.1 | B51: Реконструкция распределительной подстанции РП-918, с заменой (8 шт.) и увеличением кол-ва ячеек на 2 шт. (до 10 шт.), Богородский г.о., г.Старая Купавна, ул.Дорожная | C51: O_17_РП-918 | D51: 0 | E51: 0 | F51: 0 | G51: 0 | H51: =D51+E51+F51+G51 -> 0 | I51: 0 | J51: 0 | K51: 0 | L51: 0 | M51: =I51+J51+K51+L51 -> 0 | N51: 0 | O51: 0 | P51: 0 | Q51: 0 | R51: =N51+O51+P51+Q51 -> 0 | S51: 0 | T51: 0 | U51: 0 | V51: 0 | W51: =S51+T51+U51+V51 -> 0
A52: 1.2.1.1 | B52: Реконструкция распределительной подстанции РП-131, с заменой (15 шт.) и увеличением кол-ва ячеек на 1 шт. (до 16 шт.), Богородский г.о., пос.Обухово, ул.Комбинат | C52: O_18_РП-131 | D52: 0 | E52: 16 | F52: 0 | G52: 0 | H52: =D52+E52+F52+G52 -> 16 | I52: 0 | J52: 16 | K52: 0 | L52: 0 | M52: =I52+J52+K52+L52 -> 16 | N52: 0 | O52: 15 | P52: 0 | Q52: 0 | R52: =N52+O52+P52+Q52 -> 15 | S52: 0 | T52: 15 | U52: 0 | V52: 0 | W52: =S52+T52+U52+V52 -> 15
A53: 1.2.1.1 | B53: Реконструкция распределительной подстанции РП-106, с заменой (6 шт.) и увеличением кол-ва ячеек на 2 шт. (до 8 шт.), Богородский г.о., г.Ногинск, ул.2-й Речной пр-зд | C53: O_19_РП-106 | D53: 0 | E53: 0 | F53: 8 | G53: 0 | H53: =D53+E53+F53+G53 -> 8 | I53: 0 | J53: 0 | K53: 0 | L53: 0 | M53: =I53+J53+K53+L53 -> 0 | N53: 0 | O53: 0 | P53: 6 | Q53: 0 | R53: =N53+O53+P53+Q53 -> 6 | S53: 0 | T53: 0 | U53: 0 | V53: 0 | W53: =S53+T53+U53+V53 -> 0
A54: 1.2.1.1 | B54: Реконструкция распределительной подстанции РП-9, с заменой (12 шт.) и увеличением кол-ва ячеек на 4 шт. (до 16 шт.), Богородский г.о., г.Ногинск, ул.Рабочая | C54: O_20_РП-9 | D54: 0 | E54: 0 | F54: 0 | G54: 0 | H54: =D54+E54+F54+G54 -> 0 | I54: 0 | J54: 0 | K54: 0 | L54: 0 | M54: =I54+J54+K54+L54 -> 0 | N54: 0 | O54: 0 | P54: 0 | Q54: 0 | R54: =N54+O54+P54+Q54 -> 0 | S54: 0 | T54: 0 | U54: 0 | V54: 0 | W54: =S54+T54+U54+V54 -> 0
A55: 1.2.1.1 | B55: Реконструкция распределительной подстанции РП-92, с заменой (15 шт.) и увеличением кол-ва ячеек на 3 шт. (до 18 шт.), Богородский г.о., г.Ногинск, ул.Совнархозная | C55: O_21_РП-92 | D55: 0 | E55: 0 | F55: 0 | G55: 0 | H55: =D55+E55+F55+G55 -> 0 | I55: 0 | J55: 0 | K55: 0 | L55: 0 | M55: =I55+J55+K55+L55 -> 0 | N55: 0 | O55: 0 | P55: 0 | Q55: 0 | R55: =N55+O55+P55+Q55 -> 0 | S55: 0 | T55: 0 | U55: 0 | V55: 0 | W55: =S55+T55+U55+V55 -> 0
A56: 1.2.1.1 | B56: Реконструкция распределительной подстанции РП-405, с заменой (11 шт.) и увеличением кол-ва ячеек на 5 шт. (до 16 шт.), Богоросдкий г.о., пос.им.Воровского | C56: O_22_РП-405 | D56: 0 | E56: 0 | F56: 0 | G56: 0 | H56: =D56+E56+F56+G56 -> 0 | I56: 0 | J56: 0 | K56: 0 | L56: 0 | M56: =I56+J56+K56+L56 -> 0 | N56: 0 | O56: 0 | P56: 0 | Q56: 0 | R56: =N56+O56+P56+Q56 -> 0 | S56: 0 | T56: 0 | U56: 0 | V56: 0 | W56: =S56+T56+U56+V56 -> 0
A57: 1.2.1.1 | B57: Реконструкция оборудования РУ 6кВ РТП-86, с заменой (5 шт.) и увеличением кол-ва ячеек на 3 шт. (до 8 шт.), Богоросдкий г.о., г.Ногинск, ул.Жарова | C57: O_23_РУ РТП-86 | D57: 0 | E57: 0 | F57: 0 | G57: 0 | H57: =D57+E57+F57+G57 -> 0 | I57: 0 | J57: 0 | K57: 0 | L57: 0 | M57: =I57+J57+K57+L57 -> 0 | N57: 0 | O57: 0 | P57: 0 | Q57: 0 | R57: =N57+O57+P57+Q57 -> 0 | S57: 0 | T57: 0 | U57: 0 | V57: 0 | W57: =S57+T57+U57+V57 -> 0
A58: 1.2.1.1 | B58: Реконструкция распределительной подстанции РП-50, с заменой (10 шт.) и увеличением кол-ва ячеек на 6 шт. (до 16 шт.), Богоросдкий г.о., г.Ногинск, ул.Климова | C58: O_24_РП-50 | D58: 0 | E58: 0 | F58: 0 | G58: 0 | H58: =D58+E58+F58+G58 -> 0 | I58: 0 | J58: 0 | K58: 0 | L58: 0 | M58: =I58+J58+K58+L58 -> 0 | N58: 0 | O58: 0 | P58: 0 | Q58: 0 | R58: =N58+O58+P58+Q58 -> 0 | S58: 0 | T58: 0 | U58: 0 | V58: 0 | W58: =S58+T58+U58+V58 -> 0
A59: 1.2.1.1 | B59: Реконструкция трансформаторной подстанции ТП-932, с увеличением трансформаторной мощности с 2х630 до 2х1000 кВА, Богородский г.о., г.Старая Купавна ул.Дорожная | C59: O_25_ТП-932 | D59: 0 | E59: 0 | F59: 0 | G59: 0 | H59: =D59+E59+F59+G59 -> 0 | I59: 0 | J59: 0 | K59: 0 | L59: 0 | M59: =I59+J59+K59+L59 -> 0 | N59: 0 | O59: 0 | P59: 0 | Q59: 0 | R59: =N59+O59+P59+Q59 -> 0 | S59: 0 | T59: 0 | U59: 0 | V59: 0 | W59: =S59+T59+U59+V59 -> 0
A60: 1.2.1.1 | B60: Реконструкция трансформаторной подстанции ТП-84 с увеличением трансформаторной мощности с 2х400 на 2х630 кВА, Богородский г.о., г.Ногинск, Электростальское ш. | C60: O_26_ТП-84 | D60: 0 | E60: 0 | F60: 0 | G60: 0 | H60: =D60+E60+F60+G60 -> 0 | I60: 0 | J60: 0 | K60: 0 | L60: 0 | M60: =I60+J60+K60+L60 -> 0 | N60: 0 | O60: 0 | P60: 0 | Q60: 0 | R60: =N60+O60+P60+Q60 -> 0 | S60: 0 | T60: 0 | U60: 0 | V60: 0 | W60: =S60+T60+U60+V60 -> 0
A61: 1.2.1.1 | B61: Реконструкция трансформаторной подстанции ТП-195 с увеличением трансформаторной мощности с 2х250 на 2х630 кВА, Богородский г.о., г.Ногинск, ул.III Интернационала | C61: O_27_ТП-195 | D61: 0 | E61: 1.26 | F61: 0 | G61: 0 | H61: =D61+E61+F61+G61 -> 1.26 | I61: 0 | J61: 1.26 | K61: 0 | L61: 0 | M61: =I61+J61+K61+L61 -> 1.26 | N61: 0 | O61: 0.5 | P61: 0 | Q61: 0 | R61: =N61+O61+P61+Q61 -> 0.5 | S61: 0 | T61: 0.5 | U61: 0 | V61: 0 | W61: =S61+T61+U61+V61 -> 0.5
... A86: 1.2.1.1 | B86: Реконструкция КРУН-341 с заменой (1 шт.) и увеличением кол-ва ячеек на 1шт. (до 2 шт.), Богородский г.о., пос.им.Воровского, ул.Нижняя | C86: O_52_КРУН341 | D86: 0 | E86: 0 | F86: 2 | G86: 0 | H86: =D86+E86+F86+G86 -> 2 | I86: 0 | J86: 0 | K86: 0 | L86: 0 | M86: =I86+J86+K86+L86 -> 0 | N86: 0 | O86: 0 | P86: 1 | Q86: 0 | R86: =N86+O86+P86+Q86 -> 1 | S86: 0 | T86: 0 | U86: 0 | V86: 0 | W86: =S86+T86+U86+V86 -> 0
A87: 1.2.1.2 | B87: Модернизация, техническое перевооружение трансформаторных и иных подстанций, распределительных пунктов, всего, в том числе: | D87: нд | E87: нд | F87: нд | G87: нд | H87: нд | I87: нд | J87: нд | K87: нд | L87: нд | M87: нд | N87: нд | O87: нд | P87: нд | Q87: нд | R87: нд | S87: нд | T87: нд | U87: нд | V87: нд | W87: нд
A88: 1.2.2. | B88: Реконструкция, модернизация, техническое перевооружение линий электропередачи, всего, в том числе: | D88: нд | E88: нд | F88: нд | G88: нд | H88: нд | I88: нд | J88: нд | K88: нд | L88: нд | M88: нд | N88: нд | O88: нд | P88: нд | Q88: нд | R88: нд | S88: нд | T88: нд | U88: нд | V88: нд | W88: нд
A89: 1.2.2.1 | B89: Реконструкция линий электропередачи, всего, в том числе: | D89: нд | E89: нд | F89: нд | G89: нд | H89: нд | I89: нд | J89: нд | K89: нд | L89: нд | M89: нд | N89: нд | O89: нд | P89: нд | Q89: нд | R89: нд | S89: нд | T89: нд | U89: нд | V89: нд | W89: нд
A90: 1.2.2.1 | B90: Реконструкция кабельной линии КЛ 6кВ ТП-925 - ТП-966, Богородский г.о., г.Старая Купавна (2 км) | C90: O_53_КЛ-6 ТП925-ТП966 | D90: 0 | E90: 0 | F90: 2 | G90: 0 | H90: =D90+E90+F90+G90 -> 2 | I90: 0 | J90: 0 | K90: 0 | L90: 0 | M90: =I90+J90+K90+L90 -> 0 | N90: 0 | O90: 0 | P90: 2 | Q90: 0 | R90: =N90+O90+P90+Q90 -> 2 | S90: 0 | T90: 0 | U90: 0 | V90: 0 | W90: =S90+T90+U90+V90 -> 0
A91: 1.2.2.1 | B91: Реконструкция кабельной линии КЛ 6кВ ТП-927 - ТП-966, Богородский г.о., г.Старая Купавна (1,7 км) | C91: O_54_КЛ-6 ТП927-ТП966 | D91: 0 | E91: 0 | F91: 1.7 | G91: 0 | H91: =D91+E91+F91+G91 -> 1.7 | I91: 0 | J91: 0 | K91: 0 | L91: 0 | M91: =I91+J91+K91+L91 -> 0 | N91: 0 | O91: 0 | P91: 1.7 | Q91: 0 | R91: =N91+O91+P91+Q91 -> 1.7 | S91: 0 | T91: 0 | U91: 0 | V91: 0 | W91: =S91+T91+U91+V91 -> 0
A92: 1.2.2.1 | B92: Реконструкция кабельной линии КЛ 6кВ ЦРП-А - ТП-917, Богородский г.о., г.Старая Купавна (1,2 км) | C92: O_55_КЛ-6 ЦРП-А-ТП917 | D92: 0 | E92: 0 | F92: 1.2 | G92: 0 | H92: =D92+E92+F92+G92 -> 1.2 | I92: 0 | J92: 0 | K92: 0 | L92: 0 | M92: =I92+J92+K92+L92 -> 0 | N92: 0 | O92: 0 | P92: 1.2 | Q92: 0 | R92: =N92+O92+P92+Q92 -> 1.2 | S92: 0 | T92: 0 | U92: 0 | V92: 0 | W92: =S92+T92+U92+V92 -> 0
A93: 1.2.2.1 | B93: Реконструкция кабельной линии КЛ 6кВ ТП-803 - ТП-804, г.о.Электросталь, пос.Новые Дома (0,4 км) | C93: O_56_КЛ-6 ТП803-ТП804 | D93: 0 | E93: 0 | F93: 0 | G93: 0 | H93: =D93+E93+F93+G93 -> 0 | I93: 0 | J93: 0 | K93: 0 | L93: 0 | M93: =I93+J93+K93+L93 -> 0 | N93: 0 | O93: 0 | P93: 0 | Q93: 0 | R93: =N93+O93+P93+Q93 -> 0 | S93: 0 | T93: 0 | U93: 0 | V93: 0 | W93: =S93+T93+U93+V93 -> 0
A94: 1.2.2.1 | B94: Реконструкция кабельной линии КЛ 6кВ ТП-910 - ТП-917, Богородский г.о.,г.Старая Купавна (0,9 км) | C94: O_57_КЛ-6 ТП910-ТП917 | D94: 0 | E94: 0 | F94: 0 | G94: 0 | H94: =D94+E94+F94+G94 -> 0 | I94: 0 | J94: 0 | K94: 0 | L94: 0 | M94: =I94+J94+K94+L94 -> 0 | N94: 0 | O94: 0 | P94: 0 | Q94: 0 | R94: =N94+O94+P94+Q94 -> 0 | S94: 0 | T94: 0 | U94: 0 | V94: 0 | W94: =S94+T94+U94+V94 -> 0
A95: 1.2.2.1 | B95: Реконструкция кабельной линии КЛ 6кВ ТП-966 - ТП-967, Богородский г.о.,г.Старая Купавна (0,35 км) | C95: O_58_КЛ-6 ТП966-ТП967 | D95: 0 | E95: 0 | F95: 0 | G95: 0 | H95: =D95+E95+F95+G95 -> 0 | I95: 0 | J95: 0 | K95: 0 | L95: 0 | M95: =I95+J95+K95+L95 -> 0 | N95: 0 | O95: 0 | P95: 0 | Q95: 0 | R95: =N95+O95+P95+Q95 -> 0 | S95: 0 | T95: 0 | U95: 0 | V95: 0 | W95: =S95+T95+U95+V95 -> 0
A96: 1.2.2.1 | B96: Реконструкция кабельной линии КЛ 6кВ ТП-540 - ТП-646, Богородский г.о., г.Ногинск, д.Пешково (1,35 км) | C96: O_59_КЛ-6 ТП540-ТП646 | D96: 0 | E96: 0 | F96: 1.35 | G96: 0 | H96: =D96+E96+F96+G96 -> 1.35 | I96: 0 | J96: 0 | K96: 0 | L96: 0 | M96: =I96+J96+K96+L96 -> 0 | N96: 0 | O96: 0 | P96: 1.35 | Q96: 0 | R96: =N96+O96+P96+Q96 -> 1.35 | S96: 0 | T96: 0 | U96: 0 | V96: 0 | W96: =S96+T96+U96+V96 -> 0
A97: 1.2.2.1 | B97: Реконструкция кабельной линии КЛ 6кВ ТП-518 - ТП-654, Богородский г.о., г.Ногинск (0,79 км) | C97: O_60_КЛ-6 ТП518-ТП654 | D97: 0 | E97: 0 | F97: 0 | G97: 0 | H97: =D97+E97+F97+G97 -> 0 | I97: 0 | J97: 0 | K97: 0 | L97: 0 | M97: =I97+J97+K97+L97 -> 0 | N97: 0 | O97: 0 | P97: 0 | Q97: 0 | R97: =N97+O97+P97+Q97 -> 0 | S97: 0 | T97: 0 | U97: 0 | V97: 0 | W97: =S97+T97+U97+V97 -> 0
A98: 1.2.2.1 | B98: Реконструкция кабельной линии КЛ 6кВ ТП-720 - ТП-743, Богородский г.о., г.Ногинск (0,85 км) | C98: O_61_КЛ-6 ТП720-ТП743 | D98: 0 | E98: 0 | F98: 0 | G98: 0 | H98: =D98+E98+F98+G98 -> 0 | I98: 0 | J98: 0 | K98: 0 | L98: 0 | M98: =I98+J98+K98+L98 -> 0 | N98: 0 | O98: 0 | P98: 0 | Q98: 0 | R98: =N98+O98+P98+Q98 -> 0 | S98: 0 | T98: 0 | U98: 0 | V98: 0 | W98: =S98+T98+U98+V98 -> 0
A99: 1.2.2.1 | B99: Реконструкция кабельной линии КЛ 6кВ ТП-928 - ТП-929, Богородский г.о., г.Старая Купавна (1,31 км) | C99: O_62_КЛ-6 ТП928-ТП929 | D99: 0 | E99: 0 | F99: 0 | G99: 0 | H99: =D99+E99+F99+G99 -> 0 | I99: 0 | J99: 0 | K99: 0 | L99: 0 | M99: =I99+J99+K99+L99 -> 0 | N99: 0 | O99: 0 | P99: 0 | Q99: 0 | R99: =N99+O99+P99+Q99 -> 0 | S99: 0 | T99: 0 | U99: 0 | V99: 0 | W99: =S99+T99+U99+V99 -> 0
A100: 1.2.2.1 | B100: Реконструкция кабельной линии КЛ 6кВ ТП-46 - ТП-514, Богородский г.о., г.Ногинск (0,69 км) | C100: O_63_КЛ-6 ТП46-ТП514 | D100: 0 | E100: 0 | F100: 0 | G100: 0 | H100: =D100+E100+F100+G100 -> 0 | I100: 0 | J100: 0 | K100: 0 | L100: 0 | M100: =I100+J100+K100+L100 -> 0 | N100: 0 | O100: 0 | P100: 0 | Q100: 0 | R100: =N100+O100+P100+Q100 -> 0 | S100: 0 | T100: 0 | U100: 0 | V100: 0 | W100: =S100+T100+U100+V100 -> 0
A101: 1.2.2.1 | B101: Реконструкция кабельной линии КЛ 6кВ РП-561 - ТП-889, Богородский г.о., г.Ногинск (п.Красный Электрик - п.Бензоколонка) (5,2 км) | C101: O_64_КЛ-6 РП561-ТП889 | D101: 0 | E101: 0 | F101: 0 | G101: 0 | H101: =D101+E101+F101+G101 -> 0 | I101: 0 | J101: 0 | K101: 0 | L101: 0 | M101: =I101+J101+K101+L101 -> 0 | N101: 0 | O101: 0 | P101: 0 | Q101: 0 | R101: =N101+O101+P101+Q101 -> 0 | S101: 0 | T101: 0 | U101: 0 | V101: 0 | W101: =S101+T101+U101+V101 -> 0
... A118: 1.2.2.1 | B118: Реконструкция воздушной линии ВЛ 10кВ ПС-601 (фид.302) - РП-170с, г.о.Электросталь, п.Елизаветино (3 км) | C118: P_81_ВЛ-10 ПС601 фид302-РП170с | D118: 0 | E118: 0 | F118: 0 | G118: 0 | H118: =D118+E118+F118+G118 -> 0 | I118: 0 | J118: 0 | K118: 0 | L118: 0 | M118: =I118+J118+K118+L118 -> 0 | N118: 0 | O118: 0 | P118: 0 | Q118: 0 | R118: =N118+O118+P118+Q118 -> 0 | S118: 0 | T118: 0 | U118: 0 | V118: 0 | W118: =S118+T118+U118+V118 -> 0
A119: 1.2.2.2 | B119: Модернизация, техническое перевооружение линий электропередачи, всего, в том числе: | D119: 0 | E119: 0 | F119: 0 | G119: 0 | H119: 0 | I119: 0 | J119: 0 | K119: 0 | L119: 0 | M119: 0 | N119: 0 | O119: 0 | P119: 0 | Q119: 0 | R119: 0 | S119: 0 | T119: 0 | U119: 0 | V119: 0 | W119: 0
A120: 1.2.3. | B120: Развитие и модернизация учета электрической энергии (мощности), всего, в том числе: | D120: 0 | E120: 0 | F120: 0 | G120: 0 | H120: 0 | I120: 0 | J120: 0 | K120: 0 | L120: 0 | M120: 0 | N120: 0 | O120: 0 | P120: 0 | Q120: 0 | R120: 0 | S120: 0 | T120: 0 | U120: 0 | V120: 0 | W120: 0
A121: 1.2.3.1 | B121: "Установка приборов учета, класс напряжения 0,22 (0,4) кВ, всего, в том числе:" | D121: 0 | E121: 0 | F121: 0 | G121: 0 | H121: 0 | I121: 0 | J121: 0 | K121: 0 | L121: 0 | M121: 0 | N121: 0 | O121: 0 | P121: 0 | Q121: 0 | R121: 0 | S121: 0 | T121: 0 | U121: 0 | V121: 0 | W121: 0
A122: 1.2.3.2 | B122: "Установка приборов учета, класс напряжения 6 (10) кВ, всего, в том числе:" | D122: 0 | E122: 0 | F122: 0 | G122: 0 | H122: 0 | I122: 0 | J122: 0 | K122: 0 | L122: 0 | M122: 0 | N122: 0 | O122: 0 | P122: 0 | Q122: 0 | R122: 0 | S122: 0 | T122: 0 | U122: 0 | V122: 0 | W122: 0
A123: 1.2.3.3 | B123: "Установка приборов учета, класс напряжения 35 кВ, всего, в том числе:" | D123: 0 | E123: 0 | F123: 0 | G123: 0 | H123: 0 | I123: 0 | J123: 0 | K123: 0 | L123: 0 | M123: 0 | N123: 0 | O123: 0 | P123: 0 | Q123: 0 | R123: 0 | S123: 0 | T123: 0 | U123: 0 | V123: 0 | W123: 0
A124: 1.2.3.4 | B124: "Установка приборов учета, класс напряжения 110 кВ и выше, всего, в том числе:" | D124: 0 | E124: 0 | F124: 0 | G124: 0 | H124: 0 | I124: 0 | J124: 0 | K124: 0 | L124: 0 | M124: 0 | N124: 0 | O124: 0 | P124: 0 | Q124: 0 | R124: 0 | S124: 0 | T124: 0 | U124: 0 | V124: 0 | W124: 0
A125: 1.2.3.5 | B125: "Включение приборов учета в систему сбора и передачи данных, класс напряжения 0,22 (0,4) кВ, всего, в том числе:" | D125: 0 | E125: 0 | F125: 0 | G125: 0 | H125: 0 | I125: 0 | J125: 0 | K125: 0 | L125: 0 | M125: 0 | N125: 0 | O125: 0 | P125: 0 | Q125: 0 | R125: 0 | S125: 0 | T125: 0 | U125: 0 | V125: 0 | W125: 0
A126: 1.2.3.6 | B126: "Включение приборов учета в систему сбора и передачи данных, класс напряжения 6 (10) кВ, всего, в том числе:" | D126: 0 | E126: 0 | F126: 0 | G126: 0 | H126: 0 | I126: 0 | J126: 0 | K126: 0 | L126: 0 | M126: 0 | N126: 0 | O126: 0 | P126: 0 | Q126: 0 | R126: 0 | S126: 0 | T126: 0 | U126: 0 | V126: 0 | W126: 0
A127: 1.2.3.7 | B127: "Включение приборов учета в систему сбора и передачи данных, класс напряжения 35 кВ, всего, в том числе:" | D127: 0 | E127: 0 | F127: 0 | G127: 0 | H127: 0 | I127: 0 | J127: 0 | K127: 0 | L127: 0 | M127: 0 | N127: 0 | O127: 0 | P127: 0 | Q127: 0 | R127: 0 | S127: 0 | T127: 0 | U127: 0 | V127: 0 | W127: 0
A128: 1.2.3.8 | B128: "Включение приборов учета в систему сбора и передачи данных, класс напряжения 110 кВ и выше, всего, в том числе:" | D128: 0 | E128: 0 | F128: 0 | G128: 0 | H128: 0 | I128: 0 | J128: 0 | K128: 0 | L128: 0 | M128: 0 | N128: 0 | O128: 0 | P128: 0 | Q128: 0 | R128: 0 | S128: 0 | T128: 0 | U128: 0 | V128: 0 | W128: 0
A129: 1.2.4. | B129: Реконструкция, модернизация, техническое перевооружение прочих объектов основных средств, всего, в том числе: | D129: 0 | E129: 0 | F129: 0 | G129: 0 | H129: 0 | I129: 0 | J129: 0 | K129: 0 | L129: 0 | M129: 0 | N129: 0 | O129: 0 | P129: 0 | Q129: 0 | R129: 0 | S129: 0 | T129: 0 | U129: 0 | V129: 0 | W129: 0
A130: 1.2.4.1 | B130: Реконструкция прочих объектов основных средств, всего, в том числе: | D130: 0 | E130: 0 | F130: 0 | G130: 0 | H130: 0 | I130: 0 | J130: 0 | K130: 0 | L130: 0 | M130: 0 | N130: 0 | O130: 0 | P130: 0 | Q130: 0 | R130: 0 | S130: 0 | T130: 0 | U130: 0 | V130: 0 | W130: 0
... A137: 1.6. | B137: Прочие инвестиционные проекты, всего, в том числе: | D137: 0 | E137: 0 | F137: 0 | G137: 0 | H137: 0 | I137: 0 | J137: 0 | K137: 0 | L137: 0 | M137: 0 | N137: 0 | O137: 0 | P137: 0 | Q137: 0 | R137: 0 | S137: 0 | T137: 0 | U137: 0 | V137: 0 | W137: 0

Sheet 12
CC1: Приложение № 12 к Приказу Минэнерго России от 24.03.2010 № 114
A3: Форма представления показателей финансовой отчетности (представляется ежеквартально)
K5: Финансовые показатели за отчетный период [ | BE5: 2 квартал | BS5: 2026 | BZ5: года | CM5: ]
BZ7: Утверждаю Генеральный директор АО "БЭС" В.С. Тебиев
BZ9: (подпись)
BY10: " | CD10: " | CP10: 20 | CS10: 26 | CW10: года
DA11: М.П.
CS12: тыс. руб.
A13: Наименование показателя
A14: место учета | BB14: на конец отчетного периода/за отчетный период | CB14: на конец 2025 года/ за 2025 год
A15: 1 | BB15: 2 | CB15: 3
B16: Выручка | BB16: 759233 | CB16: 1454109
B17: Чистая прибыль | BB17: 72222 | CB17: 53373
B18: Направления распределения чистой прибыли:
D19: дивиденды
D20: другое (расшифровать)
B21: EBITDA | BB21: 158018 | CB21: 199739
B22: Дебиторская задолженность, в т.ч.: | BB22: 194694 | CB22: 251963
D23: покупатели и заказчики | BB23: 126138 | CB23: 190265
D24: авансы выданные
B25: Собственный капитал
B26: * Заемный капитал (долгосрочные обязательства), в т.ч.:
D27: кредиты
D28: облигационные займы
D29: займы организаций
D30: прочее
B31: Краткосрочные обязательства, в т.ч.:
D32: кредиты и займы*
D33: кредиторская задолженность, в т.ч.:
F34: по строительству
F35: по ремонтам
F36: по поставкам топлива
B37: Сумма процентов, выплаченных по кредитам и займам
A38: Оценка обеспеченности инвестиционных программ 2026 г
B39: Всего потребность в финансировании инвестиционной программы | BB39: ='7.1'!E18*1000 -> 174220.16
B40: Профинансировано на отчетную дату | BB40: ='7.1'!F18*1000 -> 47978.656
B41: Обеспеченность источниками финансирования | BB41: =BB39 -> 174220.16
B42: Дефицит финансирования | BB42: =BB39-BB41 -> 0
A43: Оценка кредитного потенциала
B44: Собственная оценка кредитного потенциала:
D45: на 2010 г.
D46: на период 2010 - 2012 гг.
B47: Пояснения по расчету кредитного потенциала

Sheet 13
M1: Приложение № 13
K2: к приказу Минэнерго России
M3: от 24 марта 2010 №114
A4: Отчет о техническом состоянии объектов инвестиционной программы АО "БЭС" за 2 квартал 2026 года
M6: Утверждаю
M7: генеральный директор АО "БЭС"
M9: В.С. Тебиев
M11: "____"______________2026 года
M12: М.П.
A14: №№ | B14: Наименование объекта | D14: Технические характеристики | I14: Сроки реализации проекта | K14: Наличие исходно-разрешительной документации
D15: Мощность, МВТ, МВА | E15: Выработка, млн.кВт/час | F15: Длина, км | G15: Количество ячеек КСО, шт. | H15: Единицы техники, шт. | I15: Год начала строительства | J15: Год ввода в эксплуатацию | K15: Утвержденная проектно-сметная документация (+;-) | L15: Заключение Главгосэкспертизы России (+;-) | M15: Оформленный в соответствии с законодательством землеотвод (+;-) | N15: Рзрешение на строительство(+;-)
A16: 0 | B16: ИТОГО по инвестиционной программе | D16: =SUM(D17:D22) -> 1.26 | E16: нд | F16: =SUM(F17:F22) -> 0 | G16: =SUM(G17:G22) -> 16 | H16: =SUM(H17:H22) -> 0 | I16: нд | J16: нд | K16: нд | L16: нд | M16: нд | N16: нд
A17: 0.1 | B17: Технологическое присоединение, всего | D17: =D24 -> 0 | E17: нд | F17: =F24 -> 0 | G17: =G24 -> 0 | H17: =H24 -> 0 | I17: нд | J17: нд | K17: нд | L17: нд | M17: нд | N17: нд
A18: 0.2 | B18: Реконструкция, модернизация, техническое перевооружение, всего | D18: =D44 -> 1.26 | E18: нд | F18: =F44 -> 0 | G18: =G44 -> 16 | H18: =H44 -> 0 | I18: нд | J18: нд | K18: нд | L18: нд | M18: нд | N18: нд
A19: 0.3 | B19: Инвестиционные проекты, реализация которых обуславливается схемами и программами перспективного развития электроэнергетики, всего | D19: =D129 -> 0 | E19: нд | F19: =F129 -> 0 | G19: =G129 -> 0 | H19: =H129 -> 0 | I19: нд | J19: нд | K19: нд | L19: нд | M19: нд | N19: нд
A20: 0.4 | B20: Прочее новое строительство объектов электросетевого хозяйства, всего | D20: =D132 -> 0 | E20: нд | F20: =F132 -> 0 | G20: =G132 -> 0 | H20: =H132 -> 0 | I20: нд | J20: нд | K20: нд | L20: нд | M20: нд | N20: нд
A21: 0.5 | B21: Покупка земельных участков для целей реализации инвестиционных проектов, всего | D21: =D133 -> 0 | E21: нд | F21: =F133 -> 0 | G21: =G133 -> 0 | H21: =H133 -> 0 | I21: нд | J21: нд | K21: нд | L21: нд | M21: нд | N21: нд
A22: 0.6 | B22: Прочие инвестиционные проекты, всего | D22: =D134 -> 0 | E22: нд | F22: =F134 -> 0 | G22: =G134 -> 0 | H22: =H134 -> 0 | I22: нд | J22: нд | K22: нд | L22: нд | M22: нд | N22: нд
A23: 1 | B23: Московская обл., Богородский г.о., г.о.Электросталь | D23: =D24+D44+D129+D132+D133+D134 -> 1.26 | E23: нд | F23: =F24+F44+F129+F132+F133+F134 -> 0 | G23: =G24+G44+G129+G132+G133+G134 -> 16 | H23: =H24+H44+H129+H132+H133+H134 -> 0 | I23: нд | J23: нд | K23: нд | L23: нд | M23: нд | N23: нд
A24: 1.1. | B24: Технологическое присоединение, всего, в том числе: | D24: =D25+D29+D32+D41 -> 0 | E24: нд | F24: =F25+F29+F32+F41 -> 0 | G24: =G25+G29+G32+G41 -> 0 | H24: =H25+H29+H32+H41 -> 0 | I24: нд | J24: нд | K24: нд | L24: нд | M24: нд | N24: нд
A25: 1.1.1. | B25: Технологическое присоединение энергопринимающих устройств потребителей, всего, в том числе: | D25: =SUM(D26:D28) -> 0 | E25: нд | F25: =SUM(F26:F28) -> 0 | G25: =SUM(G26:G28) -> 0 | H25: =SUM(H26:H28) -> 0 | I25: нд | J25: нд | K25: нд | L25: нд | M25: нд | N25: нд
A26: 1.1.1.1 | B26: Технологическое присоединение энергопринимающих устройств потребителей максимальной мощностью до 15 кВт включительно, всего | D26: 0 | E26: нд | F26: 0 | G26: 0 | H26: 0 | I26: нд | J26: нд | K26: нд | L26: нд | M26: нд | N26: нд
A27: 1.1.1.2 | B27: Технологическое присоединение энергопринимающих устройств потребителей максимальной мощностью до 150 кВт включительно, всего | D27: 0 | E27: нд | F27: 0 | G27: 0 | H27: 0 | I27: нд | J27: нд | K27: нд | L27: нд | M27: нд | N27: нд
A28: 1.1.1.3 | B28: Технологическое присоединение энергопринимающих устройств потребителей свыше 150 кВт, всего, в том числе: | D28: =SUM(D29:D30) -> 0 | E28: нд | F28: =SUM(F29:F30) -> 0 | G28: =SUM(G29:G30) -> 0 | H28: =SUM(H29:H30) -> 0 | I28: нд | J28: нд | K28: нд | L28: нд | M28: нд | N28: нд
A29: 1.1.2. | B29: Технологическое присоединение объектов электросетевого хозяйства, всего, в том числе: | D29: =SUM(D30:D31) -> 0 | E29: нд | F29: =SUM(F30:F31) -> 0 | G29: =SUM(G30:G31) -> 0 | H29: =SUM(H30:H31) -> 0 | I29: нд | J29: нд | K29: нд | L29: нд | M29: нд | N29: нд
A30: 1.1.2.1 | B30: Технологическое присоединение объектов электросетевого хозяйства, принадлежащих иным сетевым организациям и иным лицам, всего, в том числе: | D30: 0 | E30: нд | F30: 0 | G30: 0 | H30: 0 | I30: нд | J30: нд | K30: нд | L30: нд | M30: нд | N30: нд
A31: 1.1.2.2 | B31: Технологическое присоединение к электрическим сетям иных сетевых организаций, всего, в том числе: | D31: 0 | E31: нд | F31: 0 | G31: 0 | H31: 0 | I31: нд | J31: нд | K31: нд | L31: нд | M31: нд | N31: нд
A32: 1.1.3. | B32: Технологическое присоединение объектов по производству электрической энергии, всего, в том числе: | D32: =SUM(D33:D40) -> 0 | E32: нд | F32: =SUM(F33:F40) -> 0 | G32: =SUM(G33:G40) -> 0 | H32: =SUM(H33:H40) -> 0 | I32: нд | J32: нд | K32: нд | L32: нд | M32: нд | N32: нд
A33: 1.1.3.1 | B33: Наименование объекта по производству электрической энергии, всего, в том числе: | D33: 0 | E33: нд | F33: 0 | G33: 0 | H33: 0 | I33: нд | J33: нд | K33: нд | L33: нд | M33: нд | N33: нд
A34: 1.1.3.1 | B34: Строительство новых объектов электросетевого хозяйства (за исключением усиления существующей электрической сети) в целях осуществления технологического присоединения объекта по производству электрической энергии, всего, в том числе: | D34: 0 | E34: нд | F34: 0 | G34: 0 | H34: 0 | I34: нд | J34: нд | K34: нд | L34: нд | M34: нд | N34: нд
A35: 1.1.3.1 | B35: Строительство новых объектов электросетевого хозяйства для усиления электрической сети в целях осуществления технологического присоединения объекта по производству электрической энергии, всего, в том числе: | D35: 0 | E35: нд | F35: 0 | G35: 0 | H35: 0 | I35: нд | J35: нд | K35: нд | L35: нд | M35: нд | N35: нд
A36: 1.1.3.1 | B36: Реконструкция существующих объектов электросетевого хозяйства для усиления электрической сети в целях осуществления технологического присоединения объекта по производству электрической энергии всего, в том числе: | D36: 0 | E36: нд | F36: 0 | G36: 0 | H36: 0 | I36: нд | J36: нд | K36: нд | L36: нд | M36: нд | N36: нд
A37: 1.1.3.2 | B37: Наименование объекта по производству электрической энергии, всего, в том числе: | D37: 0 | E37: нд | F37: 0 | G37: 0 | H37: 0 | I37: нд | J37: нд | K37: нд | L37: нд | M37: нд | N37: нд
A38: 1.1.3.2 | B38: Строительство новых объектов электросетевого хозяйства (за исключением усиления существующей электрической сети) в целях осуществления технологического присоединения объекта по производству электрической энергии, всего, в том числе: | D38: 0 | E38: нд | F38: 0 | G38: 0 | H38: 0 | I38: нд | J38: нд | K38: нд | L38: нд | M38: нд | N38: нд
A39: 1.1.3.2 | B39: Строительство новых объектов электросетевого хозяйства для усиления электрической сети в целях осуществления технологического присоединения объекта по производству электрической энергии, всего, в том числе: | D39: 0 | E39: нд | F39: 0 | G39: 0 | H39: 0 | I39: нд | J39: нд | K39: нд | L39: нд | M39: нд | N39: нд
A40: 1.1.3.2 | B40: Реконструкция существующих объектов электросетевого хозяйства для усиления электрической сети в целях осуществления технологического присоединения объекта по производству электрической энергии, всего, в том числе: | D40: 0 | E40: нд | F40: 0 | G40: 0 | H40: 0 | I40: нд | J40: нд | K40: нд | L40: нд | M40: нд | N40: нд
A41: 1.1.4. | B41: Усиление электрической сети в целях осуществления технологического присоединения энергопринимающих устройств потребителей и (или) объектов электросетевого хозяйства, всего, в том числе: | D41: =SUM(D42:D43) -> 0 | E41: нд | F41: =SUM(F42:F43) -> 0 | G41: =SUM(G42:G43) -> 0 | H41: =SUM(H42:H43) -> 0 | I41: нд | J41: нд | K41: нд | L41: нд | M41: нд | N41: нд
A42: 1.1.4.1 | B42: Строительство новых объектов электросетевого хозяйства для усиления электрической сети в целях осуществления технологического присоединения, всего, в том числе: | D42: 0 | E42: нд | F42: 0 | G42: 0 | H42: 0 | I42: нд | J42: нд | K42: нд | L42: нд | M42: нд | N42: нд
A43: 1.1.4.2 | B43: Реконструкция существующих объектов электросетевого хозяйства для усиления электрической сети в целях осуществления технологического присоединения, всего, в том числе: | D43: 0 | E43: нд | F43: 0 | G43: 0 | H43: 0 | I43: нд | J43: нд | K43: нд | L43: нд | M43: нд | N43: нд
A44: 1.2. | B44: Реконструкция, модернизация, техническое перевооружение, всего, в том числе: | D44: =D45+D85 -> 1.26 | E44: нд | F44: =F45+F85 -> 0 | G44: =G45+G85 -> 16 | H44: =H45+H85 -> 0 | I44: нд | J44: нд | K44: нд | L44: нд | M44: нд | N44: нд
A45: 1.2.1. | B45: Реконструкция, модернизация, техническое перевооружение трансформаторных и иных подстанций, распределительных пунктов, всего, в том числе: | D45: =D46+D84 -> 1.26 | E45: нд | F45: =F46+F84 -> 0 | G45: =G46+G84 -> 16 | H45: =H46+H84 -> 0 | I45: нд | J45: нд | K45: нд | L45: нд | M45: нд | N45: нд
A46: 1.2.1.1 | B46: Реконструкция трансформаторных и иных подстанций, всего, в том числе: | D46: =SUM(D47:D83) -> 1.26 | E46: нд | F46: =SUM(F47:F83) -> 0 | G46: =SUM(G47:G83) -> 16 | H46: =SUM(H47:H83) -> 0 | I46: нд | J46: нд | K46: нд | L46: нд | M46: нд | N46: нд
A47: 1.2.1.1 | B47: Реконструкция распределительной подстанции РП-1215, с заменой (13 шт.) и увеличением кол-ва ячеек на 3шт. (до 16 шт.), Богородский г.о., г.Ногинск, ул.Трудовая | C47: O_16_РП-1215 | D47: 0 | E47: нд | F47: 0 | G47: 0 | H47: 0 | I47: нд | J47: нд | K47: нд | L47: нд | M47: нд | N47: нд
A48: 1.2.1.1 | B48: Реконструкция распределительной подстанции РП-918, с заменой (8 шт.) и увеличением кол-ва ячеек на 2 шт. (до 10 шт.), Богородский г.о., г.Старая Купавна, ул.Дорожная | C48: O_17_РП-918 | D48: 0 | E48: нд | F48: 0 | G48: 0 | H48: 0 | I48: нд | J48: нд | K48: нд | L48: нд | M48: нд | N48: нд
A49: 1.2.1.1 | B49: Реконструкция распределительной подстанции РП-131, с заменой (15 шт.) и увеличением кол-ва ячеек на 1 шт. (до 16 шт.), Богородский г.о., пос.Обухово, ул.Комбинат | C49: O_18_РП-131 | D49: 0 | E49: нд | F49: 0 | G49: 16 | H49: 0 | I49: 2026 | J49: 2026 | K49: + | L49: - | M49: - | N49: -
A50: 1.2.1.1 | B50: Реконструкция распределительной подстанции РП-106, с заменой (6 шт.) и увеличением кол-ва ячеек на 2 шт. (до 8 шт.), Богородский г.о., г.Ногинск, ул.2-й Речной пр-зд | C50: O_19_РП-106 | D50: 0 | E50: нд | F50: 0 | G50: 0 | H50: 0 | I50: нд | J50: нд | K50: нд | L50: нд | M50: нд | N50: нд
A51: 1.2.1.1 | B51: Реконструкция распределительной подстанции РП-9, с заменой (12 шт.) и увеличением кол-ва ячеек на 4 шт. (до 16 шт.), Богородский г.о., г.Ногинск, ул.Рабочая | C51: O_20_РП-9 | D51: 0 | E51: нд | F51: 0 | G51: 0 | H51: 0 | I51: нд | J51: нд | K51: нд | L51: нд | M51: нд | N51: нд
A52: 1.2.1.1 | B52: Реконструкция распределительной подстанции РП-92, с заменой (15 шт.) и увеличением кол-ва ячеек на 3 шт. (до 18 шт.), Богородский г.о., г.Ногинск, ул.Совнархозная | C52: O_21_РП-92 | D52: 0 | E52: нд | F52: 0 | G52: 0 | H52: 0 | I52: нд | J52: нд | K52: нд | L52: нд | M52: нд | N52: нд
A53: 1.2.1.1 | B53: Реконструкция распределительной подстанции РП-405, с заменой (11 шт.) и увеличением кол-ва ячеек на 5 шт. (до 16 шт.), Богоросдкий г.о., пос.им.Воровского | C53: O_22_РП-405 | D53: 0 | E53: нд | F53: 0 | G53: 0 | H53: 0 | I53: нд | J53: нд | K53: нд | L53: нд | M53: нд | N53: нд
A54: 1.2.1.1 | B54: Реконструкция оборудования РУ 6кВ РТП-86, с заменой (5 шт.) и увеличением кол-ва ячеек на 3 шт. (до 8 шт.), Богоросдкий г.о., г.Ногинск, ул.Жарова | C54: O_23_РУ РТП-86 | D54: 0 | E54: нд | F54: 0 | G54: 0 | H54: 0 | I54: нд | J54: нд | K54: нд | L54: нд | M54: нд | N54: нд
A55: 1.2.1.1 | B55: Реконструкция распределительной подстанции РП-50, с заменой (10 шт.) и увеличением кол-ва ячеек на 6 шт. (до 16 шт.), Богоросдкий г.о., г.Ногинск, ул.Климова | C55: O_24_РП-50 | D55: 0 | E55: нд | F55: 0 | G55: 0 | H55: 0 | I55: нд | J55: нд | K55: нд | L55: нд | M55: нд | N55: нд
A56: 1.2.1.1 | B56: Реконструкция трансформаторной подстанции ТП-932, с увеличением трансформаторной мощности с 2х630 до 2х1000 кВА, Богородский г.о., г.Старая Купавна ул.Дорожная | C56: O_25_ТП-932 | D56: 0 | E56: нд | F56: 0 | G56: 0 | H56: 0 | I56: нд | J56: нд | K56: нд | L56: нд | M56: нд | N56: нд
A57: 1.2.1.1 | B57: Реконструкция трансформаторной подстанции ТП-84 с увеличением трансформаторной мощности с 2х400 на 2х630 кВА, Богородский г.о., г.Ногинск, Электростальское ш. | C57: O_26_ТП-84 | D57: 0 | E57: нд | F57: 0 | G57: 0 | H57: 0 | I57: нд | J57: нд | K57: нд | L57: нд | M57: нд | N57: нд
A58: 1.2.1.1 | B58: Реконструкция трансформаторной подстанции ТП-195 с увеличением трансформаторной мощности с 2х250 на 2х630 кВА, Богородский г.о., г.Ногинск, ул.III Интернационала | C58: O_27_ТП-195 | D58: 1.26 | E58: нд | F58: 0 | G58: 0 | H58: 0 | I58: 2026 | J58: 2026 | K58: + | L58: - | M58: - | N58: -
A59: 1.2.1.1 | B59: Реконструкция трансформаторной подстанции ТП-728 с увеличением трансформаторной мощности с 2х400 на 2х630 кВА, Богородский г.о., г.Ногинск, ул.Ильича | C59: O_28_ТП-728 | D59: 0 | E59: нд | F59: 0 | G59: 0 | H59: 0 | I59: нд | J59: нд | K59: нд | L59: нд | M59: нд | N59: нд
A60: 1.2.1.1 | B60: Реконструкция трансформаторной подстанции ТП-240 с увеличением трансформаторной мощности с 2х400 на 2х630 кВА, Богородский г.о., п.Обухово | C60: O_29_ТП-240 | D60: 0 | E60: нд | F60: 0 | G60: 0 | H60: 0 | I60: нд | J60: нд | K60: нд | L60: нд | M60: нд | N60: нд
A61: 1.2.1.1 | B61: Реконструкция трансформаторной подстанции ТП-181 с увеличением трансформаторной мощности с 2х400 на 2х630 кВА, Богородский г.о., г.Электроугли, ул.Полевая | C61: O_30_ТП-181 | D61: 0 | E61: нд | F61: 0 | G61: 0 | H61: 0 | I61: нд | J61: нд | K61: нд | L61: нд | M61: нд | N61: нд
A62: 1.2.1.1 | B62: Реконструкция трансформаторной подстанции ТП-187 с увеличением трансформаторной мощности с 2х250 на 2х630 кВА, Богородский г.о., г.Электроугли, ул.Парковая | C62: O_31_ТП-187 | D62: 0 | E62: нд | F62: 0 | G62: 0 | H62: 0 | I62: нд | J62: нд | K62: нд | L62: нд | M62: нд | N62: нд
A63: 1.2.1.1 | B63: Реконструкция трансформаторной подстанции ТП-87 с увеличением трансформаторной мощности с 2х250 на 2х630 кВА, Богородский г.о., г.Ногинск, ул.Ново-Владимирская | C63: O_32_ТП-87 | D63: 0 | E63: нд | F63: 0 | G63: 0 | H63: 0 | I63: нд | J63: нд | K63: нд | L63: нд | M63: нд | N63: нд
A64: 1.2.1.1 | B64: Реконструкция трансформаторной подстанции ТП-518 с увеличением трансформаторной мощности с 2х400 на 2х630 кВА, Богородский г.о., г.Ногинск, Электростальское ш. | C64: O_33_ТП-518 | D64: 0 | E64: нд | F64: 0 | G64: 0 | H64: 0 | I64: нд | J64: нд | K64: нд | L64: нд | M64: нд | N64: нд
A65: 1.2.1.1 | B65: Реконструкция трансформаторной подстанции ТП-15 с увеличением трансформаторной мощности с 2х180 на 2х630 кВА, Богородский г.о., г.Ногинск, ул.Трудовая | C65: O_34_ТП-15 | D65: 0 | E65: нд | F65: 0 | G65: 0 | H65: 0 | I65: нд | J65: нд | K65: нд | L65: нд | M65: нд | N65: нд
A66: 1.2.1.1 | B66: Реконструкция трансформаторной подстанции ТП-528 с увеличением трансформаторной мощности с 250 на 630 кВА, Богородский г.о., г.Ногинск, ул.Затишье | C66: O_35_КТП-528 | D66: 0 | E66: нд | F66: 0 | G66: 0 | H66: 0 | I66: нд | J66: нд | K66: нд | L66: нд | M66: нд | N66: нд
A67: 1.2.1.1 | B67: Реконструкция трансформаторной подстанции ТП-803 с увеличением трансформаторной мощности с 250 на 630 кВА, г.о.Электросталь, пос.Новые Дома | C67: O_36_КТП-803 | D67: 0 | E67: нд | F67: 0 | G67: 0 | H67: 0 | I67: нд | J67: нд | K67: нд | L67: нд | M67: нд | N67: нд
A68: 1.2.1.1 | B68: Реконструкция трансформаторной подстанции ТП-804 с увеличением трансформаторной мощности с 400 на 630 кВА, г.о.Электросталь, пос.Новые Дома | C68: O_37_КТП-804 | D68: 0 | E68: нд | F68: 0 | G68: 0 | H68: 0 | I68: нд | J68: нд | K68: нд | L68: нд | M68: нд | N68: нд
A69: 1.2.1.1 | B69: Реконструкция трансформаторной подстанции ТП-142 с увеличением трансформаторной мощности с 180 на 630 кВА, Богородский г.о., г.Электроугли, ул.Вокзальная | C69: O_38_КТП-142 | D69: 0 | E69: нд | F69: 0 | G69: 0 | H69: 0 | I69: нд | J69: нд | K69: нд | L69: нд | M69: нд | N69: нд
A70: 1.2.1.1 | B70: Реконструкция трансформаторной подстанции ТП-540 с увеличением трансформаторной мощности с 400 на 630 кВА, Богородский г.о., д.Пешково, ул.Гречишкина | C70: O_39_КТП-540 | D70: 0 | E70: нд | F70: 0 | G70: 0 | H70: 0 | I70: нд | J70: нд | K70: нд | L70: нд | M70: нд | N70: нд
... A83: 1.2.1.1 | B83: Реконструкция КРУН-341 с заменой (1 шт.) и увеличением кол-ва ячеек на 1шт. (до 2 шт.), Богородский г.о., пос.им.Воровского, ул.Нижняя | C83: O_52_КРУН341 | D83: 0 | E83: нд | F83: 0 | G83: 0 | H83: 0 | I83: нд | J83: нд | K83: нд | L83: нд | M83: нд | N83: нд
A84: 1.2.1.2 | B84: Модернизация, техническое перевооружение трансформаторных и иных подстанций, распределительных пунктов, всего, в том числе: | D84: 0 | E84: нд | F84: 0 | G84: 0 | H84: 0 | I84: нд | J84: нд | K84: нд | L84: нд | M84: нд | N84: нд
A85: 1.2.2. | B85: Реконструкция, модернизация, техническое перевооружение линий электропередачи, всего, в том числе: | D85: =D86+D116 -> 0 | E85: нд | F85: =F86+F116 -> 0 | G85: =G86+G116 -> 0 | H85: =H86+H116 -> 0 | I85: нд | J85: нд | K85: нд | L85: нд | M85: нд | N85: нд
A86: 1.2.2.1 | B86: Реконструкция линий электропередачи, всего, в том числе: | D86: =SUM(D87:D89) -> 0 | E86: нд | F86: =SUM(F87:F115) -> 0 | G86: =SUM(G87:G89) -> 0 | H86: =SUM(H87:H89) -> 0 | I86: нд | J86: нд | K86: нд | L86: нд | M86: нд | N86: нд
A87: 1.2.2.1 | B87: Реконструкция кабельной линии КЛ 6кВ ТП-925 - ТП-966, Богородский г.о., г.Старая Купавна (2 км) | C87: O_53_КЛ-6 ТП925-ТП966 | D87: 0 | E87: нд | F87: 0 | G87: 0 | H87: 0 | I87: нд | J87: нд | K87: нд | L87: нд | M87: нд | N87: нд
A88: 1.2.2.1 | B88: Реконструкция кабельной линии КЛ 6кВ ТП-927 - ТП-966, Богородский г.о., г.Старая Купавна (1,7 км) | C88: O_54_КЛ-6 ТП927-ТП966 | D88: 0 | E88: нд | F88: 0 | G88: 0 | H88: 0 | I88: нд | J88: нд | K88: нд | L88: нд | M88: нд | N88: нд
A89: 1.2.2.1 | B89: Реконструкция кабельной линии КЛ 6кВ ЦРП-А - ТП-917, Богородский г.о., г.Старая Купавна (1,2 км) | C89: O_55_КЛ-6 ЦРП-А-ТП917 | D89: 0 | E89: нд | F89: 0 | G89: 0 | H89: 0 | I89: нд | J89: нд | K89: нд | L89: нд | M89: нд | N89: нд
A90: 1.2.2.1 | B90: Реконструкция кабельной линии КЛ 6кВ ТП-803 - ТП-804, г.о.Электросталь, пос.Новые Дома (0,4 км) | C90: O_56_КЛ-6 ТП803-ТП804 | D90: 0 | E90: нд | F90: 0 | G90: 0 | H90: 0 | I90: нд | J90: нд | K90: нд | L90: нд | M90: нд | N90: нд
A91: 1.2.2.1 | B91: Реконструкция кабельной линии КЛ 6кВ ТП-910 - ТП-917, Богородский г.о.,г.Старая Купавна (0,9 км) | C91: O_57_КЛ-6 ТП910-ТП917 | D91: 0 | E91: нд | F91: 0 | G91: 0 | H91: 0 | I91: нд | J91: нд | K91: нд | L91: нд | M91: нд | N91: нд
A92: 1.2.2.1 | B92: Реконструкция кабельной линии КЛ 6кВ ТП-966 - ТП-967, Богородский г.о.,г.Старая Купавна (0,35 км) | C92: O_58_КЛ-6 ТП966-ТП967 | D92: 0 | E92: нд | F92: 0 | G92: 0 | H92: 0 | I92: нд | J92: нд | K92: нд | L92: нд | M92: нд | N92: нд
A93: 1.2.2.1 | B93: Реконструкция кабельной линии КЛ 6кВ ТП-540 - ТП-646, Богородский г.о., г.Ногинск, д.Пешково (1,35 км) | C93: O_59_КЛ-6 ТП540-ТП646 | D93: 0 | E93: нд | F93: 0 | G93: 0 | H93: 0 | I93: нд | J93: нд | K93: нд | L93: нд | M93: нд | N93: нд
A94: 1.2.2.1 | B94: Реконструкция кабельной линии КЛ 6кВ ТП-518 - ТП-654, Богородский г.о., г.Ногинск (0,79 км) | C94: O_60_КЛ-6 ТП518-ТП654 | D94: 0 | E94: нд | F94: 0 | G94: 0 | H94: 0 | I94: нд | J94: нд | K94: нд | L94: нд | M94: нд | N94: нд
A95: 1.2.2.1 | B95: Реконструкция кабельной линии КЛ 6кВ ТП-720 - ТП-743, Богородский г.о., г.Ногинск (0,85 км) | C95: O_61_КЛ-6 ТП720-ТП743 | D95: 0 | E95: нд | F95: 0 | G95: 0 | H95: 0 | I95: нд | J95: нд | K95: нд | L95: нд | M95: нд | N95: нд
A96: 1.2.2.1 | B96: Реконструкция кабельной линии КЛ 6кВ ТП-928 - ТП-929, Богородский г.о., г.Старая Купавна (1,31 км) | C96: O_62_КЛ-6 ТП928-ТП929 | D96: 0 | E96: нд | F96: 0 | G96: 0 | H96: 0 | I96: нд | J96: нд | K96: нд | L96: нд | M96: нд | N96: нд
A97: 1.2.2.1 | B97: Реконструкция кабельной линии КЛ 6кВ ТП-46 - ТП-514, Богородский г.о., г.Ногинск (0,69 км) | C97: O_63_КЛ-6 ТП46-ТП514 | D97: 0 | E97: нд | F97: 0 | G97: 0 | H97: 0 | I97: нд | J97: нд | K97: нд | L97: нд | M97: нд | N97: нд
A98: 1.2.2.1 | B98: Реконструкция кабельной линии КЛ 6кВ РП-561 - ТП-889, Богородский г.о., г.Ногинск (п.Красный Электрик - п.Бензоколонка) (5,2 км) | C98: O_64_КЛ-6 РП561-ТП889 | D98: 0 | E98: нд | F98: 0 | G98: 0 | H98: 0 | I98: нд | J98: нд | K98: нд | L98: нд | M98: нд | N98: нд
... A115: 1.2.2.1 | B115: Реконструкция воздушной линии ВЛ 10кВ ПС-601 (фид.302) - РП-170с, г.о.Электросталь, п.Елизаветино (3 км) | C115: P_81_ВЛ-10 ПС601 фид302-РП170с | D115: 0 | E115: нд | F115: 0 | G115: 0 | H115: 0 | I115: нд | J115: нд | K115: нд | L115: нд | M115: нд | N115: нд
A116: 1.2.2.2 | B116: Модернизация, техническое перевооружение линий электропередачи, всего, в том числе: | D116: 0 | E116: нд | F116: 0 | G116: 0 | H116: 0 | I116: нд | J116: нд | K116: нд | L116: нд | M116: нд | N116: нд
A117: 1.2.3. | B117: Развитие и модернизация учета электрической энергии (мощности), всего, в том числе: | D117: 0 | E117: нд | F117: 0 | G117: 0 | H117: 0 | I117: нд | J117: нд | K117: нд | L117: нд | M117: нд | N117: нд
A118: 1.2.3.1 | B118: "Установка приборов учета, класс напряжения 0,22 (0,4) кВ, всего, в том числе:" | D118: 0 | E118: нд | F118: 0 | G118: 0 | H118: 0 | I118: нд | J118: нд | K118: нд | L118: нд | M118: нд | N118: нд
A119: 1.2.3.2 | B119: "Установка приборов учета, класс напряжения 6 (10) кВ, всего, в том числе:" | D119: 0 | E119: нд | F119: 0 | G119: 0 | H119: 0 | I119: нд | J119: нд | K119: нд | L119: нд | M119: нд | N119: нд
A120: 1.2.3.3 | B120: "Установка приборов учета, класс напряжения 35 кВ, всего, в том числе:" | D120: 0 | E120: нд | F120: 0 | G120: 0 | H120: 0 | I120: нд | J120: нд | K120: нд | L120: нд | M120: нд | N120: нд
A121: 1.2.3.4 | B121: "Установка приборов учета, класс напряжения 110 кВ и выше, всего, в том числе:" | D121: 0 | E121: нд | F121: 0 | G121: 0 | H121: 0 | I121: нд | J121: нд | K121: нд | L121: нд | M121: нд | N121: нд
A122: 1.2.3.5 | B122: "Включение приборов учета в систему сбора и передачи данных, класс напряжения 0,22 (0,4) кВ, всего, в том числе:" | D122: 0 | E122: нд | F122: 0 | G122: 0 | H122: 0 | I122: нд | J122: нд | K122: нд | L122: нд | M122: нд | N122: нд
A123: 1.2.3.6 | B123: "Включение приборов учета в систему сбора и передачи данных, класс напряжения 6 (10) кВ, всего, в том числе:" | D123: 0 | E123: нд | F123: 0 | G123: 0 | H123: 0 | I123: нд | J123: нд | K123: нд | L123: нд | M123: нд | N123: нд
A124: 1.2.3.7 | B124: "Включение приборов учета в систему сбора и передачи данных, класс напряжения 35 кВ, всего, в том числе:" | D124: 0 | E124: нд | F124: 0 | G124: 0 | H124: 0 | I124: нд | J124: нд | K124: нд | L124: нд | M124: нд | N124: нд
A125: 1.2.3.8 | B125: "Включение приборов учета в систему сбора и передачи данных, класс напряжения 110 кВ и выше, всего, в том числе:" | D125: 0 | E125: нд | F125: 0 | G125: 0 | H125: 0 | I125: нд | J125: нд | K125: нд | L125: нд | M125: нд | N125: нд
A126: 1.2.4. | B126: Реконструкция, модернизация, техническое перевооружение прочих объектов основных средств, всего, в том числе: | D126: 0 | E126: нд | F126: 0 | G126: 0 | H126: 0 | I126: нд | J126: нд | K126: нд | L126: нд | M126: нд | N126: нд
A127: 1.2.4.1 | B127: Реконструкция прочих объектов основных средств, всего, в том числе: | D127: 0 | E127: нд | F127: 0 | G127: 0 | H127: 0 | I127: нд | J127: нд | K127: нд | L127: нд | M127: нд | N127: нд
... A134: 1.6. | B134: Прочие инвестиционные проекты, всего, в том числе: | D134: 0 | E134: нд | F134: 0 | G134: 0 | H134: 0 | I134: нд | J134: нд | K134: нд | L134: нд | M134: нд | N134: нд
